Workbook

Sheet INSTRUÇÕES
A2: INSTITUTO DE GESTÃO ESTRATÉGICA DE SAÚDE
A3: IGES-DF
A6: OBRA: REFORMA - GAMA CÂMARA MEDICINA NUCLEAR HBDF - NÃO DESONERADO - R00
A8: INSTRUÇÕES PARA O PREENCHIMENTO DA PLANILHA
A11: 1 | B11: A PLANILHA NÃO DEVE SER DESBLOQUEADA.
A13: 2 | B13: OS CABEÇALHOS ENCONTRAM-SE DESBLOQUEADOS PARA PERMITIR A TROCA DO LOGOTIPO PELO LOGOTIPO DA EMPRESA LICITANTE.
A15: 3 | B15: PARA O LICITANTE COMPOR A SUA PROPOSTA BASTA APLICAR O PERCENTUAL DE DESCONTO NO FINAL DA PLANILHA SINTÉTICA (CÉLULA VERDE). DESSA FORMA TODAS AS ABAS DA PLANILHA SÃO ATUALIZADAS AUTOMATICAMENTE.
A17: 4 | B17: (ALTERAÇÃO OPCIONAL - ABA "ANALÍTICA") NA PLANILHA ANALÍTICA O LICITANTE PODE ALTERAR OS COEFICIENTES DE TODOS OS INSUMOS QUE FAZEM PARTE DAS COMPOSIÇÕES. (COLUNA "H")
A19: 5 | B19: (ALTERAÇÃO OPCIONAL - ABA "ANALÍTICA AUXILIARES") NA PLANILHA ANALÍTICA AUXILIAR O LICITANTE PODE ALTERAR OS COEFICIENTES DE TODOS OS INSUMOS QUE FAZEM PARTE DAS COMPOSIÇÕES. (COLUNA "H")
A21: 6 | B21: (ALTERAÇÃO OPCIONAL - ABA "INSUMOS") OS VALORES UNITÁRIOS DOS INSUMOS PODEM SER ALTERADOS DE FORMA INDIVIDUAL NA ABA "INSUMOS". OS VALORES UNITÁRIOS DOS INSUMOS PODEM SER INSERIDOS SOBRE AS FÓRMULAS PRESENTES NAS CÉLULAS VERDES. (COLUNA "H")
A23: 7 | B23: (ALTERAÇÃO OPCIONAL - ABA "BDI") OS PERCENTUAIS DO BDI PODEM SER ALTERADOS NAS CÉLULAS VERDES. (COLUNA "D")
A25: 8 | B25: (ALTERAÇÃO OPCIONAL - ABA "CRONOGRAMA") OS PERCENTUAIS DO CRONOGRAMA PODEM SER ALTERADOS NAS CÉLULAS VERDES.
A27: 9 | B27: (ALTERAÇÃO OPCIONAL - ABA "LEIS SOCIAIS") CONFORME O REGIME DE TRIBUTAÇÃO DA EMPRESA OS PERCENTUAIS DAS LEIS SOCIAIS PODEM SER ALTERADOS NAS CÉLULAS VERDES. (ESSA ALTERAÇÃO NÃO MUDA O VALOR DA PROPOSTA)

Sheet SINTÉTICA
A2: =INSTRUÇÕES!A2 -> INSTITUTO DE GESTÃO ESTRATÉGICA DE SAÚDE
A3: =INSTRUÇÕES!A3 -> IGES-DF
A5: =INSTRUÇÕES!A6 -> OBRA: REFORMA - GAMA CÂMARA MEDICINA NUCLEAR HBDF - NÃO DESONERADO - R00
A6: PLANILHA SINTÉTICA (COM BDI)
M7: 13 | N7: 14 | O7: 15 | P7: 16 | Q7: 17 | R7: 18 | S7: 19 | T7: 20 | U7: 21 | V7: 22
E8: LEIS SOCIAIS NÃO DESONERADAS - REFERÊNCIA HORISTA SINAPI: LS | J8: 1.1014
E9: BENEFÍCIOS E DESPESAS INDIRETAS: BDI | J9: =BDI!D23 -> 0.2094 | M9: ITEM | N9: CÓDIGO | O9: BANCO | P9: DESCRIÇÃO | Q9: UND | R9: QUANT. | S9: VALOR UNIT SEM BDI | T9: VALOR UNIT COM BDI | U9: TOTAL COM BDI | V9: PESO (%)
D10: =E9&"-EQUIPAMENTOS" -> BENEFÍCIOS E DESPESAS INDIRETAS: BDI-EQUIPAMENTOS | J10: =BDI!D36 -> 0.1089 | M10: 01.01.1 | N10: 74209/001 | O10: =UPPER(VLOOKUP(N10,ANALÍTICA!$B:$J,2,0)) -> #N/A | P10: =UPPER(VLOOKUP(N10,ANALÍTICA!$B:$J,3,0)) -> #N/A | Q10: =UPPER(VLOOKUP(N10,ANALÍTICA!$B:$J,6,0)) -> #N/A | R10: 1.6 | S10: =VLOOKUP(N10,ANALÍTICA!$B:$J,8,0) -> #N/A | T10: =TRUNC(S10*(1+$J$9),2) -> #N/A | U10: =TRUNC(T10*R10,2) -> #N/A | V10: =U10/$I$228 -> #N/A
E11: REFERÊNCIA: SINAPI - DF - 01/22 (NÃO DESONERADA)
A12: ITEM | B12: CÓDIGO | C12: BANCO | D12: DESCRIÇÃO | E12: UND | F12: QUANT. | G12: VALOR UNIT SEM BDI | H12: VALOR UNIT COM BDI | I12: TOTAL COM BDI | J12: PESO (%)
A14: 1 | D14: GRUPO 1 - ADM OBRA | I14: =SUBTOTAL(109,I15:I35) -> 198940.46 | J14: 0.093827666 | K14: =IF(ISBLANK($A14),"",HYPERLINK("#ANALÍTICA!A"&MATCH($A14,ANALÍTICA!A:A,0),"Link")) -> Link
A15: 1.1 | D15: SERVIÇOS TÉCNICO-PROFISSIONAIS | I15: =SUBTOTAL(109,I16:I18) -> 952.56 | J15: 0.00044926247 | K15: =IF(ISBLANK($A15),"",HYPERLINK("#ANALÍTICA!A"&MATCH($A15,ANALÍTICA!A:A,0),"Link")) -> Link
A16: 1.1.1 | D16: DESPESAS LEGAIS | I16: =SUBTOTAL(109,I17:I18) -> 952.56 | J16: 0.00044926247 | K16: =IF(ISBLANK($A16),"",HYPERLINK("#ANALÍTICA!A"&MATCH($A16,ANALÍTICA!A:A,0),"Link")) -> Link
A17: 1.1.1.1 | D17: TAXAS | I17: =SUBTOTAL(109,I18) -> 952.56 | J17: 0.00044926247 | K17: =IF(ISBLANK($A17),"",HYPERLINK("#ANALÍTICA!A"&MATCH($A17,ANALÍTICA!A:A,0),"Link")) -> Link
A18: 1.1.1.1.1 | B18: IG-ART01 | C18: =UPPER(VLOOKUP(B18,ANALÍTICA!$B:$J,2,0)) -> PRÓPRIO | D18: =UPPER(VLOOKUP(B18,ANALÍTICA!$B:$J,3,0)) -> ART CREA DF 2025. REF UPACOMP347 | E18: =UPPER(VLOOKUP(B18,ANALÍTICA!$B:$J,6,0)) -> UN | F18: 3 | G18: =VLOOKUP(B18,ANALÍTICA!$B:$J,8,0) -> 262.55 | H18: =TRUNC(G18*(1+$J$9),2) -> 317.52 | I18: =TRUNC(H18*F18,2) -> 952.56 | J18: =I18/$I$228 -> 0.00044926247 | K18: =IF(ISBLANK($A18),"",HYPERLINK("#ANALÍTICA!A"&MATCH($A18,ANALÍTICA!A:A,0),"Link")) -> Link
A19: 1.2 | D19: SERVIÇOS COMPLEMENTARES | I19: =SUBTOTAL(109,I20:I26) -> 9614.35 | J19: 0.0045344824 | K19: =IF(ISBLANK($A19),"",HYPERLINK("#ANALÍTICA!A"&MATCH($A19,ANALÍTICA!A:A,0),"Link")) -> Link
A20: 1.2.1 | D20: LIMPEZA DE OBRAS | I20: =SUBTOTAL(109,I21:I24) -> 9204.85 | J20: 0.0043413471 | K20: =IF(ISBLANK($A20),"",HYPERLINK("#ANALÍTICA!A"&MATCH($A20,ANALÍTICA!A:A,0),"Link")) -> Link
A21: 1.2.1.1 | D21: CONSERVAÇÃO E LIMPEZA | I21: =SUBTOTAL(109,I22:I24) -> 9204.85 | J21: 0.0043413471 | K21: =IF(ISBLANK($A21),"",HYPERLINK("#ANALÍTICA!A"&MATCH($A21,ANALÍTICA!A:A,0),"Link")) -> Link
A22: 1.2.1.1.1 | B22: IG-LFO01 | C22: =UPPER(VLOOKUP(B22,ANALÍTICA!$B:$J,2,0)) -> PRÓPRIO | D22: =UPPER(VLOOKUP(B22,ANALÍTICA!$B:$J,3,0)) -> LIMPEZA FINAL DA OBRA. REF UPACOMP478 | E22: =UPPER(VLOOKUP(B22,ANALÍTICA!$B:$J,6,0)) -> M² | F22: 357 | G22: =VLOOKUP(B22,ANALÍTICA!$B:$J,8,0) -> 4.2 | H22: =TRUNC(G22*(1+$J$9),2) -> 5.07 | I22: =TRUNC(H22*F22,2) -> 1809.99 | J22: =I22/$I$228 -> 0.00085365811 | K22: =IF(ISBLANK($A22),"",HYPERLINK("#ANALÍTICA!A"&MATCH($A22,ANALÍTICA!A:A,0),"Link")) -> Link
A23: 1.2.1.1.2 | B23: IG-LPO01 | C23: =UPPER(VLOOKUP(B23,ANALÍTICA!$B:$J,2,0)) -> PRÓPRIO | D23: =UPPER(VLOOKUP(B23,ANALÍTICA!$B:$J,3,0)) -> LIMPEZA PERMANENTE DA OBRA. REF UPACOMP479 | E23: =UPPER(VLOOKUP(B23,ANALÍTICA!$B:$J,6,0)) -> MÊS | F23: 6 | G23: =VLOOKUP(B23,ANALÍTICA!$B:$J,8,0) -> 552.42 | H23: =TRUNC(G23*(1+$J$9),2) -> 668.09 | I23: =TRUNC(H23*F23,2) -> 4008.54 | J23: =I23/$I$228 -> 0.0018905755 | K23: =IF(ISBLANK($A23),"",HYPERLINK("#ANALÍTICA!A"&MATCH($A23,ANALÍTICA!A:A,0),"Link")) -> Link
A24: 1.2.1.1.3 | B24: IG-CE01 | C24: =UPPER(VLOOKUP(B24,ANALÍTICA!$B:$J,2,0)) -> PRÓPRIO | D24: =UPPER(VLOOKUP(B24,ANALÍTICA!$B:$J,3,0)) -> CONTAINER PARA ENTULHO INCLUINDO TAXA DE DEPOSIÇÃO FINAL. REF UPACOMP574 | E24: =UPPER(VLOOKUP(B24,ANALÍTICA!$B:$J,6,0)) -> UN | F24: 8 | G24: =VLOOKUP(B24,ANALÍTICA!$B:$J,8,0) -> 350 | H24: =TRUNC(G24*(1+$J$9),2) -> 423.29 | I24: =TRUNC(H24*F24,2) -> 3386.32 | J24: =I24/$I$228 -> 0.0015971135 | K24: =IF(ISBLANK($A24),"",HYPERLINK("#ANALÍTICA!A"&MATCH($A24,ANALÍTICA!A:A,0),"Link")) -> Link
A25: 1.2.2 | D25: COMO CONSTRUIDO (AS BUILT) | I25: =SUBTOTAL(109,I26) -> 409.5 | J25: 0.00019313532 | K25: =IF(ISBLANK($A25),"",HYPERLINK("#ANALÍTICA!A"&MATCH($A25,ANALÍTICA!A:A,0),"Link")) -> Link
A26: 1.2.2.1 | B26: IG-ABP01 | C26: =UPPER(VLOOKUP(B26,ANALÍTICA!$B:$J,2,0)) -> PRÓPRIO | D26: =UPPER(VLOOKUP(B26,ANALÍTICA!$B:$J,3,0)) -> AS BUILT, DE TODOS OS PROJETOS, (ARQUITETURA E INSTALAÇÕES). REF UPACOMP480 | E26: =UPPER(VLOOKUP(B26,ANALÍTICA!$B:$J,6,0)) -> M² | F26: 568.75 | G26: =VLOOKUP(B26,ANALÍTICA!$B:$J,8,0) -> 0.6 | H26: =TRUNC(G26*(1+$J$9),2) -> 0.72 | I26: =TRUNC(H26*F26,2) -> 409.5 | J26: =I26/$I$228 -> 0.00019313532 | K26: =IF(ISBLANK($A26),"",HYPERLINK("#ANALÍTICA!A"&MATCH($A26,ANALÍTICA!A:A,0),"Link")) -> Link
A27: 1.3 | D27: SERVIÇOS AUXILIARES E ADMINISTRATIVOS | I27: =SUBTOTAL(109,I28:I35) -> 188373.55 | J27: 0.088843921 | K27: =IF(ISBLANK($A27),"",HYPERLINK("#ANALÍTICA!A"&MATCH($A27,ANALÍTICA!A:A,0),"Link")) -> Link
A28: 1.3.1 | D28: PESSOAL | I28: =SUBTOTAL(109,I29:I30) -> 183237.4 | J28: 0.086421523 | K28: =IF(ISBLANK($A28),"",HYPERLINK("#ANALÍTICA!A"&MATCH($A28,ANALÍTICA!A:A,0),"Link")) -> Link
A29: 1.3.1.1 | D29: ADMINISTRAÇÃO LOCAL | I29: =SUBTOTAL(109,I30) -> 183237.4 | J29: 0.086421523 | K29: =IF(ISBLANK($A29),"",HYPERLINK("#ANALÍTICA!A"&MATCH($A29,ANALÍTICA!A:A,0),"Link")) -> Link
A30: 1.3.1.1.1 | B30: IG-ADM-CG | C30: =UPPER(VLOOKUP(B30,ANALÍTICA!$B:$J,2,0)) -> PRÓPRIO | D30: =UPPER(VLOOKUP(B30,ANALÍTICA!$B:$J,3,0)) -> ADMINISTRAÇÃO LOCAL DA OBRA. | E30: =UPPER(VLOOKUP(B30,ANALÍTICA!$B:$J,6,0)) -> MÊS | F30: 5 | G30: =VLOOKUP(B30,ANALÍTICA!$B:$J,8,0) -> 30302.2 | H30: =TRUNC(G30*(1+$J$9),2) -> 36647.48 | I30: =TRUNC(H30*F30,2) -> 183237.4 | J30: =I30/$I$228 -> 0.086421523 | K30: =IF(ISBLANK($A30),"",HYPERLINK("#ANALÍTICA!A"&MATCH($A30,ANALÍTICA!A:A,0),"Link")) -> Link
A31: 1.3.2 | D31: MÁQUINAS E EQUIPAMENTOS | I31: =SUBTOTAL(109,I32:I35) -> 5136.15 | J31: 0.002422398 | K31: =IF(ISBLANK($A31),"",HYPERLINK("#ANALÍTICA!A"&MATCH($A31,ANALÍTICA!A:A,0),"Link")) -> Link
A32: 1.3.2.1 | D32: DE CONSTRUÇÃO | I32: =SUBTOTAL(109,I33:I35) -> 5136.15 | J32: 0.002422398 | K32: =IF(ISBLANK($A32),"",HYPERLINK("#ANALÍTICA!A"&MATCH($A32,ANALÍTICA!A:A,0),"Link")) -> Link
A33: 1.3.2.1.1 | B33: IG-LAM | C33: =UPPER(VLOOKUP(B33,ANALÍTICA!$B:$J,2,0)) -> PRÓPRIO | D33: =UPPER(VLOOKUP(B33,ANALÍTICA!$B:$J,3,0)) -> LOCACAO DE ANDAIME METALICO TIPO FACHADEIRO, PECAS COM APROXIMADAMENTE 1,20 M DE LARGURA E 2,0 M DE ALTURA, INCLUINDO DIAGONAIS EM X, BARRAS DE LIGACAO, SAPATAS E DEMAIS ITENS NECESSARIOS A MONTAGEM (NAO INCLUI INSTALACAO). REF UPACOMP573 | E33: =UPPER(VLOOKUP(B33,ANALÍTICA!$B:$J,6,0)) -> M² | F33: 90 | G33: =VLOOKUP(B33,ANALÍTICA!$B:$J,8,0) -> 22.5 | H33: =TRUNC(G33*(1+$J$9),2) -> 27.21 | I33: =TRUNC(H33*F33,2) -> 2448.9 | J33: =I33/$I$228 -> 0.0011549917 | K33: =IF(ISBLANK($A33),"",HYPERLINK("#ANALÍTICA!A"&MATCH($A33,ANALÍTICA!A:A,0),"Link")) -> Link
A34: 1.3.2.1.2 | B34: 97063 | C34: =UPPER(VLOOKUP(B34,ANALÍTICA!$B:$J,2,0)) -> SINAPI | D34: =UPPER(VLOOKUP(B34,ANALÍTICA!$B:$J,3,0)) -> MONTAGEM E DESMONTAGEM DE ANDAIME MODULAR FACHADEIRO, COM PISO METÁLICO, PARA EDIFÍCIOS COM MULTIPLOS PAVIMENTOS (EXCLUSIVE ANDAIME E LIMPEZA). AF_03/2024 | E34: =UPPER(VLOOKUP(B34,ANALÍTICA!$B:$J,6,0)) -> M² | F34: 90 | G34: =VLOOKUP(B34,ANALÍTICA!$B:$J,8,0) -> 20.13 | H34: =TRUNC(G34*(1+$J$9),2) -> 24.34 | I34: =TRUNC(H34*F34,2) -> 2190.6 | J34: =I34/$I$228 -> 0.0010331678 | K34: =IF(ISBLANK($A34),"",HYPERLINK("#ANALÍTICA!A"&MATCH($A34,ANALÍTICA!A:A,0),"Link")) -> Link
A35: 1.3.2.1.3 | B35: IG-ECM01 | C35: =UPPER(VLOOKUP(B35,ANALÍTICA!$B:$J,2,0)) -> PRÓPRIO | D35: =UPPER(VLOOKUP(B35,ANALÍTICA!$B:$J,3,0)) -> UTILIZAÇÃO DE EQUIPE DE APOIO COM CAMINHÃO MUNK. REF CAE 508015 | E35: =UPPER(VLOOKUP(B35,ANALÍTICA!$B:$J,6,0)) -> H | F35: 15 | G35: =VLOOKUP(B35,ANALÍTICA!$B:$J,8,0) -> 27.38 | H35: =TRUNC(G35*(1+$J$9),2) -> 33.11 | I35: =TRUNC(H35*F35,2) -> 496.65 | J35: =I35/$I$228 -> 0.00023423848 | K35: =IF(ISBLANK($A35),"",HYPERLINK("#ANALÍTICA!A"&MATCH($A35,ANALÍTICA!A:A,0),"Link")) -> Link
A36: 2 | D36: GRUPO 02 - IMPLANTAÇÃO | I36: =SUBTOTAL(109,I37:I52) -> 126200.08 | J36: 0.059520617 | K36: =IF(ISBLANK($A36),"",HYPERLINK("#ANALÍTICA!A"&MATCH($A36,ANALÍTICA!A:A,0),"Link")) -> Link
A37: 2.1 | D37: SERVIÇOS PRELIMINARES | I37: =SUBTOTAL(109,I38:I47) -> 123501.7 | J37: 0.058247961 | K37: =IF(ISBLANK($A37),"",HYPERLINK("#ANALÍTICA!A"&MATCH($A37,ANALÍTICA!A:A,0),"Link")) -> Link
A38: 2.1.1 | D38: MOBILIZAÇÃO | I38: =SUBTOTAL(109,I39:I47) -> 123501.7 | J38: 0.058247961 | K38: =IF(ISBLANK($A38),"",HYPERLINK("#ANALÍTICA!A"&MATCH($A38,ANALÍTICA!A:A,0),"Link")) -> Link
A39: 2.1.1.1 | D39: CONSTRUÇÕES PROVISÓRIAS | I39: =SUBTOTAL(109,I40:I44) -> 101511.91 | J39: 0.047876765 | K39: =IF(ISBLANK($A39),"",HYPERLINK("#ANALÍTICA!A"&MATCH($A39,ANALÍTICA!A:A,0),"Link")) -> Link
A40: 2.1.1.1.1 | B40: 93207 | C40: =UPPER(VLOOKUP(B40,ANALÍTICA!$B:$J,2,0)) -> SINAPI | D40: =UPPER(VLOOKUP(B40,ANALÍTICA!$B:$J,3,0)) -> EXECUÇÃO DE ESCRITÓRIO EM CANTEIRO DE OBRA EM CHAPA DE MADEIRA COMPENSADA, NÃO INCLUSO MOBILIÁRIO E EQUIPAMENTOS. AF_02/2016 | E40: =UPPER(VLOOKUP(B40,ANALÍTICA!$B:$J,6,0)) -> M² | F40: 18 | G40: =VLOOKUP(B40,ANALÍTICA!$B:$J,8,0) -> 1072.28 | H40: =TRUNC(G40*(1+$J$9),2) -> 1296.81 | I40: =TRUNC(H40*F40,2) -> 23342.58 | J40: =I40/$I$228 -> 0.011009223 | K40: =IF(ISBLANK($A40),"",HYPERLINK("#ANALÍTICA!A"&MATCH($A40,ANALÍTICA!A:A,0),"Link")) -> Link
A41: 2.1.1.1.2 | B41: 93212 | C41: =UPPER(VLOOKUP(B41,ANALÍTICA!$B:$J,2,0)) -> SINAPI | D41: =UPPER(VLOOKUP(B41,ANALÍTICA!$B:$J,3,0)) -> EXECUÇÃO DE SANITÁRIO E VESTIÁRIO EM CANTEIRO DE OBRA EM CHAPA DE MADEIRA COMPENSADA, NÃO INCLUSO MOBILIÁRIO. AF_02/2016 | E41: =UPPER(VLOOKUP(B41,ANALÍTICA!$B:$J,6,0)) -> M² | F41: 18 | G41: =VLOOKUP(B41,ANALÍTICA!$B:$J,8,0) -> 1002.31 | H41: =TRUNC(G41*(1+$J$9),2) -> 1212.19 | I41: =TRUNC(H41*F41,2) -> 21819.42 | J41: =I41/$I$228 -> 0.010290844 | K41: =IF(ISBLANK($A41),"",HYPERLINK("#ANALÍTICA!A"&MATCH($A41,ANALÍTICA!A:A,0),"Link")) -> Link
A42: 2.1.1.1.3 | B42: 93208 | C42: =UPPER(VLOOKUP(B42,ANALÍTICA!$B:$J,2,0)) -> SINAPI | D42: =UPPER(VLOOKUP(B42,ANALÍTICA!$B:$J,3,0)) -> EXECUÇÃO DE ALMOXARIFADO EM CANTEIRO DE OBRA EM CHAPA DE MADEIRA COMPENSADA, INCLUSO PRATELEIRAS. AF_02/2016 | E42: =UPPER(VLOOKUP(B42,ANALÍTICA!$B:$J,6,0)) -> M² | F42: 8 | G42: =VLOOKUP(B42,ANALÍTICA!$B:$J,8,0) -> 851.5 | H42: =TRUNC(G42*(1+$J$9),2) -> 1029.8 | I42: =TRUNC(H42*F42,2) -> 8238.4 | J42: =I42/$I$228 -> 0.0038855336 | K42: =IF(ISBLANK($A42),"",HYPERLINK("#ANALÍTICA!A"&MATCH($A42,ANALÍTICA!A:A,0),"Link")) -> Link
A43: 2.1.1.1.4 | B43: 93584 | C43: =UPPER(VLOOKUP(B43,ANALÍTICA!$B:$J,2,0)) -> SINAPI | D43: =UPPER(VLOOKUP(B43,ANALÍTICA!$B:$J,3,0)) -> EXECUÇÃO DE DEPÓSITO EM CANTEIRO DE OBRA EM CHAPA DE MADEIRA COMPENSADA, NÃO INCLUSO MOBILIÁRIO. AF_04/2016 | E43: =UPPER(VLOOKUP(B43,ANALÍTICA!$B:$J,6,0)) -> M² | F43: 48 | G43: =VLOOKUP(B43,ANALÍTICA!$B:$J,8,0) -> 805.58 | H43: =TRUNC(G43*(1+$J$9),2) -> 974.26 | I43: =TRUNC(H43*F43,2) -> 46764.48 | J43: =I43/$I$228 -> 0.022055855 | K43: =IF(ISBLANK($A43),"",HYPERLINK("#ANALÍTICA!A"&MATCH($A43,ANALÍTICA!A:A,0),"Link")) -> Link
A44: 2.1.1.1.5 | B44: UPACOMP298 | C44: =UPPER(VLOOKUP(B44,ANALÍTICA!$B:$J,2,0)) -> PRÓPRIO | D44: =UPPER(VLOOKUP(B44,ANALÍTICA!$B:$J,3,0)) -> BAIAS EM TÁBUAS DE MADEIRA, COM 03 MÓDULOS 4,00 X 4,00M CADA, DESTINADAS AO ARMAZENAMENTO DE AGREGADOS | E44: =UPPER(VLOOKUP(B44,ANALÍTICA!$B:$J,6,0)) -> UN | F44: 3 | G44: =VLOOKUP(B44,ANALÍTICA!$B:$J,8,0) -> 371.27 | H44: =TRUNC(G44*(1+$J$9),2) -> 449.01 | I44: =TRUNC(H44*F44,2) -> 1347.03 | J44: =I44/$I$228 -> 0.00063530908 | K44: =IF(ISBLANK($A44),"",HYPERLINK("#ANALÍTICA!A"&MATCH($A44,ANALÍTICA!A:A,0),"Link")) -> Link
A45: 2.1.1.2 | D45: PROTEÇÃO E SINALIZAÇÃO | I45: =SUBTOTAL(109,I46:I47) -> 21989.79 | J45: 0.010371197 | K45: =IF(ISBLANK($A45),"",HYPERLINK("#ANALÍTICA!A"&MATCH($A45,ANALÍTICA!A:A,0),"Link")) -> Link
A46: 2.1.1.2.1 | B46: UPACOMP304 | C46: =UPPER(VLOOKUP(B46,ANALÍTICA!$B:$J,2,0)) -> PRÓPRIO | D46: =UPPER(VLOOKUP(B46,ANALÍTICA!$B:$J,3,0)) -> PLACA DE OBRA EM CHAPA DE ACO GALVANIZADO ADESIVADA - FORNECIMENTO E INSTALAÇÃO | E46: =UPPER(VLOOKUP(B46,ANALÍTICA!$B:$J,6,0)) -> M² | F46: 2.1 | G46: =VLOOKUP(B46,ANALÍTICA!$B:$J,8,0) -> 522.89 | H46: =TRUNC(G46*(1+$J$9),2) -> 632.38 | I46: =TRUNC(H46*F46,2) -> 1327.99 | J46: =I46/$I$228 -> 0.00062632911 | K46: =IF(ISBLANK($A46),"",HYPERLINK("#ANALÍTICA!A"&MATCH($A46,ANALÍTICA!A:A,0),"Link")) -> Link
A47: 2.1.1.2.2 | B47: 98457 | C47: =UPPER(VLOOKUP(B47,ANALÍTICA!$B:$J,2,0)) -> SINAPI | D47: =UPPER(VLOOKUP(B47,ANALÍTICA!$B:$J,3,0)) -> TAPUME COM CHAPA METÁLICA. AF_03/2024 | E47: =UPPER(VLOOKUP(B47,ANALÍTICA!$B:$J,6,0)) -> M² | F47: 170 | G47: =VLOOKUP(B47,ANALÍTICA!$B:$J,8,0) -> 100.5 | H47: =TRUNC(G47*(1+$J$9),2) -> 121.54 | I47: =TRUNC(H47*F47,2) -> 20661.8 | J47: =I47/$I$228 -> 0.0097448677 | K47: =IF(ISBLANK($A47),"",HYPERLINK("#ANALÍTICA!A"&MATCH($A47,ANALÍTICA!A:A,0),"Link")) -> Link
A48: 2.2 | D48: DESMOBILIZAÇÃO | I48: =SUBTOTAL(109,I49:I52) -> 2698.38 | J48: 0.0012726556 | K48: =IF(ISBLANK($A48),"",HYPERLINK("#ANALÍTICA!A"&MATCH($A48,ANALÍTICA!A:A,0),"Link")) -> #N/A
A49: 2.2.1 | D49: DEMOLIÇÃO | I49: =SUBTOTAL(109,I50:I52) -> 2698.38 | J49: 0.0012726556 | K49: =IF(ISBLANK($A49),"",HYPERLINK("#ANALÍTICA!A"&MATCH($A49,ANALÍTICA!A:A,0),"Link")) -> #N/A
A50: 2.2.1.1 | B50: 97637 | C50: =UPPER(VLOOKUP(B50,ANALÍTICA!$B:$J,2,0)) -> SINAPI | D50: =UPPER(VLOOKUP(B50,ANALÍTICA!$B:$J,3,0)) -> REMOÇÃO DE TAPUME/ CHAPAS METÁLICAS E DE MADEIRA, DE FORMA MANUAL, SEM REAPROVEITAMENTO. AF_09/2023 | E50: =UPPER(VLOOKUP(B50,ANALÍTICA!$B:$J,6,0)) -> M² | F50: 170 | G50: =VLOOKUP(B50,ANALÍTICA!$B:$J,8,0) -> 3.29 | H50: =TRUNC(G50*(1+$J$9),2) -> 3.97 | I50: =TRUNC(H50*F50,2) -> 674.9 | J50: =I50/$I$228 -> 0.00031830776 | K50: =IF(ISBLANK($A50),"",HYPERLINK("#ANALÍTICA!A"&MATCH($A50,ANALÍTICA!A:A,0),"Link")) -> #N/A
A51: 2.2.1.2 | B51: UPACOMP307 | C51: =UPPER(VLOOKUP(B51,ANALÍTICA!$B:$J,2,0)) -> PRÓPRIO | D51: =UPPER(VLOOKUP(B51,ANALÍTICA!$B:$J,3,0)) -> DEMOLIÇÃO MANUAL DE CONSTRUÇÕES PROVISÓRIAS DE MADEIRA - SEM REAPROVEITAMENTO | E51: =UPPER(VLOOKUP(B51,ANALÍTICA!$B:$J,6,0)) -> M² | F51: 92 | G51: =VLOOKUP(B51,ANALÍTICA!$B:$J,8,0) -> 16.53 | H51: =TRUNC(G51*(1+$J$9),2) -> 19.99 | I51: =TRUNC(H51*F51,2) -> 1839.08 | J51: =I51/$I$228 -> 0.00086737803 | K51: =IF(ISBLANK($A51),"",HYPERLINK("#ANALÍTICA!A"&MATCH($A51,ANALÍTICA!A:A,0),"Link")) -> #N/A
A52: 2.2.1.3 | B52: UPACOMP308 | C52: =UPPER(VLOOKUP(B52,ANALÍTICA!$B:$J,2,0)) -> PRÓPRIO | D52: =UPPER(VLOOKUP(B52,ANALÍTICA!$B:$J,3,0)) -> DISPOSIÇÃO FINAL DE RESÍDUOS SEGREGADOS DE CONSTRUÇÃO CIVIL | E52: =UPPER(VLOOKUP(B52,ANALÍTICA!$B:$J,6,0)) -> T | F52: 10 | G52: =VLOOKUP(B52,ANALÍTICA!$B:$J,8,0) -> 15.25 | H52: =TRUNC(G52*(1+$J$9),2) -> 18.44 | I52: =TRUNC(H52*F52,2) -> 184.4 | J52: =I52/$I$228 -> 8.6969848e-05 | K52: =IF(ISBLANK($A52),"",HYPERLINK("#ANALÍTICA!A"&MATCH($A52,ANALÍTICA!A:A,0),"Link")) -> #N/A
A53: 3 | D53: GRUPO 03 - REFORMA DA EDIFICAÇÃO | H53: 1795134.5 | I53: =SUBTOTAL(109,I54:I222) -> 1795134.5 | J53: 0.84665172 | K53: =IF(ISBLANK($A53),"",HYPERLINK("#ANALÍTICA!A"&MATCH($A53,ANALÍTICA!A:A,0),"Link")) -> Link
A54: 3.1 | D54: SERVIÇOS PRELIMINARES | H54: 18312.55 | I54: =SUBTOTAL(109,I55:I65) -> 18312.55 | J54: 0.0086368747 | K54: =IF(ISBLANK($A54),"",HYPERLINK("#ANALÍTICA!A"&MATCH($A54,ANALÍTICA!A:A,0),"Link")) -> Link
A55: 3.1.1 | D55: DEMOLIÇÃO | H55: 18312.55 | I55: =SUBTOTAL(109,I56:I65) -> 18312.55 | J55: 0.0086368747 | K55: =IF(ISBLANK($A55),"",HYPERLINK("#ANALÍTICA!A"&MATCH($A55,ANALÍTICA!A:A,0),"Link")) -> Link
A56: 3.1.1.1 | D56: VEDAÇÕES | H56: 523.42 | I56: =SUBTOTAL(109,I57:I58) -> 523.42 | J56: 0.0002468642 | K56: =IF(ISBLANK($A56),"",HYPERLINK("#ANALÍTICA!A"&MATCH($A56,ANALÍTICA!A:A,0),"Link")) -> Link
A57: 3.1.1.1.1 | B57: IG-REM-ACM | C57: =UPPER(VLOOKUP(B57,ANALÍTICA!$B:$J,2,0)) -> PRÓPRIO | D57: =UPPER(VLOOKUP(B57,ANALÍTICA!$B:$J,3,0)) -> REMOÇÃO DE ACM AZUL EXISTENTE | E57: =UPPER(VLOOKUP(B57,ANALÍTICA!$B:$J,6,0)) -> M² | F57: 26 | G57: =VLOOKUP(B57,ANALÍTICA!$B:$J,8,0) -> 12.25 | H57: =TRUNC(G57*(1+$J$9),2) -> 14.81 | I57: =TRUNC(H57*F57,2) -> 385.06 | J57: =I57/$I$228 -> 0.00018160851 | K57: =IF(ISBLANK($A57),"",HYPERLINK("#ANALÍTICA!A"&MATCH($A57,ANALÍTICA!A:A,0),"Link")) -> Link
A58: 3.1.1.1.2 | B58: 90447 | C58: =UPPER(VLOOKUP(B58,ANALÍTICA!$B:$J,2,0)) -> SINAPI | D58: =UPPER(VLOOKUP(B58,ANALÍTICA!$B:$J,3,0)) -> RASGO LINEAR MANUAL EM ALVENARIA, PARA ELETRODUTOS, DIÂMETROS MENORES OU IGUAIS A 40 MM. AF_09/2023 | E58: =UPPER(VLOOKUP(B58,ANALÍTICA!$B:$J,6,0)) -> M | F58: 12 | G58: =VLOOKUP(B58,ANALÍTICA!$B:$J,8,0) -> 9.54 | H58: =TRUNC(G58*(1+$J$9),2) -> 11.53 | I58: =TRUNC(H58*F58,2) -> 138.36 | J58: =I58/$I$228 -> 6.5255684e-05 | K58: =IF(ISBLANK($A58),"",HYPERLINK("#ANALÍTICA!A"&MATCH($A58,ANALÍTICA!A:A,0),"Link")) -> Link
A59: 3.1.1.2 | D59: PISOS | H59: 14814.18 | I59: =SUBTOTAL(109,I60:I62) -> 14814.18 | J59: 0.0069869142 | K59: =IF(ISBLANK($A59),"",HYPERLINK("#ANALÍTICA!A"&MATCH($A59,ANALÍTICA!A:A,0),"Link")) -> Link
A60: 3.1.1.2.1 | B60: 97633 | C60: =UPPER(VLOOKUP(B60,ANALÍTICA!$B:$J,2,0)) -> SINAPI | D60: =UPPER(VLOOKUP(B60,ANALÍTICA!$B:$J,3,0)) -> DEMOLIÇÃO DE REVESTIMENTO CERÂMICO, DE FORMA MANUAL, SEM REAPROVEITAMENTO. AF_09/2023 | E60: =UPPER(VLOOKUP(B60,ANALÍTICA!$B:$J,6,0)) -> M² | F60: 398 | G60: =VLOOKUP(B60,ANALÍTICA!$B:$J,8,0) -> 26.95 | H60: =TRUNC(G60*(1+$J$9),2) -> 32.59 | I60: =TRUNC(H60*F60,2) -> 12970.82 | J60: =I60/$I$228 -> 0.0061175176 | K60: =IF(ISBLANK($A60),"",HYPERLINK("#ANALÍTICA!A"&MATCH($A60,ANALÍTICA!A:A,0),"Link")) -> Link
A61: 3.1.1.2.2 | B61: 104789 | C61: =UPPER(VLOOKUP(B61,ANALÍTICA!$B:$J,2,0)) -> SINAPI | D61: =UPPER(VLOOKUP(B61,ANALÍTICA!$B:$J,3,0)) -> DEMOLIÇÃO DE PISO DE CONCRETO SIMPLES, DE FORMA MANUAL, SEM REAPROVEITAMENTO. AF_09/2023 | E61: =UPPER(VLOOKUP(B61,ANALÍTICA!$B:$J,6,0)) -> M³ | F61: 2 | G61: =VLOOKUP(B61,ANALÍTICA!$B:$J,8,0) -> 234.93 | H61: =TRUNC(G61*(1+$J$9),2) -> 284.12 | I61: =TRUNC(H61*F61,2) -> 568.24 | J61: =I61/$I$228 -> 0.00026800296 | K61: =IF(ISBLANK($A61),"",HYPERLINK("#ANALÍTICA!A"&MATCH($A61,ANALÍTICA!A:A,0),"Link")) -> Link
A62: 3.1.1.2.3 | B62: IG-DPE | C62: =UPPER(VLOOKUP(B62,ANALÍTICA!$B:$J,2,0)) -> PRÓPRIO | D62: =UPPER(VLOOKUP(B62,ANALÍTICA!$B:$J,3,0)) -> DEMOLICAO DO PISO EXISTENTE. REF SIN 73801/001 | E62: =UPPER(VLOOKUP(B62,ANALÍTICA!$B:$J,6,0)) -> M² | F62: 28 | G62: =VLOOKUP(B62,ANALÍTICA!$B:$J,8,0) -> 37.66 | H62: =TRUNC(G62*(1+$J$9),2) -> 45.54 | I62: =TRUNC(H62*F62,2) -> 1275.12 | J62: =I62/$I$228 -> 0.00060139367 | K62: =IF(ISBLANK($A62),"",HYPERLINK("#ANALÍTICA!A"&MATCH($A62,ANALÍTICA!A:A,0),"Link")) -> Link
A63: 3.1.1.3 | D63: COBERTURAS | H63: 2974.95 | I63: =SUBTOTAL(109,I64:I65) -> 2974.95 | J63: 0.0014030963 | K63: =IF(ISBLANK($A63),"",HYPERLINK("#ANALÍTICA!A"&MATCH($A63,ANALÍTICA!A:A,0),"Link")) -> Link
A64: 3.1.1.3.1 | B64: 97628 | C64: =UPPER(VLOOKUP(B64,ANALÍTICA!$B:$J,2,0)) -> SINAPI | D64: =UPPER(VLOOKUP(B64,ANALÍTICA!$B:$J,3,0)) -> ABERTURA DE LAJES, EM CONCRETO ARMADO, DE FORMA MANUAL, SEM REAPROVEITAMENTO. AF_09/2023 | E64: =UPPER(VLOOKUP(B64,ANALÍTICA!$B:$J,6,0)) -> M³ | F64: 2 | G64: =VLOOKUP(B64,ANALÍTICA!$B:$J,8,0) -> 312.44 | H64: =TRUNC(G64*(1+$J$9),2) -> 377.86 | I64: =TRUNC(H64*F64,2) -> 755.72 | J64: =I64/$I$228 -> 0.00035642545 | K64: =IF(ISBLANK($A64),"",HYPERLINK("#ANALÍTICA!A"&MATCH($A64,ANALÍTICA!A:A,0),"Link")) -> Link
A65: 3.1.1.3.2 | B65: 97641 | C65: =UPPER(VLOOKUP(B65,ANALÍTICA!$B:$J,2,0)) -> SINAPI | D65: =UPPER(VLOOKUP(B65,ANALÍTICA!$B:$J,3,0)) -> REMOÇÃO DE FORRO DE GESSO, DE FORMA MANUAL, SEM REAPROVEITAMENTO. AF_09/2023 | E65: =UPPER(VLOOKUP(B65,ANALÍTICA!$B:$J,6,0)) -> M² | F65: 529.65 | G65: =VLOOKUP(B65,ANALÍTICA!$B:$J,8,0) -> 3.47 | H65: =TRUNC(G65*(1+$J$9),2) -> 4.19 | I65: =TRUNC(H65*F65,2) -> 2219.23 | J65: =I65/$I$228 -> 0.0010466708 | K65: =IF(ISBLANK($A65),"",HYPERLINK("#ANALÍTICA!A"&MATCH($A65,ANALÍTICA!A:A,0),"Link")) -> Link
A66: 3.2 | D66: FUNDAÇÕES E ESTRUTURAS | H66: 437671.21 | I66: =SUBTOTAL(109,I67:I71) -> 437671.21 | J66: 0.2064219 | K66: =IF(ISBLANK($A66),"",HYPERLINK("#ANALÍTICA!A"&MATCH($A66,ANALÍTICA!A:A,0),"Link")) -> Link
A67: 3.2.1 | D67: ESTRUTURAS METÁLICAS | H67: 437671.21 | I67: =SUBTOTAL(109,I68:I71) -> 437671.21 | J67: 0.2064219 | K67: =IF(ISBLANK($A67),"",HYPERLINK("#ANALÍTICA!A"&MATCH($A67,ANALÍTICA!A:A,0),"Link")) -> Link
A68: 3.2.1.1 | D68: ESTRUTURA DO TELHADO | H68: 437671.21 | I68: =SUBTOTAL(109,I69:I71) -> 437671.21 | J68: 0.2064219 | K68: =IF(ISBLANK($A68),"",HYPERLINK("#ANALÍTICA!A"&MATCH($A68,ANALÍTICA!A:A,0),"Link")) -> Link
A69: 3.2.1.1.1 | B69: IG-EST-MET-KG | C69: =UPPER(VLOOKUP(B69,ANALÍTICA!$B:$J,2,0)) -> PRÓPRIO | D69: =UPPER(VLOOKUP(B69,ANALÍTICA!$B:$J,3,0)) -> ESTRUTURA METÁLICA EM PERFIS METÁLICOS - FORNECIMENTO E INSTALAÇÃO | E69: =UPPER(VLOOKUP(B69,ANALÍTICA!$B:$J,6,0)) -> KG | F69: 7444.52 | G69: =VLOOKUP(B69,ANALÍTICA!$B:$J,8,0) -> 34.87 | H69: =TRUNC(G69*(1+$J$9),2) -> 42.17 | I69: =TRUNC(H69*F69,2) -> 313935.4 | J69: =I69/$I$228 -> 0.14806353 | K69: =IF(ISBLANK($A69),"",HYPERLINK("#ANALÍTICA!A"&MATCH($A69,ANALÍTICA!A:A,0),"Link")) -> #N/A
A70: 3.2.1.1.2 | B70: 73924/002 | C70: =UPPER(VLOOKUP(B70,ANALÍTICA!$B:$J,2,0)) -> SINAPI | D70: =UPPER(VLOOKUP(B70,ANALÍTICA!$B:$J,3,0)) -> PINTURA ESMALTE ACETINADO, DUAS DEMAOS, SOBRE SUPERFICIE METALICA | E70: =UPPER(VLOOKUP(B70,ANALÍTICA!$B:$J,6,0)) -> M² | F70: 577 | G70: =VLOOKUP(B70,ANALÍTICA!$B:$J,8,0) -> 41 | H70: =TRUNC(G70*(1+$J$9),2) -> 49.58 | I70: =TRUNC(H70*F70,2) -> 28607.66 | J70: =I70/$I$228 -> 0.013492429 | K70: =IF(ISBLANK($A70),"",HYPERLINK("#ANALÍTICA!A"&MATCH($A70,ANALÍTICA!A:A,0),"Link")) -> #N/A
A71: 3.2.1.1.3 | B71: IG-REV-ACM | C71: =UPPER(VLOOKUP(B71,ANALÍTICA!$B:$J,2,0)) -> PRÓPRIO | D71: =UPPER(VLOOKUP(B71,ANALÍTICA!$B:$J,3,0)) -> REVESTIMENTO EM ACM | E71: =UPPER(VLOOKUP(B71,ANALÍTICA!$B:$J,6,0)) -> M² | F71: 85.5 | G71: =VLOOKUP(B71,ANALÍTICA!$B:$J,8,0) -> 919.97 | H71: =TRUNC(G71*(1+$J$9),2) -> 1112.61 | I71: =TRUNC(H71*F71,2) -> 95128.15 | J71: =I71/$I$228 -> 0.044865948 | K71: =IF(ISBLANK($A71),"",HYPERLINK("#ANALÍTICA!A"&MATCH($A71,ANALÍTICA!A:A,0),"Link")) -> #N/A
A72: 3.3 | D72: ARQUITETURA E ELEMENTOS DE URBANISMO | H72: 665277.27 | I72: =SUBTOTAL(109,I73:I113) -> 665277.27 | J72: 0.31376932 | K72: =IF(ISBLANK($A72),"",HYPERLINK("#ANALÍTICA!A"&MATCH($A72,ANALÍTICA!A:A,0),"Link")) -> Link
A73: 3.3.1 | D73: ARQUITETURA | H73: 665277.27 | I73: =SUBTOTAL(109,I74:I113) -> 665277.27 | J73: 0.31376932 | K73: =IF(ISBLANK($A73),"",HYPERLINK("#ANALÍTICA!A"&MATCH($A73,ANALÍTICA!A:A,0),"Link")) -> Link
A74: 3.3.1.1 | D74: PAREDES | H74: 93651.18 | I74: =SUBTOTAL(109,I75:I79) -> 93651.18 | J74: 0.044169354 | K74: =IF(ISBLANK($A74),"",HYPERLINK("#ANALÍTICA!A"&MATCH($A74,ANALÍTICA!A:A,0),"Link")) -> Link
A75: 3.3.1.1.1 | D75: DE ALVENARIA DE BLOCOS CERÂMICOS | H75: 93651.18 | I75: =SUBTOTAL(109,I76:I79) -> 93651.18 | J75: 0.044169354 | K75: =IF(ISBLANK($A75),"",HYPERLINK("#ANALÍTICA!A"&MATCH($A75,ANALÍTICA!A:A,0),"Link")) -> Link
A76: 3.3.1.1.1.1 | B76: IG-PLA-CIM-10CN | C76: =UPPER(VLOOKUP(B76,ANALÍTICA!$B:$J,2,0)) -> PRÓPRIO | D76: =UPPER(VLOOKUP(B76,ANALÍTICA!$B:$J,3,0)) -> FECHAMENTO EM PLACA CIMENTÍCIA COM ESPESSURA DE 12 MM | E76: =UPPER(VLOOKUP(B76,ANALÍTICA!$B:$J,6,0)) -> M² | F76: 265.2 | G76: =VLOOKUP(B76,ANALÍTICA!$B:$J,8,0) -> 247.32 | H76: =TRUNC(G76*(1+$J$9),2) -> 299.1 | I76: =TRUNC(H76*F76,2) -> 79321.32 | J76: =I76/$I$228 -> 0.037410863 | K76: =IF(ISBLANK($A76),"",HYPERLINK("#ANALÍTICA!A"&MATCH($A76,ANALÍTICA!A:A,0),"Link")) -> Link
A77: 3.3.1.1.1.2 | B77: 103324 | C77: =UPPER(VLOOKUP(B77,ANALÍTICA!$B:$J,2,0)) -> SINAPI | D77: =UPPER(VLOOKUP(B77,ANALÍTICA!$B:$J,3,0)) -> ALVENARIA DE VEDAÇÃO DE BLOCOS CERÂMICOS FURADOS NA VERTICAL DE 14X19X39 CM (ESPESSURA 14 CM) E ARGAMASSA DE ASSENTAMENTO COM PREPARO EM BETONEIRA. AF_12/2021 | E77: =UPPER(VLOOKUP(B77,ANALÍTICA!$B:$J,6,0)) -> M² | F77: 100 | G77: =VLOOKUP(B77,ANALÍTICA!$B:$J,8,0) -> 96.67 | H77: =TRUNC(G77*(1+$J$9),2) -> 116.91 | I77: =TRUNC(H77*F77,2) -> 11691 | J77: =I77/$I$228 -> 0.0055139072 | K77: =IF(ISBLANK($A77),"",HYPERLINK("#ANALÍTICA!A"&MATCH($A77,ANALÍTICA!A:A,0),"Link")) -> Link
A78: 3.3.1.1.1.3 | B78: 90279 | C78: =UPPER(VLOOKUP(B78,ANALÍTICA!$B:$J,2,0)) -> SINAPI | D78: =UPPER(VLOOKUP(B78,ANALÍTICA!$B:$J,3,0)) -> GRAUTE FGK=20 MPA; TRAÇO 1:0,04:1,8:2,1 (EM MASSA SECA DE CIMENTO/ CAL/ AREIA GROSSA/ BRITA 0) - PREPARO MECÂNICO COM BETONEIRA 400 L. AF_09/2021 | E78: =UPPER(VLOOKUP(B78,ANALÍTICA!$B:$J,6,0)) -> M³ | F78: 1.5 | G78: =VLOOKUP(B78,ANALÍTICA!$B:$J,8,0) -> 680.13 | H78: =TRUNC(G78*(1+$J$9),2) -> 822.54 | I78: =TRUNC(H78*F78,2) -> 1233.81 | J78: =I78/$I$228 -> 0.00058191035 | K78: =IF(ISBLANK($A78),"",HYPERLINK("#ANALÍTICA!A"&MATCH($A78,ANALÍTICA!A:A,0),"Link")) -> Link
A79: 3.3.1.1.1.4 | B79: 92884 | C79: =UPPER(VLOOKUP(B79,ANALÍTICA!$B:$J,2,0)) -> SINAPI | D79: =UPPER(VLOOKUP(B79,ANALÍTICA!$B:$J,3,0)) -> ARMAÇÃO PILAR UTILIZANDO AÇO CA-25 DE 10,0 MM | E79: =UPPER(VLOOKUP(B79,ANALÍTICA!$B:$J,6,0)) -> KG | F79: 95 | G79: =VLOOKUP(B79,ANALÍTICA!$B:$J,8,0) -> 12.23 | H79: =TRUNC(G79*(1+$J$9),2) -> 14.79 | I79: =TRUNC(H79*F79,2) -> 1405.05 | J79: =I79/$I$228 -> 0.00066267346 | K79: =IF(ISBLANK($A79),"",HYPERLINK("#ANALÍTICA!A"&MATCH($A79,ANALÍTICA!A:A,0),"Link")) -> Link
A80: 3.3.1.2 | D80: ESQUADRIAS | H80: 12533.74 | I80: =SUBTOTAL(109,I81:I84) -> 12533.74 | J80: 0.0059113745 | K80: =IF(ISBLANK($A80),"",HYPERLINK("#ANALÍTICA!A"&MATCH($A80,ANALÍTICA!A:A,0),"Link")) -> Link
A81: 3.3.1.2.1 | D81: JANELAS | H81: 9955.2 | I81: =SUBTOTAL(109,I82) -> 9955.2 | J81: 0.0046952399 | K81: =IF(ISBLANK($A81),"",HYPERLINK("#ANALÍTICA!A"&MATCH($A81,ANALÍTICA!A:A,0),"Link")) -> Link
A82: 3.3.1.2.1.1 | B82: IG-JN-VZ-120X60 | C82: =UPPER(VLOOKUP(B82,ANALÍTICA!$B:$J,2,0)) -> PRÓPRIO | D82: =UPPER(VLOOKUP(B82,ANALÍTICA!$B:$J,3,0)) -> JANELA EM ALUMÍNIO VENEZIANA 120X60 | E82: =UPPER(VLOOKUP(B82,ANALÍTICA!$B:$J,6,0)) -> UN | F82: 16 | G82: =VLOOKUP(B82,ANALÍTICA!$B:$J,8,0) -> 514.47 | H82: =TRUNC(G82*(1+$J$9),2) -> 622.2 | I82: =TRUNC(H82*F82,2) -> 9955.2 | J82: =I82/$I$228 -> 0.0046952399 | K82: =IF(ISBLANK($A82),"",HYPERLINK("#ANALÍTICA!A"&MATCH($A82,ANALÍTICA!A:A,0),"Link")) -> Link
A83: 3.3.1.2.2 | D83: PORTA DE MADEIRA COMPENSADA | H83: 2578.54 | I83: =SUBTOTAL(109,I84) -> 2578.54 | J83: 0.0012161347 | K83: =IF(ISBLANK($A83),"",HYPERLINK("#ANALÍTICA!A"&MATCH($A83,ANALÍTICA!A:A,0),"Link")) -> Link
A84: 3.3.1.2.2.1 | B84: IG-PT-VN-160 | C84: =UPPER(VLOOKUP(B84,ANALÍTICA!$B:$J,2,0)) -> PRÓPRIO | D84: =UPPER(VLOOKUP(B84,ANALÍTICA!$B:$J,3,0)) -> PORTA DE ABRIR | 02 FOLHAS | SEM BANDEIRA | EM ALUMÍNIO VENEZIANA - 200X160 | E84: =UPPER(VLOOKUP(B84,ANALÍTICA!$B:$J,6,0)) -> UN | F84: 1 | G84: =VLOOKUP(B84,ANALÍTICA!$B:$J,8,0) -> 2132.09 | H84: =TRUNC(G84*(1+$J$9),2) -> 2578.54 | I84: =TRUNC(H84*F84,2) -> 2578.54 | J84: =I84/$I$228 -> 0.0012161347 | K84: =IF(ISBLANK($A84),"",HYPERLINK("#ANALÍTICA!A"&MATCH($A84,ANALÍTICA!A:A,0),"Link")) -> Link
A85: 3.3.1.3 | D85: COBERTURA E FECHAMENTO LATERAL | H85: 111158.65 | I85: =SUBTOTAL(109,I86:I88) -> 111158.65 | J85: 0.052426523 | K85: =IF(ISBLANK($A85),"",HYPERLINK("#ANALÍTICA!A"&MATCH($A85,ANALÍTICA!A:A,0),"Link")) -> Link
A86: 3.3.1.3.1 | B86: IG-C02 | C86: =UPPER(VLOOKUP(B86,ANALÍTICA!$B:$J,2,0)) -> PRÓPRIO | D86: =UPPER(VLOOKUP(B86,ANALÍTICA!$B:$J,3,0)) -> TELHA TÉRMICA, TIPO "SANDUICHE" + CUMEEIRA E RUFO, TRAPEIZOIDAL EM AÇO #0,50, COR. BRANCO, 3 DEMÃOS. REF UPACOMP016 | E86: =UPPER(VLOOKUP(B86,ANALÍTICA!$B:$J,6,0)) -> M² | F86: 227.49 | G86: =VLOOKUP(B86,ANALÍTICA!$B:$J,8,0) -> 344.04 | H86: =TRUNC(G86*(1+$J$9),2) -> 416.08 | I86: =TRUNC(H86*F86,2) -> 94654.03 | J86: =I86/$I$228 -> 0.044642335 | K86: =IF(ISBLANK($A86),"",HYPERLINK("#ANALÍTICA!A"&MATCH($A86,ANALÍTICA!A:A,0),"Link")) -> Link
A87: 3.3.1.3.2 | B87: 94229 | C87: =UPPER(VLOOKUP(B87,ANALÍTICA!$B:$J,2,0)) -> SINAPI | D87: =UPPER(VLOOKUP(B87,ANALÍTICA!$B:$J,3,0)) -> CALHA EM CHAPA DE AÇO GALVANIZADO NÚMERO 24, DESENVOLVIMENTO DE 100 CM, INCLUSO TRANSPORTE VERTICAL. AF_07/2019 | E87: =UPPER(VLOOKUP(B87,ANALÍTICA!$B:$J,6,0)) -> M | F87: 59.3 | G87: =VLOOKUP(B87,ANALÍTICA!$B:$J,8,0) -> 172.23 | H87: =TRUNC(G87*(1+$J$9),2) -> 208.29 | I87: =TRUNC(H87*F87,2) -> 12351.59 | J87: =I87/$I$228 -> 0.0058254659 | K87: =IF(ISBLANK($A87),"",HYPERLINK("#ANALÍTICA!A"&MATCH($A87,ANALÍTICA!A:A,0),"Link")) -> Link
A88: 3.3.1.3.3 | B88: 101979 | C88: =UPPER(VLOOKUP(B88,ANALÍTICA!$B:$J,2,0)) -> SINAPI | D88: =UPPER(VLOOKUP(B88,ANALÍTICA!$B:$J,3,0)) -> CHAPIM (RUFO CAPA) EM AÇO GALVANIZADO, CORTE 33. AF_11/2020 | E88: =UPPER(VLOOKUP(B88,ANALÍTICA!$B:$J,6,0)) -> M | F88: 79.56 | G88: =VLOOKUP(B88,ANALÍTICA!$B:$J,8,0) -> 43.17 | H88: =TRUNC(G88*(1+$J$9),2) -> 52.2 | I88: =TRUNC(H88*F88,2) -> 4153.03 | J88: =I88/$I$228 -> 0.0019587223 | K88: =IF(ISBLANK($A88),"",HYPERLINK("#ANALÍTICA!A"&MATCH($A88,ANALÍTICA!A:A,0),"Link")) -> Link
A89: 3.3.1.4 | D89: REVESTIMENTOS | H89: 170506.69 | I89: =SUBTOTAL(109,I90:I94) -> 170506.69 | J89: 0.08041725 | K89: =IF(ISBLANK($A89),"",HYPERLINK("#ANALÍTICA!A"&MATCH($A89,ANALÍTICA!A:A,0),"Link")) -> Link
A90: 3.3.1.4.1 | D90: REVESTIMENTOS DE PISOS | H90: 3244.05 | I90: =SUBTOTAL(109,I91) -> 3244.05 | J90: 0.0015300138 | K90: =IF(ISBLANK($A90),"",HYPERLINK("#ANALÍTICA!A"&MATCH($A90,ANALÍTICA!A:A,0),"Link")) -> Link
A91: 3.3.1.4.1.1 | B91: 104162 | C91: =UPPER(VLOOKUP(B91,ANALÍTICA!$B:$J,2,0)) -> SINAPI | D91: =UPPER(VLOOKUP(B91,ANALÍTICA!$B:$J,3,0)) -> PISO EM GRANITINA IMPERMEABILIZADA | TAMANHO PAINÉIS 100X100CM | COR CINZA E BRANCO | ACABAMENTO POLIDO | ALTO TRÁFEGO PERFILADO NA COR BRANCA - FORNECIMENTO E INSTALAÇÃO | E91: =UPPER(VLOOKUP(B91,ANALÍTICA!$B:$J,6,0)) -> M² | F91: 27 | G91: =VLOOKUP(B91,ANALÍTICA!$B:$J,8,0) -> 99.35 | H91: =TRUNC(G91*(1+$J$9),2) -> 120.15 | I91: =TRUNC(H91*F91,2) -> 3244.05 | J91: =I91/$I$228 -> 0.0015300138 | K91: =IF(ISBLANK($A91),"",HYPERLINK("#ANALÍTICA!A"&MATCH($A91,ANALÍTICA!A:A,0),"Link")) -> Link
A92: 3.3.1.4.2 | D92: REVESTIMENTOS DE PAREDES | H92: 167262.64 | I92: =SUBTOTAL(109,I93:I94) -> 167262.64 | J92: 0.078887236 | K92: =IF(ISBLANK($A92),"",HYPERLINK("#ANALÍTICA!A"&MATCH($A92,ANALÍTICA!A:A,0),"Link")) -> Link
A93: 3.3.1.4.2.1 | B93: 87529 | C93: =UPPER(VLOOKUP(B93,ANALÍTICA!$B:$J,2,0)) -> SINAPI | D93: =UPPER(VLOOKUP(B93,ANALÍTICA!$B:$J,3,0)) -> MASSA ÚNICA, EM ARGAMASSA TRAÇO 1:2:8, PREPARO MECÂNICO, APLICADA MANUALMENTE EM PAREDES INTERNAS DE AMBIENTES COM ÁREA ENTRE 5M² E 10M², E = 17,5MM, COM TALISCAS. AF_03/2024 | E93: =UPPER(VLOOKUP(B93,ANALÍTICA!$B:$J,6,0)) -> M² | F93: 520 | G93: =VLOOKUP(B93,ANALÍTICA!$B:$J,8,0) -> 45.19 | H93: =TRUNC(G93*(1+$J$9),2) -> 54.65 | I93: =TRUNC(H93*F93,2) -> 28418 | J93: =I93/$I$228 -> 0.013402978 | K93: =IF(ISBLANK($A93),"",HYPERLINK("#ANALÍTICA!A"&MATCH($A93,ANALÍTICA!A:A,0),"Link")) -> Link
A94: 3.3.1.4.2.2 | B94: IG-PFRV-ALNOG/MR | C94: =UPPER(VLOOKUP(B94,ANALÍTICA!$B:$J,2,0)) -> PRÓPRIO | D94: =UPPER(VLOOKUP(B94,ANALÍTICA!$B:$J,3,0)) -> PAINEL FIXO RIPADO VERTICAL ESTRUTURADO EM ALUMÍNIO AMADEIRADO NOGUEIRA OU EM PINTURA MARROM SIMILAR | E94: =UPPER(VLOOKUP(B94,ANALÍTICA!$B:$J,6,0)) -> M² | F94: 176 | G94: =VLOOKUP(B94,ANALÍTICA!$B:$J,8,0) -> 652.3 | H94: =TRUNC(G94*(1+$J$9),2) -> 788.89 | I94: =TRUNC(H94*F94,2) -> 138844.64 | J94: =I94/$I$228 -> 0.065484258 | K94: =IF(ISBLANK($A94),"",HYPERLINK("#ANALÍTICA!A"&MATCH($A94,ANALÍTICA!A:A,0),"Link")) -> Link
A95: 3.3.1.5 | D95: CONTRAPISO E REGULARIZAÇÃO DA BASE | H95: 150218.34 | I95: =SUBTOTAL(109,I96:I99) -> 150218.34 | J95: 0.070848515 | K95: =IF(ISBLANK($A95),"",HYPERLINK("#ANALÍTICA!A"&MATCH($A95,ANALÍTICA!A:A,0),"Link")) -> Link
A96: 3.3.1.5.1 | B96: 98546 | C96: =UPPER(VLOOKUP(B96,ANALÍTICA!$B:$J,2,0)) -> SINAPI | D96: =UPPER(VLOOKUP(B96,ANALÍTICA!$B:$J,3,0)) -> IMPERMEABILIZAÇÃO DE SUPERFÍCIE COM MANTA ASFÁLTICA, UMA CAMADA, INCLUSIVE APLICAÇÃO DE PRIMER ASFÁLTICO, E=4MM | E96: =UPPER(VLOOKUP(B96,ANALÍTICA!$B:$J,6,0)) -> M² | F96: 120 | G96: =VLOOKUP(B96,ANALÍTICA!$B:$J,8,0) -> 117.36 | H96: =TRUNC(G96*(1+$J$9),2) -> 141.93 | I96: =TRUNC(H96*F96,2) -> 17031.6 | J96: =I96/$I$228 -> 0.0080327314 | K96: =IF(ISBLANK($A96),"",HYPERLINK("#ANALÍTICA!A"&MATCH($A96,ANALÍTICA!A:A,0),"Link")) -> Link
A97: 3.3.1.5.2 | B97: 98555 | C97: =UPPER(VLOOKUP(B97,ANALÍTICA!$B:$J,2,0)) -> SINAPI | D97: =UPPER(VLOOKUP(B97,ANALÍTICA!$B:$J,3,0)) -> IMPERMEABILIZAÇÃO DE SUPERFÍCIE COM ARGAMASSA POLIMÉRICA / MEMBRANA ACRÍLICA, 3 DEMÃOS. AF_09/2023 | E97: =UPPER(VLOOKUP(B97,ANALÍTICA!$B:$J,6,0)) -> M² | F97: 260 | G97: =VLOOKUP(B97,ANALÍTICA!$B:$J,8,0) -> 36.66 | H97: =TRUNC(G97*(1+$J$9),2) -> 44.33 | I97: =TRUNC(H97*F97,2) -> 11525.8 | J97: =I97/$I$228 -> 0.0054359928 | K97: =IF(ISBLANK($A97),"",HYPERLINK("#ANALÍTICA!A"&MATCH($A97,ANALÍTICA!A:A,0),"Link")) -> Link
A98: 3.3.1.5.3 | B98: 103915 | C98: =UPPER(VLOOKUP(B98,ANALÍTICA!$B:$J,2,0)) -> SINAPI | D98: =UPPER(VLOOKUP(B98,ANALÍTICA!$B:$J,3,0)) -> EXECUÇÃO DE PISO INDUSTRIAL DE CONCRETO ARMADO, FCK = 20 MPA, ESPESSURA DE 15,0 CM. AF_04/2022 | E98: =UPPER(VLOOKUP(B98,ANALÍTICA!$B:$J,6,0)) -> M² | F98: 374 | G98: =VLOOKUP(B98,ANALÍTICA!$B:$J,8,0) -> 157.61 | H98: =TRUNC(G98*(1+$J$9),2) -> 190.61 | I98: =TRUNC(H98*F98,2) -> 71288.14 | J98: =I98/$I$228 -> 0.033622119 | K98: =IF(ISBLANK($A98),"",HYPERLINK("#ANALÍTICA!A"&MATCH($A98,ANALÍTICA!A:A,0),"Link")) -> Link
A99: 3.3.1.5.4 | B99: IG-CONT-ARG-MED-8CM | C99: =UPPER(VLOOKUP(B99,ANALÍTICA!$B:$J,2,0)) -> PRÓPRIO | D99: =UPPER(VLOOKUP(B99,ANALÍTICA!$B:$J,3,0)) -> CONTRAPISO PARA REGULARIZAÇÃO EM ARGAMASSA , ACABAMENTO NÃO REFORÇADO, ESPESSURA MÉDIA 8CM | E99: =UPPER(VLOOKUP(B99,ANALÍTICA!$B:$J,6,0)) -> M² | F99: 380 | G99: =VLOOKUP(B99,ANALÍTICA!$B:$J,8,0) -> 109.61 | H99: =TRUNC(G99*(1+$J$9),2) -> 132.56 | I99: =TRUNC(H99*F99,2) -> 50372.8 | J99: =I99/$I$228 -> 0.023757672 | K99: =IF(ISBLANK($A99),"",HYPERLINK("#ANALÍTICA!A"&MATCH($A99,ANALÍTICA!A:A,0),"Link")) -> Link
A100: 3.3.1.6 | D100: FORRO DE GESSO | H100: 52382.87 | I100: =SUBTOTAL(109,I101:I102) -> 52382.87 | J100: 0.024705695 | K100: =IF(ISBLANK($A100),"",HYPERLINK("#ANALÍTICA!A"&MATCH($A100,ANALÍTICA!A:A,0),"Link")) -> Link
A101: 3.3.1.6.1 | B101: IG-FD12,5-AC-ST | C101: =UPPER(VLOOKUP(B101,ANALÍTICA!$B:$J,2,0)) -> PRÓPRIO | D101: =UPPER(VLOOKUP(B101,ANALÍTICA!$B:$J,3,0)) -> FORRO EM GESSO ACARTONADO - CHAPA DE DRYWALL (ST) ESP. 12,5MM - SISTEMA DE SUPORTE EM ESTRUTURA METÁLICA - FAB. SUVINIL OU EQUIVALENTE TÉCNICO | E101: =UPPER(VLOOKUP(B101,ANALÍTICA!$B:$J,6,0)) -> M² | F101: 529.65 | G101: =VLOOKUP(B101,ANALÍTICA!$B:$J,8,0) -> 68.11 | H101: =TRUNC(G101*(1+$J$9),2) -> 82.37 | I101: =TRUNC(H101*F101,2) -> 43627.27 | J101: =I101/$I$228 -> 0.020576231 | K101: =IF(ISBLANK($A101),"",HYPERLINK("#ANALÍTICA!A"&MATCH($A101,ANALÍTICA!A:A,0),"Link")) -> Link
A102: 3.3.1.6.2 | B102: IG-FD12,5-EM-ABN-SUV | C102: =UPPER(VLOOKUP(B102,ANALÍTICA!$B:$J,2,0)) -> PRÓPRIO | D102: =UPPER(VLOOKUP(B102,ANALÍTICA!$B:$J,3,0)) -> TABICA METÁLICA 3X3CM PARA FORRO DE GESSO (FORNECIMENTO E MONTAGEM) | E102: =UPPER(VLOOKUP(B102,ANALÍTICA!$B:$J,6,0)) -> M | F102: 280 | G102: =VLOOKUP(B102,ANALÍTICA!$B:$J,8,0) -> 25.86 | H102: =TRUNC(G102*(1+$J$9),2) -> 31.27 | I102: =TRUNC(H102*F102,2) -> 8755.6 | J102: =I102/$I$228 -> 0.0041294642 | K102: =IF(ISBLANK($A102),"",HYPERLINK("#ANALÍTICA!A"&MATCH($A102,ANALÍTICA!A:A,0),"Link")) -> Link
A103: 3.3.1.7 | D103: PINTURA | H103: 74825.8 | I103: =SUBTOTAL(109,I104:I113) -> 74825.8 | J103: 0.03529061 | K103: =IF(ISBLANK($A103),"",HYPERLINK("#ANALÍTICA!A"&MATCH($A103,ANALÍTICA!A:A,0),"Link")) -> Link
...

Sheet ANALÍTICA
A2: =INSTRUÇÕES!A2 -> INSTITUTO DE GESTÃO ESTRATÉGICA DE SAÚDE
A3: =INSTRUÇÕES!A3 -> IGES-DF
A5: =INSTRUÇÕES!A6 -> OBRA: REFORMA - GAMA CÂMARA MEDICINA NUCLEAR HBDF - NÃO DESONERADO - R00
A6: PLANILHA ANALÍTICA
E8: =SINTÉTICA!$E$8 -> LEIS SOCIAIS NÃO DESONERADAS - REFERÊNCIA HORISTA SINAPI: LS | J8: =SINTÉTICA!$J$8 -> 1.1014
E9: =SINTÉTICA!$E$9 -> BENEFÍCIOS E DESPESAS INDIRETAS: BDI | J9: =BDI!D23 -> 0.2094
E10: =E9&"- EQUIPAMENTOS" -> BENEFÍCIOS E DESPESAS INDIRETAS: BDI- EQUIPAMENTOS | J10: =BDI!D36 -> 0.1089
E11: =SINTÉTICA!$E$11 -> REFERÊNCIA: SINAPI - DF - 01/22 (NÃO DESONERADA) | T11: 20 | U11: 21 | V11: 22 | W11: 23 | X11: 24 | Y11: 25 | Z11: 26 | AA11: 27 | AB11: 28 | AC11: 29
A12: ITEM | B12: CÓDIGO | C12: BANCO | D12: DESCRIÇÃO | E12: TIPO | G12: UND | H12: QUANT. | I12: VALOR UNIT | J12: TOTAL | L12: CONT | M12: TOT | N12: MO | O12: MAT | P12: COD | Q12: MO T | R12: MAT T | U12: Código | V12: Banco | W12: Descrição | X12: Tipo | Z12: Und | AA12: Quant.
L13: 1 | T13: Composição | U13: 88239 | V13: SINAPI | W13: AJUDANTE DE CARPINTEIRO COM ENCARGOS COMPLEMENTARES | X13: SEDI - SERVIÇOS DIVERSOS | Z13: H | AA13: 1 | AB13: =SUMIF(AE:AE,$L13,AF:AF) -> 0 | AC13: =TRUNC(AA13*AB13,2) -> 0
A14: 1 | D14: GRUPO 1 - ADM OBRA | L14: =IF(AND(A15<>"",A14=""),L13+1,L13) -> 1 | M14: =IF(OR(A14="Insumo",A14="Composição Auxiliar"),J14,"") | N14: =IF(ISNUMBER(SEARCH("COM ENCARGOS COMPLEMENTARES",D14)),J14,"") | O14: =IF(N14<>"","",M14) | P14: =IF(A14="Composição",A13,"") | Q14: =IF(P14<>"",SUMIF(L14:L114,L14,N14:N114),"") | R14: =IF(P14<>"",SUMIF(L14:L114,L14,O14:O114),"") | T14: Composição Auxiliar | U14: 95309 | V14: SINAPI | W14: CURSO DE CAPACITAÇÃO PARA AJUDANTE DE CARPINTEIRO (ENCARGOS COMPLEMENTARES) - HORISTA | X14: SEDI - SERVIÇOS DIVERSOS | Z14: H | AA14: 1 | AB14: =SUMIFS('ANALÍTICA AUXILIARES'!AC:AC,'ANALÍTICA AUXILIARES'!T:T,"Composição",'ANALÍTICA AUXILIARES'!U:U,$B14) -> 0 | AC14: =TRUNC(AA14*AB14,2) -> 0
A15: 1.1 | D15: SERVIÇOS TÉCNICO-PROFISSIONAIS | L15: =IF(AND(A16<>"",A15=""),L14+1,L14) -> 1 | M15: =IF(OR(A15="Insumo",A15="Composição Auxiliar"),J15,"") | N15: =IF(ISNUMBER(SEARCH("COM ENCARGOS COMPLEMENTARES",D15)),J15,"") | O15: =IF(N15<>"","",M15) | P15: =IF(A15="Composição",A14,"") | Q15: =IF(P15<>"",SUMIF(L15:L115,L15,N15:N115),"") | R15: =IF(P15<>"",SUMIF(L15:L115,L15,O15:O115),"") | T15: Insumo | U15: 00037370 | V15: =VLOOKUP(U15,INSUMOS!$A:$I,2,FALSE) -> SINAPI | W15: =VLOOKUP(U15,INSUMOS!$A:$I,3,FALSE) -> ALIMENTACAO - HORISTA (COLETADO CAIXA - ENCARGOS COMPLEMENTARES) | X15: =VLOOKUP(U15,INSUMOS!$A:$I,4,FALSE) -> Encargos Complementares | Z15: =VLOOKUP(U15,INSUMOS!$A:$I,5,FALSE) -> H | AA15: 1 | AB15: =VLOOKUP(U15,INSUMOS!$A:$I,8,FALSE) -> 4.29 | AC15: =TRUNC(AA15*AB15,2) -> 4.29
A16: 1.1.1 | D16: DESPESAS LEGAIS | L16: =IF(AND(A17<>"",A16=""),L15+1,L15) -> 1 | M16: =IF(OR(A16="Insumo",A16="Composição Auxiliar"),J16,"") | N16: =IF(ISNUMBER(SEARCH("COM ENCARGOS COMPLEMENTARES",D16)),J16,"") | O16: =IF(N16<>"","",M16) | P16: =IF(A16="Composição",A15,"") | Q16: =IF(P16<>"",SUMIF(L16:L116,L16,N16:N116),"") | R16: =IF(P16<>"",SUMIF(L16:L116,L16,O16:O116),"")
A17: 1.1.1.1 | D17: TAXAS | L17: =IF(AND(A18<>"",A17=""),L16+1,L16) -> 1 | M17: =IF(OR(A17="Insumo",A17="Composição Auxiliar"),J17,"") | N17: =IF(ISNUMBER(SEARCH("COM ENCARGOS COMPLEMENTARES",D17)),J17,"") | O17: =IF(N17<>"","",M17) | P17: =IF(A17="Composição",A16,"") | Q17: =IF(P17<>"",SUMIF(L17:L117,L17,N17:N117),"") | R17: =IF(P17<>"",SUMIF(L17:L117,L17,O17:O117),"") | U17: Valor com BDI => | W17: =TRUNC(SUMIF(Y:Y,$L17,Z:Z)*(1+$J$9),2) -> 0
A18: 1.1.1.1.1 | B18: Código | C18: Banco | D18: Descrição | E18: Tipo | G18: Und | H18: Quant. | I18: Valor Unit | J18: Total | L18: =IF(AND(A19<>"",A18=""),L17+1,L17) -> 1 | M18: =IF(OR(A18="Insumo",A18="Composição Auxiliar"),J18,"") | N18: =IF(ISNUMBER(SEARCH("COM ENCARGOS COMPLEMENTARES",D18)),J18,"") | O18: =IF(N18<>"","",M18) | P18: =IF(A18="Composição",A17,"") | Q18: =IF(P18<>"",SUMIF(L18:L118,L18,N18:N118),"") | R18: =IF(P18<>"",SUMIF(L18:L118,L18,O18:O118),"") | T18: Quant. => | U18: 1.6 | V18: Preço Total => | W18: =TRUNC(W17*U18,2) -> 0
A19: Composição | B19: IG-ART01 | C19: Próprio | D19: ART CREA DF 2025. REF UPACOMP347 | E19: SEOP - SERVIÇOS OPERACIONAIS | G19: UN | H19: 1 | I19: =SUMIF(L:L,$L19,M:M) -> 262.55 | J19: =TRUNC(H19*I19,2) -> 262.55 | L19: =IF(AND(A20<>"",A19=""),L18+1,L18) -> 1 | M19: =IF(OR(A19="Insumo",A19="Composição Auxiliar"),J19,"") | N19: =IF(ISNUMBER(SEARCH("COM ENCARGOS COMPLEMENTARES",D19)),J19,"") | O19: =IF(N19<>"","",M19) | P19: =IF(A19="Composição",A18,"") -> 1.1.1.1.1 | Q19: =IF(P19<>"",SUMIF(L19:L119,L19,N19:N119),"") -> 0 | R19: =IF(P19<>"",SUMIF(L19:L119,L19,O19:O119),"") -> 262.55
A20: Insumo | B20: UPAINS214 | C20: =VLOOKUP(B20,INSUMOS!$A:$I,2,FALSE) -> Próprio | D20: =VLOOKUP(B20,INSUMOS!$A:$I,3,FALSE) -> ART CREA DF 2024 | E20: =VLOOKUP(B20,INSUMOS!$A:$I,4,FALSE) -> Taxas | G20: =VLOOKUP(B20,INSUMOS!$A:$I,5,FALSE) -> UN | H20: 1 | I20: =VLOOKUP(B20,INSUMOS!$A:$I,8,FALSE) -> 262.55 | J20: =TRUNC(H20*I20,2) -> 262.55 | L20: =IF(AND(A21<>"",A20=""),L19+1,L19) -> 1 | M20: =IF(OR(A20="Insumo",A20="Composição Auxiliar"),J20,"") -> 262.55 | N20: =IF(ISNUMBER(SEARCH("COM ENCARGOS COMPLEMENTARES",D20)),J20,"") | O20: =IF(N20<>"","",M20) -> 262.55 | P20: =IF(A20="Composição",A19,"") | Q20: =IF(P20<>"",SUMIF(L20:L120,L20,N20:N120),"") | R20: =IF(P20<>"",SUMIF(L20:L120,L20,O20:O120),"")
L21: =IF(AND(A22<>"",A21=""),L20+1,L20) -> 1 | M21: =IF(OR(A21="Insumo",A21="Composição Auxiliar"),J21,"") | N21: =IF(ISNUMBER(SEARCH("COM ENCARGOS COMPLEMENTARES",D21)),J21,"") | O21: =IF(N21<>"","",M21) | P21: =IF(A21="Composição",A20,"") | Q21: =IF(P21<>"",SUMIF(L21:L121,L21,N21:N121),"") | R21: =IF(P21<>"",SUMIF(L21:L121,L21,O21:O121),"")
H22: Valor com BDI => | J22: =TRUNC(SUMIF(L:L,$L22,M:M)*(1+$J$9),2) -> 317.52 | L22: =IF(AND(A23<>"",A22=""),L21+1,L21) -> 1 | M22: =IF(OR(A22="Insumo",A22="Composição Auxiliar"),J22,"") | N22: =IF(ISNUMBER(SEARCH("COM ENCARGOS COMPLEMENTARES",D22)),J22,"") | O22: =IF(N22<>"","",M22) | P22: =IF(A22="Composição",A21,"") | Q22: =IF(P22<>"",SUMIF(L22:L122,L22,N22:N122),"") | R22: =IF(P22<>"",SUMIF(L22:L122,L22,O22:O122),"")
G23: Quant. => | H23: 3,00 | I23: Preço Total => | J23: =TRUNC(J22*H23,2) -> 952.56 | L23: =IF(AND(A24<>"",A23=""),L22+1,L22) -> 1 | M23: =IF(OR(A23="Insumo",A23="Composição Auxiliar"),J23,"") | N23: =IF(ISNUMBER(SEARCH("COM ENCARGOS COMPLEMENTARES",D23)),J23,"") | O23: =IF(N23<>"","",M23) | P23: =IF(A23="Composição",A22,"") | Q23: =IF(P23<>"",SUMIF(L23:L123,L23,N23:N123),"") | R23: =IF(P23<>"",SUMIF(L23:L123,L23,O23:O123),"")
L24: =IF(AND(A25<>"",A24=""),L23+1,L23) -> 2 | M24: =IF(OR(A24="Insumo",A24="Composição Auxiliar"),J24,"") | N24: =IF(ISNUMBER(SEARCH("COM ENCARGOS COMPLEMENTARES",D24)),J24,"") | O24: =IF(N24<>"","",M24) | P24: =IF(A24="Composição",A23,"") | Q24: =IF(P24<>"",SUMIF(L24:L124,L24,N24:N124),"") | R24: =IF(P24<>"",SUMIF(L24:L124,L24,O24:O124),"")
A25: 1.2 | D25: SERVIÇOS COMPLEMENTARES | L25: =IF(AND(A26<>"",A25=""),L24+1,L24) -> 2 | M25: =IF(OR(A25="Insumo",A25="Composição Auxiliar"),J25,"") | N25: =IF(ISNUMBER(SEARCH("COM ENCARGOS COMPLEMENTARES",D25)),J25,"") | O25: =IF(N25<>"","",M25) | P25: =IF(A25="Composição",A24,"") | Q25: =IF(P25<>"",SUMIF(L25:L125,L25,N25:N125),"") | R25: =IF(P25<>"",SUMIF(L25:L125,L25,O25:O125),"")
A26: 1.2.1 | D26: LIMPEZA DE OBRAS | L26: =IF(AND(A27<>"",A26=""),L25+1,L25) -> 2 | M26: =IF(OR(A26="Insumo",A26="Composição Auxiliar"),J26,"") | N26: =IF(ISNUMBER(SEARCH("COM ENCARGOS COMPLEMENTARES",D26)),J26,"") | O26: =IF(N26<>"","",M26) | P26: =IF(A26="Composição",A25,"") | Q26: =IF(P26<>"",SUMIF(L26:L126,L26,N26:N126),"") | R26: =IF(P26<>"",SUMIF(L26:L126,L26,O26:O126),"")
A27: 1.2.1.1 | D27: CONSERVAÇÃO E LIMPEZA | L27: =IF(AND(A28<>"",A27=""),L26+1,L26) -> 2 | M27: =IF(OR(A27="Insumo",A27="Composição Auxiliar"),J27,"") | N27: =IF(ISNUMBER(SEARCH("COM ENCARGOS COMPLEMENTARES",D27)),J27,"") | O27: =IF(N27<>"","",M27) | P27: =IF(A27="Composição",A26,"") | Q27: =IF(P27<>"",SUMIF(L27:L127,L27,N27:N127),"") | R27: =IF(P27<>"",SUMIF(L27:L127,L27,O27:O127),"")
A28: 1.2.1.1.1 | B28: Código | C28: Banco | D28: Descrição | E28: Tipo | G28: Und | H28: Quant. | I28: Valor Unit | J28: Total | L28: =IF(AND(A29<>"",A28=""),L27+1,L27) -> 2 | M28: =IF(OR(A28="Insumo",A28="Composição Auxiliar"),J28,"") | N28: =IF(ISNUMBER(SEARCH("COM ENCARGOS COMPLEMENTARES",D28)),J28,"") | O28: =IF(N28<>"","",M28) | P28: =IF(A28="Composição",A27,"") | Q28: =IF(P28<>"",SUMIF(L28:L128,L28,N28:N128),"") | R28: =IF(P28<>"",SUMIF(L28:L128,L28,O28:O128),"")
A29: Composição | B29: IG-LFO01 | C29: Próprio | D29: LIMPEZA FINAL DA OBRA. REF UPACOMP478 | E29: SEDI - SERVIÇOS DIVERSOS | G29: m² | H29: 1 | I29: =SUMIF(L:L,$L29,M:M) -> 4.2 | J29: =TRUNC(H29*I29,2) -> 4.2 | L29: =IF(AND(A30<>"",A29=""),L28+1,L28) -> 2 | M29: =IF(OR(A29="Insumo",A29="Composição Auxiliar"),J29,"") | N29: =IF(ISNUMBER(SEARCH("COM ENCARGOS COMPLEMENTARES",D29)),J29,"") | O29: =IF(N29<>"","",M29) | P29: =IF(A29="Composição",A28,"") -> 1.2.1.1.1 | Q29: =IF(P29<>"",SUMIF(L29:L129,L29,N29:N129),"") -> 3.51 | R29: =IF(P29<>"",SUMIF(L29:L129,L29,O29:O129),"") -> 0.69
A30: Composição Auxiliar | B30: 88316 | C30: SINAPI | D30: SERVENTE COM ENCARGOS COMPLEMENTARES | E30: Livro SINAPI: Cálculos e Parâmetros | G30: H | H30: 0.14 | I30: =SUMIFS('ANALÍTICA AUXILIARES'!J:J,'ANALÍTICA AUXILIARES'!A:A,"Composição",'ANALÍTICA AUXILIARES'!B:B,$B30) -> 25.11 | J30: =TRUNC(H30*I30,2) -> 3.51 | L30: =IF(AND(A31<>"",A30=""),L29+1,L29) -> 2 | M30: =IF(OR(A30="Insumo",A30="Composição Auxiliar"),J30,"") -> 3.51 | N30: =IF(ISNUMBER(SEARCH("COM ENCARGOS COMPLEMENTARES",D30)),J30,"") -> 3.51 | O30: =IF(N30<>"","",M30) | P30: =IF(A30="Composição",A29,"") | Q30: =IF(P30<>"",SUMIF(L30:L130,L30,N30:N130),"") | R30: =IF(P30<>"",SUMIF(L30:L130,L30,O30:O130),"")
A31: Insumo | B31: 00000003 | C31: =VLOOKUP(B31,INSUMOS!$A:$I,2,FALSE) -> SINAPI | D31: =VLOOKUP(B31,INSUMOS!$A:$I,3,FALSE) -> ACIDO CLORIDRICO / ACIDO MURIATICO, DILUICAO 10% A 12% PARA USO EM LIMPEZA | E31: =VLOOKUP(B31,INSUMOS!$A:$I,4,FALSE) -> Material | G31: =VLOOKUP(B31,INSUMOS!$A:$I,5,FALSE) -> L | H31: 0.05 | I31: =VLOOKUP(B31,INSUMOS!$A:$I,8,FALSE) -> 13.98 | J31: =TRUNC(H31*I31,2) -> 0.69 | L31: =IF(AND(A32<>"",A31=""),L30+1,L30) -> 2 | M31: =IF(OR(A31="Insumo",A31="Composição Auxiliar"),J31,"") -> 0.69 | N31: =IF(ISNUMBER(SEARCH("COM ENCARGOS COMPLEMENTARES",D31)),J31,"") | O31: =IF(N31<>"","",M31) -> 0.69 | P31: =IF(A31="Composição",A30,"") | Q31: =IF(P31<>"",SUMIF(L31:L131,L31,N31:N131),"") | R31: =IF(P31<>"",SUMIF(L31:L131,L31,O31:O131),"")
L32: =IF(AND(A33<>"",A32=""),L31+1,L31) -> 2 | M32: =IF(OR(A32="Insumo",A32="Composição Auxiliar"),J32,"") | N32: =IF(ISNUMBER(SEARCH("COM ENCARGOS COMPLEMENTARES",D32)),J32,"") | O32: =IF(N32<>"","",M32) | P32: =IF(A32="Composição",A31,"") | Q32: =IF(P32<>"",SUMIF(L32:L132,L32,N32:N132),"") | R32: =IF(P32<>"",SUMIF(L32:L132,L32,O32:O132),"")
H33: Valor com BDI => | J33: =TRUNC(SUMIF(L:L,$L33,M:M)*(1+$J$9),2) -> 5.07 | L33: =IF(AND(A34<>"",A33=""),L32+1,L32) -> 2 | M33: =IF(OR(A33="Insumo",A33="Composição Auxiliar"),J33,"") | N33: =IF(ISNUMBER(SEARCH("COM ENCARGOS COMPLEMENTARES",D33)),J33,"") | O33: =IF(N33<>"","",M33) | P33: =IF(A33="Composição",A32,"") | Q33: =IF(P33<>"",SUMIF(L33:L133,L33,N33:N133),"") | R33: =IF(P33<>"",SUMIF(L33:L133,L33,O33:O133),"")
G34: Quant. => | H34: 357,00 | I34: Preço Total => | J34: =TRUNC(J33*H34,2) -> 1809.99 | L34: =IF(AND(A35<>"",A34=""),L33+1,L33) -> 2 | M34: =IF(OR(A34="Insumo",A34="Composição Auxiliar"),J34,"") | N34: =IF(ISNUMBER(SEARCH("COM ENCARGOS COMPLEMENTARES",D34)),J34,"") | O34: =IF(N34<>"","",M34) | P34: =IF(A34="Composição",A33,"") | Q34: =IF(P34<>"",SUMIF(L34:L134,L34,N34:N134),"") | R34: =IF(P34<>"",SUMIF(L34:L134,L34,O34:O134),"")
L35: =IF(AND(A36<>"",A35=""),L34+1,L34) -> 3 | M35: =IF(OR(A35="Insumo",A35="Composição Auxiliar"),J35,"") | N35: =IF(ISNUMBER(SEARCH("COM ENCARGOS COMPLEMENTARES",D35)),J35,"") | O35: =IF(N35<>"","",M35) | P35: =IF(A35="Composição",A34,"") | Q35: =IF(P35<>"",SUMIF(L35:L135,L35,N35:N135),"") | R35: =IF(P35<>"",SUMIF(L35:L135,L35,O35:O135),"")
A36: 1.2.1.1.2 | B36: Código | C36: Banco | D36: Descrição | E36: Tipo | G36: Und | H36: Quant. | I36: Valor Unit | J36: Total | L36: =IF(AND(A37<>"",A36=""),L35+1,L35) -> 3 | M36: =IF(OR(A36="Insumo",A36="Composição Auxiliar"),J36,"") | N36: =IF(ISNUMBER(SEARCH("COM ENCARGOS COMPLEMENTARES",D36)),J36,"") | O36: =IF(N36<>"","",M36) | P36: =IF(A36="Composição",A35,"") | Q36: =IF(P36<>"",SUMIF(L36:L136,L36,N36:N136),"") | R36: =IF(P36<>"",SUMIF(L36:L136,L36,O36:O136),"")
A37: Composição | B37: IG-LPO01 | C37: Próprio | D37: LIMPEZA PERMANENTE DA OBRA. REF UPACOMP479 | E37: SEDI - SERVIÇOS DIVERSOS | G37: MÊS | H37: 1 | I37: =SUMIF(L:L,$L37,M:M) -> 552.42 | J37: =TRUNC(H37*I37,2) -> 552.42 | L37: =IF(AND(A38<>"",A37=""),L36+1,L36) -> 3 | M37: =IF(OR(A37="Insumo",A37="Composição Auxiliar"),J37,"") | N37: =IF(ISNUMBER(SEARCH("COM ENCARGOS COMPLEMENTARES",D37)),J37,"") | O37: =IF(N37<>"","",M37) | P37: =IF(A37="Composição",A36,"") -> 1.2.1.1.2 | Q37: =IF(P37<>"",SUMIF(L37:L137,L37,N37:N137),"") -> 552.42 | R37: =IF(P37<>"",SUMIF(L37:L137,L37,O37:O137),"") -> 0
A38: Composição Auxiliar | B38: 88316 | C38: SINAPI | D38: SERVENTE COM ENCARGOS COMPLEMENTARES | E38: Livro SINAPI: Cálculos e Parâmetros | G38: H | H38: 22 | I38: =SUMIFS('ANALÍTICA AUXILIARES'!J:J,'ANALÍTICA AUXILIARES'!A:A,"Composição",'ANALÍTICA AUXILIARES'!B:B,$B38) -> 25.11 | J38: =TRUNC(H38*I38,2) -> 552.42 | L38: =IF(AND(A39<>"",A38=""),L37+1,L37) -> 3 | M38: =IF(OR(A38="Insumo",A38="Composição Auxiliar"),J38,"") -> 552.42 | N38: =IF(ISNUMBER(SEARCH("COM ENCARGOS COMPLEMENTARES",D38)),J38,"") -> 552.42 | O38: =IF(N38<>"","",M38) | P38: =IF(A38="Composição",A37,"") | Q38: =IF(P38<>"",SUMIF(L38:L138,L38,N38:N138),"") | R38: =IF(P38<>"",SUMIF(L38:L138,L38,O38:O138),"")
L39: =IF(AND(A40<>"",A39=""),L38+1,L38) -> 3 | M39: =IF(OR(A39="Insumo",A39="Composição Auxiliar"),J39,"") | N39: =IF(ISNUMBER(SEARCH("COM ENCARGOS COMPLEMENTARES",D39)),J39,"") | O39: =IF(N39<>"","",M39) | P39: =IF(A39="Composição",A38,"") | Q39: =IF(P39<>"",SUMIF(L39:L139,L39,N39:N139),"") | R39: =IF(P39<>"",SUMIF(L39:L139,L39,O39:O139),"")
H40: Valor com BDI => | J40: =TRUNC(SUMIF(L:L,$L40,M:M)*(1+$J$9),2) -> 668.09 | L40: =IF(AND(A41<>"",A40=""),L39+1,L39) -> 3 | M40: =IF(OR(A40="Insumo",A40="Composição Auxiliar"),J40,"") | N40: =IF(ISNUMBER(SEARCH("COM ENCARGOS COMPLEMENTARES",D40)),J40,"") | O40: =IF(N40<>"","",M40) | P40: =IF(A40="Composição",A39,"") | Q40: =IF(P40<>"",SUMIF(L40:L140,L40,N40:N140),"") | R40: =IF(P40<>"",SUMIF(L40:L140,L40,O40:O140),"")
G41: Quant. => | H41: 6,00 | I41: Preço Total => | J41: =TRUNC(J40*H41,2) -> 4008.54 | L41: =IF(AND(A42<>"",A41=""),L40+1,L40) -> 3 | M41: =IF(OR(A41="Insumo",A41="Composição Auxiliar"),J41,"") | N41: =IF(ISNUMBER(SEARCH("COM ENCARGOS COMPLEMENTARES",D41)),J41,"") | O41: =IF(N41<>"","",M41) | P41: =IF(A41="Composição",A40,"") | Q41: =IF(P41<>"",SUMIF(L41:L141,L41,N41:N141),"") | R41: =IF(P41<>"",SUMIF(L41:L141,L41,O41:O141),"")
L42: =IF(AND(A43<>"",A42=""),L41+1,L41) -> 4 | M42: =IF(OR(A42="Insumo",A42="Composição Auxiliar"),J42,"") | N42: =IF(ISNUMBER(SEARCH("COM ENCARGOS COMPLEMENTARES",D42)),J42,"") | O42: =IF(N42<>"","",M42) | P42: =IF(A42="Composição",A41,"") | Q42: =IF(P42<>"",SUMIF(L42:L142,L42,N42:N142),"") | R42: =IF(P42<>"",SUMIF(L42:L142,L42,O42:O142),"")
A43: 1.2.1.1.3 | B43: Código | C43: Banco | D43: Descrição | E43: Tipo | G43: Und | H43: Quant. | I43: Valor Unit | J43: Total | L43: =IF(AND(A44<>"",A43=""),L42+1,L42) -> 4 | M43: =IF(OR(A43="Insumo",A43="Composição Auxiliar"),J43,"") | N43: =IF(ISNUMBER(SEARCH("COM ENCARGOS COMPLEMENTARES",D43)),J43,"") | O43: =IF(N43<>"","",M43) | P43: =IF(A43="Composição",A42,"") | Q43: =IF(P43<>"",SUMIF(L43:L143,L43,N43:N143),"") | R43: =IF(P43<>"",SUMIF(L43:L143,L43,O43:O143),"")
A44: Composição | B44: IG-CE01 | C44: Próprio | D44: CONTAINER PARA ENTULHO INCLUINDO TAXA DE DEPOSIÇÃO FINAL. REF UPACOMP574 | E44: SEDI - SERVIÇOS DIVERSOS | G44: UN | H44: 1 | I44: =SUMIF(L:L,$L44,M:M) -> 350 | J44: =TRUNC(H44*I44,2) -> 350 | L44: =IF(AND(A45<>"",A44=""),L43+1,L43) -> 4 | M44: =IF(OR(A44="Insumo",A44="Composição Auxiliar"),J44,"") | N44: =IF(ISNUMBER(SEARCH("COM ENCARGOS COMPLEMENTARES",D44)),J44,"") | O44: =IF(N44<>"","",M44) | P44: =IF(A44="Composição",A43,"") -> 1.2.1.1.3 | Q44: =IF(P44<>"",SUMIF(L44:L144,L44,N44:N144),"") -> 0 | R44: =IF(P44<>"",SUMIF(L44:L144,L44,O44:O144),"") -> 350
A45: Insumo | B45: UPAINS252 | C45: =VLOOKUP(B45,INSUMOS!$A:$I,2,FALSE) -> Próprio | D45: =VLOOKUP(B45,INSUMOS!$A:$I,3,FALSE) -> CONTAINER PARA ENTULHO INCLUINDO TAXA DE DEPOSIÇÃO FINAL | E45: =VLOOKUP(B45,INSUMOS!$A:$I,4,FALSE) -> Material | G45: =VLOOKUP(B45,INSUMOS!$A:$I,5,FALSE) -> UN | H45: 1 | I45: =VLOOKUP(B45,INSUMOS!$A:$I,8,FALSE) -> 350 | J45: =TRUNC(H45*I45,2) -> 350 | L45: =IF(AND(A46<>"",A45=""),L44+1,L44) -> 4 | M45: =IF(OR(A45="Insumo",A45="Composição Auxiliar"),J45,"") -> 350 | N45: =IF(ISNUMBER(SEARCH("COM ENCARGOS COMPLEMENTARES",D45)),J45,"") | O45: =IF(N45<>"","",M45) -> 350 | P45: =IF(A45="Composição",A44,"") | Q45: =IF(P45<>"",SUMIF(L45:L145,L45,N45:N145),"") | R45: =IF(P45<>"",SUMIF(L45:L145,L45,O45:O145),"")
L46: =IF(AND(A47<>"",A46=""),L45+1,L45) -> 4 | M46: =IF(OR(A46="Insumo",A46="Composição Auxiliar"),J46,"") | N46: =IF(ISNUMBER(SEARCH("COM ENCARGOS COMPLEMENTARES",D46)),J46,"") | O46: =IF(N46<>"","",M46) | P46: =IF(A46="Composição",A45,"") | Q46: =IF(P46<>"",SUMIF(L46:L146,L46,N46:N146),"") | R46: =IF(P46<>"",SUMIF(L46:L146,L46,O46:O146),"")
H47: Valor com BDI => | J47: =TRUNC(SUMIF(L:L,$L47,M:M)*(1+$J$9),2) -> 423.29 | L47: =IF(AND(A48<>"",A47=""),L46+1,L46) -> 4 | M47: =IF(OR(A47="Insumo",A47="Composição Auxiliar"),J47,"") | N47: =IF(ISNUMBER(SEARCH("COM ENCARGOS COMPLEMENTARES",D47)),J47,"") | O47: =IF(N47<>"","",M47) | P47: =IF(A47="Composição",A46,"") | Q47: =IF(P47<>"",SUMIF(L47:L147,L47,N47:N147),"") | R47: =IF(P47<>"",SUMIF(L47:L147,L47,O47:O147),"")
G48: Quant. => | H48: 8,00 | I48: Preço Total => | J48: =TRUNC(J47*H48,2) -> 3386.32 | L48: =IF(AND(A49<>"",A48=""),L47+1,L47) -> 4 | M48: =IF(OR(A48="Insumo",A48="Composição Auxiliar"),J48,"") | N48: =IF(ISNUMBER(SEARCH("COM ENCARGOS COMPLEMENTARES",D48)),J48,"") | O48: =IF(N48<>"","",M48) | P48: =IF(A48="Composição",A47,"") | Q48: =IF(P48<>"",SUMIF(L48:L148,L48,N48:N148),"") | R48: =IF(P48<>"",SUMIF(L48:L148,L48,O48:O148),"")
L49: =IF(AND(A50<>"",A49=""),L48+1,L48) -> 5 | M49: =IF(OR(A49="Insumo",A49="Composição Auxiliar"),J49,"") | N49: =IF(ISNUMBER(SEARCH("COM ENCARGOS COMPLEMENTARES",D49)),J49,"") | O49: =IF(N49<>"","",M49) | P49: =IF(A49="Composição",A48,"") | Q49: =IF(P49<>"",SUMIF(L49:L149,L49,N49:N149),"") | R49: =IF(P49<>"",SUMIF(L49:L149,L49,O49:O149),"")
A50: 1.2.2 | D50: COMO CONSTRUIDO (AS BUILT) | L50: =IF(AND(A51<>"",A50=""),L49+1,L49) -> 5 | M50: =IF(OR(A50="Insumo",A50="Composição Auxiliar"),J50,"") | N50: =IF(ISNUMBER(SEARCH("COM ENCARGOS COMPLEMENTARES",D50)),J50,"") | O50: =IF(N50<>"","",M50) | P50: =IF(A50="Composição",A49,"") | Q50: =IF(P50<>"",SUMIF(L50:L150,L50,N50:N150),"") | R50: =IF(P50<>"",SUMIF(L50:L150,L50,O50:O150),"")
A51: 1.2.2.1 | B51: Código | C51: Banco | D51: Descrição | E51: Tipo | G51: Und | H51: Quant. | I51: Valor Unit | J51: Total | L51: =IF(AND(A52<>"",A51=""),L50+1,L50) -> 5 | M51: =IF(OR(A51="Insumo",A51="Composição Auxiliar"),J51,"") | N51: =IF(ISNUMBER(SEARCH("COM ENCARGOS COMPLEMENTARES",D51)),J51,"") | O51: =IF(N51<>"","",M51) | P51: =IF(A51="Composição",A50,"") | Q51: =IF(P51<>"",SUMIF(L51:L151,L51,N51:N151),"") | R51: =IF(P51<>"",SUMIF(L51:L151,L51,O51:O151),"")
A52: Composição | B52: IG-ABP01 | C52: Próprio | D52: AS BUILT, DE TODOS OS PROJETOS, (ARQUITETURA E INSTALAÇÕES). REF UPACOMP480 | E52: SERT - SERVIÇOS TÉCNICOS | G52: m² | H52: 1 | I52: =SUMIF(L:L,$L52,M:M) -> 0.6 | J52: =TRUNC(H52*I52,2) -> 0.6 | L52: =IF(AND(A53<>"",A52=""),L51+1,L51) -> 5 | M52: =IF(OR(A52="Insumo",A52="Composição Auxiliar"),J52,"") | N52: =IF(ISNUMBER(SEARCH("COM ENCARGOS COMPLEMENTARES",D52)),J52,"") | O52: =IF(N52<>"","",M52) | P52: =IF(A52="Composição",A51,"") -> 1.2.2.1 | Q52: =IF(P52<>"",SUMIF(L52:L152,L52,N52:N152),"") -> 0.6 | R52: =IF(P52<>"",SUMIF(L52:L152,L52,O52:O152),"") -> 0
A53: Composição Auxiliar | B53: 90773 | C53: SINAPI | D53: DESENHISTA COPISTA COM ENCARGOS COMPLEMENTARES | E53: SEDI - SERVIÇOS DIVERSOS | G53: H | H53: 0.058 | I53: =SUMIFS('ANALÍTICA AUXILIARES'!J:J,'ANALÍTICA AUXILIARES'!A:A,"Composição",'ANALÍTICA AUXILIARES'!B:B,$B53) -> 10.35 | J53: =TRUNC(H53*I53,2) -> 0.6 | L53: =IF(AND(A54<>"",A53=""),L52+1,L52) -> 5 | M53: =IF(OR(A53="Insumo",A53="Composição Auxiliar"),J53,"") -> 0.6 | N53: =IF(ISNUMBER(SEARCH("COM ENCARGOS COMPLEMENTARES",D53)),J53,"") -> 0.6 | O53: =IF(N53<>"","",M53) | P53: =IF(A53="Composição",A52,"") | Q53: =IF(P53<>"",SUMIF(L53:L153,L53,N53:N153),"") | R53: =IF(P53<>"",SUMIF(L53:L153,L53,O53:O153),"")
L54: =IF(AND(A55<>"",A54=""),L53+1,L53) -> 5 | M54: =IF(OR(A54="Insumo",A54="Composição Auxiliar"),J54,"") | N54: =IF(ISNUMBER(SEARCH("COM ENCARGOS COMPLEMENTARES",D54)),J54,"") | O54: =IF(N54<>"","",M54) | P54: =IF(A54="Composição",A53,"") | Q54: =IF(P54<>"",SUMIF(L54:L154,L54,N54:N154),"") | R54: =IF(P54<>"",SUMIF(L54:L154,L54,O54:O154),"")
H55: Valor com BDI => | J55: =TRUNC(SUMIF(L:L,$L55,M:M)*(1+$J$9),2) -> 0.72 | L55: =IF(AND(A56<>"",A55=""),L54+1,L54) -> 5 | M55: =IF(OR(A55="Insumo",A55="Composição Auxiliar"),J55,"") | N55: =IF(ISNUMBER(SEARCH("COM ENCARGOS COMPLEMENTARES",D55)),J55,"") | O55: =IF(N55<>"","",M55) | P55: =IF(A55="Composição",A54,"") | Q55: =IF(P55<>"",SUMIF(L55:L155,L55,N55:N155),"") | R55: =IF(P55<>"",SUMIF(L55:L155,L55,O55:O155),"")
G56: Quant. => | H56: 568,75 | I56: Preço Total => | J56: =TRUNC(J55*H56,2) -> 409.5 | L56: =IF(AND(A57<>"",A56=""),L55+1,L55) -> 5 | M56: =IF(OR(A56="Insumo",A56="Composição Auxiliar"),J56,"") | N56: =IF(ISNUMBER(SEARCH("COM ENCARGOS COMPLEMENTARES",D56)),J56,"") | O56: =IF(N56<>"","",M56) | P56: =IF(A56="Composição",A55,"") | Q56: =IF(P56<>"",SUMIF(L56:L156,L56,N56:N156),"") | R56: =IF(P56<>"",SUMIF(L56:L156,L56,O56:O156),"")
L57: =IF(AND(A58<>"",A57=""),L56+1,L56) -> 6 | M57: =IF(OR(A57="Insumo",A57="Composição Auxiliar"),J57,"") | N57: =IF(ISNUMBER(SEARCH("COM ENCARGOS COMPLEMENTARES",D57)),J57,"") | O57: =IF(N57<>"","",M57) | P57: =IF(A57="Composição",A56,"") | Q57: =IF(P57<>"",SUMIF(L57:L157,L57,N57:N157),"") | R57: =IF(P57<>"",SUMIF(L57:L157,L57,O57:O157),"")
A58: 1.3 | D58: SERVIÇOS AUXILIARES E ADMINISTRATIVOS | L58: =IF(AND(A59<>"",A58=""),L57+1,L57) -> 6 | M58: =IF(OR(A58="Insumo",A58="Composição Auxiliar"),J58,"") | N58: =IF(ISNUMBER(SEARCH("COM ENCARGOS COMPLEMENTARES",D58)),J58,"") | O58: =IF(N58<>"","",M58) | P58: =IF(A58="Composição",A57,"") | Q58: =IF(P58<>"",SUMIF(L58:L158,L58,N58:N158),"") | R58: =IF(P58<>"",SUMIF(L58:L158,L58,O58:O158),"")
A59: 1.3.1 | D59: PESSOAL | L59: =IF(AND(A60<>"",A59=""),L58+1,L58) -> 6 | M59: =IF(OR(A59="Insumo",A59="Composição Auxiliar"),J59,"") | N59: =IF(ISNUMBER(SEARCH("COM ENCARGOS COMPLEMENTARES",D59)),J59,"") | O59: =IF(N59<>"","",M59) | P59: =IF(A59="Composição",A58,"") | Q59: =IF(P59<>"",SUMIF(L59:L159,L59,N59:N159),"") | R59: =IF(P59<>"",SUMIF(L59:L159,L59,O59:O159),"")
A60: 1.3.1.1 | D60: ADMINISTRAÇÃO LOCAL | L60: =IF(AND(A61<>"",A60=""),L59+1,L59) -> 6 | M60: =IF(OR(A60="Insumo",A60="Composição Auxiliar"),J60,"") | N60: =IF(ISNUMBER(SEARCH("COM ENCARGOS COMPLEMENTARES",D60)),J60,"") | O60: =IF(N60<>"","",M60) | P60: =IF(A60="Composição",A59,"") | Q60: =IF(P60<>"",SUMIF(L60:L160,L60,N60:N160),"") | R60: =IF(P60<>"",SUMIF(L60:L160,L60,O60:O160),"")
A61: 1.3.1.1.1 | B61: Código | C61: Banco | D61: Descrição | E61: Tipo | G61: Und | H61: Quant. | I61: Valor Unit | J61: Total | L61: =IF(AND(A62<>"",A61=""),L60+1,L60) -> 6 | M61: =IF(OR(A61="Insumo",A61="Composição Auxiliar"),J61,"") | N61: =IF(ISNUMBER(SEARCH("COM ENCARGOS COMPLEMENTARES",D61)),J61,"") | O61: =IF(N61<>"","",M61) | P61: =IF(A61="Composição",A60,"") | Q61: =IF(P61<>"",SUMIF(L61:L161,L61,N61:N161),"") | R61: =IF(P61<>"",SUMIF(L61:L161,L61,O61:O161),"")
A62: Composição | B62: IG-ADM-CG | C62: Próprio | D62: ADMINISTRAÇÃO LOCAL DA OBRA. | E62: SEDI - SERVIÇOS DIVERSOS | G62: MÊS | H62: 1 | I62: =SUMIF(L:L,$L62,M:M) -> 30302.2 | J62: =TRUNC(H62*I62,2) -> 30302.2 | L62: =IF(AND(A63<>"",A62=""),L61+1,L61) -> 6 | M62: =IF(OR(A62="Insumo",A62="Composição Auxiliar"),J62,"") | N62: =IF(ISNUMBER(SEARCH("COM ENCARGOS COMPLEMENTARES",D62)),J62,"") | O62: =IF(N62<>"","",M62) | P62: =IF(A62="Composição",A61,"") -> 1.3.1.1.1 | Q62: =IF(P62<>"",SUMIF(L62:L162,L62,N62:N162),"") -> 30302.2 | R62: =IF(P62<>"",SUMIF(L62:L162,L62,O62:O162),"") -> 0
A63: Composição Auxiliar | B63: 93572 | C63: SINAPI | D63: ENCARREGADO GERAL DE OBRAS COM ENCARGOS COMPLEMENTARES | E63: Livro SINAPI: Cálculos e Parâmetros | G63: MES | H63: 1 | I63: =SUMIFS('ANALÍTICA AUXILIARES'!J:J,'ANALÍTICA AUXILIARES'!A:A,"Composição",'ANALÍTICA AUXILIARES'!B:B,$B63) -> 5559.44 | J63: =TRUNC(H63*I63,2) -> 5559.44 | L63: =IF(AND(A64<>"",A63=""),L62+1,L62) -> 6 | M63: =IF(OR(A63="Insumo",A63="Composição Auxiliar"),J63,"") -> 5559.44 | N63: =IF(ISNUMBER(SEARCH("COM ENCARGOS COMPLEMENTARES",D63)),J63,"") -> 5559.44 | O63: =IF(N63<>"","",M63) | P63: =IF(A63="Composição",A62,"") | Q63: =IF(P63<>"",SUMIF(L63:L163,L63,N63:N163),"") | R63: =IF(P63<>"",SUMIF(L63:L163,L63,O63:O163),"")
A64: Composição Auxiliar | B64: 93567-1 | C64: Próprio | D64: ENGENHEIRO ELETRICISTA DE OBRA PLENO COM ENCARGOS COMPLEMENTARES | E64: Livro SINAPI: Cálculos e Parâmetros | G64: MES | H64: 0.1 | I64: =SUMIFS('ANALÍTICA AUXILIARES'!J:J,'ANALÍTICA AUXILIARES'!A:A,"Composição",'ANALÍTICA AUXILIARES'!B:B,$B64) -> 28822.3 | J64: =TRUNC(H64*I64,2) -> 2882.23 | L64: =IF(AND(A65<>"",A64=""),L63+1,L63) -> 6 | M64: =IF(OR(A64="Insumo",A64="Composição Auxiliar"),J64,"") -> 2882.23 | N64: =IF(ISNUMBER(SEARCH("COM ENCARGOS COMPLEMENTARES",D64)),J64,"") -> 2882.23 | O64: =IF(N64<>"","",M64) | P64: =IF(A64="Composição",A63,"") | Q64: =IF(P64<>"",SUMIF(L64:L164,L64,N64:N164),"") | R64: =IF(P64<>"",SUMIF(L64:L164,L64,O64:O164),"")
A65: Composição Auxiliar | B65: 93567-2 | C65: Próprio | D65: ENGENHEIRO MECANICO DE OBRA PLENO COM ENCARGOS COMPLEMENTARES | E65: Livro SINAPI: Cálculos e Parâmetros | G65: MES | H65: 0.1 | I65: =SUMIFS('ANALÍTICA AUXILIARES'!J:J,'ANALÍTICA AUXILIARES'!A:A,"Composição",'ANALÍTICA AUXILIARES'!B:B,$B65) -> 28822.3 | J65: =TRUNC(H65*I65,2) -> 2882.23 | L65: =IF(AND(A66<>"",A65=""),L64+1,L64) -> 6 | M65: =IF(OR(A65="Insumo",A65="Composição Auxiliar"),J65,"") -> 2882.23 | N65: =IF(ISNUMBER(SEARCH("COM ENCARGOS COMPLEMENTARES",D65)),J65,"") -> 2882.23 | O65: =IF(N65<>"","",M65) | P65: =IF(A65="Composição",A64,"") | Q65: =IF(P65<>"",SUMIF(L65:L165,L65,N65:N165),"") | R65: =IF(P65<>"",SUMIF(L65:L165,L65,O65:O165),"")
A66: Composição Auxiliar | B66: 94295 | C66: SINAPI | D66: MESTRE DE OBRAS COM ENCARGOS COMPLEMENTARES | E66: Livro SINAPI: Cálculos e Parâmetros | G66: MES | H66: 1 | I66: =SUMIFS('ANALÍTICA AUXILIARES'!J:J,'ANALÍTICA AUXILIARES'!A:A,"Composição",'ANALÍTICA AUXILIARES'!B:B,$B66) -> 10331.61 | J66: =TRUNC(H66*I66,2) -> 10331.61 | L66: =IF(AND(A67<>"",A66=""),L65+1,L65) -> 6 | M66: =IF(OR(A66="Insumo",A66="Composição Auxiliar"),J66,"") -> 10331.61 | N66: =IF(ISNUMBER(SEARCH("COM ENCARGOS COMPLEMENTARES",D66)),J66,"") -> 10331.61 | O66: =IF(N66<>"","",M66) | P66: =IF(A66="Composição",A65,"") | Q66: =IF(P66<>"",SUMIF(L66:L166,L66,N66:N166),"") | R66: =IF(P66<>"",SUMIF(L66:L166,L66,O66:O166),"")
A67: Composição Auxiliar | B67: 93567-2 | C67: Próprio | D67: ENGENHEIRO MECANICO DE OBRA PLENO COM ENCARGOS COMPLEMENTARES | E67: Livro SINAPI: Cálculos e Parâmetros | G67: MES | H67: 0.1 | I67: =SUMIFS('ANALÍTICA AUXILIARES'!J:J,'ANALÍTICA AUXILIARES'!A:A,"Composição",'ANALÍTICA AUXILIARES'!B:B,$B67) -> 28822.3 | J67: =TRUNC(H67*I67,2) -> 2882.23 | L67: =IF(AND(A68<>"",A67=""),L66+1,L66) -> 6 | M67: =IF(OR(A67="Insumo",A67="Composição Auxiliar"),J67,"") -> 2882.23 | N67: =IF(ISNUMBER(SEARCH("COM ENCARGOS COMPLEMENTARES",D67)),J67,"") -> 2882.23 | O67: =IF(N67<>"","",M67) | P67: =IF(A67="Composição",A66,"") | Q67: =IF(P67<>"",SUMIF(L67:L167,L67,N67:N167),"") | R67: =IF(P67<>"",SUMIF(L67:L167,L67,O67:O167),"")
A68: Composição Auxiliar | B68: 93567 | C68: SINAPI | D68: ENGENHEIRO CIVIL DE OBRA PLENO COM ENCARGOS COMPLEMENTARES | E68: Livro SINAPI: Cálculos e Parâmetros | G68: MES | H68: 0.2 | I68: =SUMIFS('ANALÍTICA AUXILIARES'!J:J,'ANALÍTICA AUXILIARES'!A:A,"Composição",'ANALÍTICA AUXILIARES'!B:B,$B68) -> 28822.3 | J68: =TRUNC(H68*I68,2) -> 5764.46 | L68: =IF(AND(A69<>"",A68=""),L67+1,L67) -> 6 | M68: =IF(OR(A68="Insumo",A68="Composição Auxiliar"),J68,"") -> 5764.46 | N68: =IF(ISNUMBER(SEARCH("COM ENCARGOS COMPLEMENTARES",D68)),J68,"") -> 5764.46 | O68: =IF(N68<>"","",M68) | P68: =IF(A68="Composição",A67,"") | Q68: =IF(P68<>"",SUMIF(L68:L168,L68,N68:N168),"") | R68: =IF(P68<>"",SUMIF(L68:L168,L68,O68:O168),"")
L69: =IF(AND(A70<>"",A69=""),L68+1,L68) -> 6 | M69: =IF(OR(A69="Insumo",A69="Composição Auxiliar"),J69,"") | N69: =IF(ISNUMBER(SEARCH("COM ENCARGOS COMPLEMENTARES",D69)),J69,"") | O69: =IF(N69<>"","",M69) | P69: =IF(A69="Composição",A68,"") | Q69: =IF(P69<>"",SUMIF(L69:L169,L69,N69:N169),"") | R69: =IF(P69<>"",SUMIF(L69:L169,L69,O69:O169),"")
H70: Valor com BDI => | J70: =TRUNC(SUMIF(L:L,$L70,M:M)*(1+$J$9),2) -> 36647.48 | L70: =IF(AND(A71<>"",A70=""),L69+1,L69) -> 6 | M70: =IF(OR(A70="Insumo",A70="Composição Auxiliar"),J70,"") | N70: =IF(ISNUMBER(SEARCH("COM ENCARGOS COMPLEMENTARES",D70)),J70,"") | O70: =IF(N70<>"","",M70) | P70: =IF(A70="Composição",A69,"") | Q70: =IF(P70<>"",SUMIF(L70:L170,L70,N70:N170),"") | R70: =IF(P70<>"",SUMIF(L70:L170,L70,O70:O170),"")
G71: Quant. => | H71: 5,00 | I71: Preço Total => | J71: =TRUNC(J70*H71,2) -> 183237.4 | L71: =IF(AND(A72<>"",A71=""),L70+1,L70) -> 6 | M71: =IF(OR(A71="Insumo",A71="Composição Auxiliar"),J71,"") | N71: =IF(ISNUMBER(SEARCH("COM ENCARGOS COMPLEMENTARES",D71)),J71,"") | O71: =IF(N71<>"","",M71) | P71: =IF(A71="Composição",A70,"") | Q71: =IF(P71<>"",SUMIF(L71:L171,L71,N71:N171),"") | R71: =IF(P71<>"",SUMIF(L71:L171,L71,O71:O171),"")
L72: =IF(AND(A73<>"",A72=""),L71+1,L71) -> 7 | M72: =IF(OR(A72="Insumo",A72="Composição Auxiliar"),J72,"") | N72: =IF(ISNUMBER(SEARCH("COM ENCARGOS COMPLEMENTARES",D72)),J72,"") | O72: =IF(N72<>"","",M72) | P72: =IF(A72="Composição",A71,"") | Q72: =IF(P72<>"",SUMIF(L72:L172,L72,N72:N172),"") | R72: =IF(P72<>"",SUMIF(L72:L172,L72,O72:O172),"")
A73: 1.3.2 | D73: MÁQUINAS E EQUIPAMENTOS | L73: =IF(AND(A74<>"",A73=""),L72+1,L72) -> 7 | M73: =IF(OR(A73="Insumo",A73="Composição Auxiliar"),J73,"") | N73: =IF(ISNUMBER(SEARCH("COM ENCARGOS COMPLEMENTARES",D73)),J73,"") | O73: =IF(N73<>"","",M73) | P73: =IF(A73="Composição",A72,"") | Q73: =IF(P73<>"",SUMIF(L73:L173,L73,N73:N173),"") | R73: =IF(P73<>"",SUMIF(L73:L173,L73,O73:O173),"")
A74: 1.3.2.1 | D74: DE CONSTRUÇÃO | L74: =IF(AND(A75<>"",A74=""),L73+1,L73) -> 7 | M74: =IF(OR(A74="Insumo",A74="Composição Auxiliar"),J74,"") | N74: =IF(ISNUMBER(SEARCH("COM ENCARGOS COMPLEMENTARES",D74)),J74,"") | O74: =IF(N74<>"","",M74) | P74: =IF(A74="Composição",A73,"") | Q74: =IF(P74<>"",SUMIF(L74:L174,L74,N74:N174),"") | R74: =IF(P74<>"",SUMIF(L74:L174,L74,O74:O174),"")
A75: 1.3.2.1.1 | B75: Código | C75: Banco | D75: Descrição | E75: Tipo | G75: Und | H75: Quant. | I75: Valor Unit | J75: Total | L75: =IF(AND(A76<>"",A75=""),L74+1,L74) -> 7 | M75: =IF(OR(A75="Insumo",A75="Composição Auxiliar"),J75,"") | N75: =IF(ISNUMBER(SEARCH("COM ENCARGOS COMPLEMENTARES",D75)),J75,"") | O75: =IF(N75<>"","",M75) | P75: =IF(A75="Composição",A74,"") | Q75: =IF(P75<>"",SUMIF(L75:L175,L75,N75:N175),"") | R75: =IF(P75<>"",SUMIF(L75:L175,L75,O75:O175),"")
A76: Composição | B76: IG-LAM | C76: Próprio | D76: LOCACAO DE ANDAIME METALICO TIPO FACHADEIRO, PECAS COM APROXIMADAMENTE 1,20 M DE LARGURA E 2,0 M DE ALTURA, INCLUINDO DIAGONAIS EM X, BARRAS DE LIGACAO, SAPATAS E DEMAIS ITENS NECESSARIOS A MONTAGEM (NAO INCLUI INSTALACAO). REF UPACOMP573 | E76: SEDI - SERVIÇOS DIVERSOS | G76: m² | H76: 1 | I76: =SUMIF(L:L,$L76,M:M) -> 22.5 | J76: =TRUNC(H76*I76,2) -> 22.5 | L76: =IF(AND(A77<>"",A76=""),L75+1,L75) -> 7 | M76: =IF(OR(A76="Insumo",A76="Composição Auxiliar"),J76,"") | N76: =IF(ISNUMBER(SEARCH("COM ENCARGOS COMPLEMENTARES",D76)),J76,"") | O76: =IF(N76<>"","",M76) | P76: =IF(A76="Composição",A75,"") -> 1.3.2.1.1 | Q76: =IF(P76<>"",SUMIF(L76:L176,L76,N76:N176),"") -> 0 | R76: =IF(P76<>"",SUMIF(L76:L176,L76,O76:O176),"") -> 22.5
A77: Insumo | B77: 00020193 | C77: =VLOOKUP(B77,INSUMOS!$A:$I,2,FALSE) -> SINAPI | D77: =VLOOKUP(B77,INSUMOS!$A:$I,3,FALSE) -> LOCACAO DE ANDAIME METALICO TIPO FACHADEIRO, PECAS COM APROXIMADAMENTE 1,20 M DE LARGURA E 2,0 M DE ALTURA, INCLUINDO DIAGONAIS EM X, BARRAS DE LIGACAO, SAPATAS E DEMAIS ITENS NECESSARIOS A MONTAGEM (NAO INCLUI INSTALACAO) | E77: =VLOOKUP(B77,INSUMOS!$A:$I,4,FALSE) -> Equipamento | G77: =VLOOKUP(B77,INSUMOS!$A:$I,5,FALSE) -> M2XMES | H77: 1 | I77: =VLOOKUP(B77,INSUMOS!$A:$I,8,FALSE) -> 22.5 | J77: =TRUNC(H77*I77,2) -> 22.5 | L77: =IF(AND(A78<>"",A77=""),L76+1,L76) -> 7 | M77: =IF(OR(A77="Insumo",A77="Composição Auxiliar"),J77,"") -> 22.5 | N77: =IF(ISNUMBER(SEARCH("COM ENCARGOS COMPLEMENTARES",D77)),J77,"") | O77: =IF(N77<>"","",M77) -> 22.5 | P77: =IF(A77="Composição",A76,"") | Q77: =IF(P77<>"",SUMIF(L77:L177,L77,N77:N177),"") | R77: =IF(P77<>"",SUMIF(L77:L177,L77,O77:O177),"")
L78: =IF(AND(A79<>"",A78=""),L77+1,L77) -> 7 | M78: =IF(OR(A78="Insumo",A78="Composição Auxiliar"),J78,"") | N78: =IF(ISNUMBER(SEARCH("COM ENCARGOS COMPLEMENTARES",D78)),J78,"") | O78: =IF(N78<>"","",M78) | P78: =IF(A78="Composição",A77,"") | Q78: =IF(P78<>"",SUMIF(L78:L178,L78,N78:N178),"") | R78: =IF(P78<>"",SUMIF(L78:L178,L78,O78:O178),"")
H79: Valor com BDI => | J79: =TRUNC(SUMIF(L:L,$L79,M:M)*(1+$J$9),2) -> 27.21 | L79: =IF(AND(A80<>"",A79=""),L78+1,L78) -> 7 | M79: =IF(OR(A79="Insumo",A79="Composição Auxiliar"),J79,"") | N79: =IF(ISNUMBER(SEARCH("COM ENCARGOS COMPLEMENTARES",D79)),J79,"") | O79: =IF(N79<>"","",M79) | P79: =IF(A79="Composição",A78,"") | Q79: =IF(P79<>"",SUMIF(L79:L179,L79,N79:N179),"") | R79: =IF(P79<>"",SUMIF(L79:L179,L79,O79:O179),"")
G80: Quant. => | H80: 90,00 | I80: Preço Total => | J80: =TRUNC(J79*H80,2) -> 2448.9 | L80: =IF(AND(A81<>"",A80=""),L79+1,L79) -> 7 | M80: =IF(OR(A80="Insumo",A80="Composição Auxiliar"),J80,"") | N80: =IF(ISNUMBER(SEARCH("COM ENCARGOS COMPLEMENTARES",D80)),J80,"") | O80: =IF(N80<>"","",M80) | P80: =IF(A80="Composição",A79,"") | Q80: =IF(P80<>"",SUMIF(L80:L180,L80,N80:N180),"") | R80: =IF(P80<>"",SUMIF(L80:L180,L80,O80:O180),"")
L81: =IF(AND(A82<>"",A81=""),L80+1,L80) -> 8 | M81: =IF(OR(A81="Insumo",A81="Composição Auxiliar"),J81,"") | N81: =IF(ISNUMBER(SEARCH("COM ENCARGOS COMPLEMENTARES",D81)),J81,"") | O81: =IF(N81<>"","",M81) | P81: =IF(A81="Composição",A80,"") | Q81: =IF(P81<>"",SUMIF(L81:L181,L81,N81:N181),"") | R81: =IF(P81<>"",SUMIF(L81:L181,L81,O81:O181),"")
A82: 1.3.2.1.2 | B82: Código | C82: Banco | D82: Descrição | E82: Tipo | G82: Und | H82: Quant. | I82: Valor Unit | J82: Total | L82: =IF(AND(A83<>"",A82=""),L81+1,L81) -> 8 | M82: =IF(OR(A82="Insumo",A82="Composição Auxiliar"),J82,"") | N82: =IF(ISNUMBER(SEARCH("COM ENCARGOS COMPLEMENTARES",D82)),J82,"") | O82: =IF(N82<>"","",M82) | P82: =IF(A82="Composição",A81,"") | Q82: =IF(P82<>"",SUMIF(L82:L182,L82,N82:N182),"") | R82: =IF(P82<>"",SUMIF(L82:L182,L82,O82:O182),"")
A83: Composição | B83: 97063 | C83: SINAPI | D83: MONTAGEM E DESMONTAGEM DE ANDAIME MODULAR FACHADEIRO, COM PISO METÁLICO, PARA EDIFÍCIOS COM MULTIPLOS PAVIMENTOS (EXCLUSIVE ANDAIME E LIMPEZA). AF_03/2024 | E83: Equipamentos de Proteção Coletiva | G83: m² | H83: 1 | I83: =SUMIF(L:L,$L83,M:M) -> 20.13 | J83: =TRUNC(H83*I83,2) -> 20.13 | L83: =IF(AND(A84<>"",A83=""),L82+1,L82) -> 8 | M83: =IF(OR(A83="Insumo",A83="Composição Auxiliar"),J83,"") | N83: =IF(ISNUMBER(SEARCH("COM ENCARGOS COMPLEMENTARES",D83)),J83,"") | O83: =IF(N83<>"","",M83) | P83: =IF(A83="Composição",A82,"") -> 1.3.2.1.2 | Q83: =IF(P83<>"",SUMIF(L83:L183,L83,N83:N183),"") -> 17.57 | R83: =IF(P83<>"",SUMIF(L83:L183,L83,O83:O183),"") -> 2.56
A84: Composição Auxiliar | B84: 88316 | C84: SINAPI | D84: SERVENTE COM ENCARGOS COMPLEMENTARES | E84: Livro SINAPI: Cálculos e Parâmetros | G84: H | H84: 0.1058 | I84: =SUMIFS('ANALÍTICA AUXILIARES'!J:J,'ANALÍTICA AUXILIARES'!A:A,"Composição",'ANALÍTICA AUXILIARES'!B:B,$B84) -> 25.11 | J84: =TRUNC(H84*I84,2) -> 2.65 | L84: =IF(AND(A85<>"",A84=""),L83+1,L83) -> 8 | M84: =IF(OR(A84="Insumo",A84="Composição Auxiliar"),J84,"") -> 2.65 | N84: =IF(ISNUMBER(SEARCH("COM ENCARGOS COMPLEMENTARES",D84)),J84,"") -> 2.65 | O84: =IF(N84<>"","",M84) | P84: =IF(A84="Composição",A83,"") | Q84: =IF(P84<>"",SUMIF(L84:L184,L84,N84:N184),"") | R84: =IF(P84<>"",SUMIF(L84:L184,L84,O84:O184),"")
A85: Composição Auxiliar | B85: 88278 | C85: SINAPI | D85: MONTADOR DE ESTRUTURAS METÁLICAS COM ENCARGOS COMPLEMENTARES | E85: Livro SINAPI: Cálculos e Parâmetros | G85: H | H85: 0.5546 | I85: =SUMIFS('ANALÍTICA AUXILIARES'!J:J,'ANALÍTICA AUXILIARES'!A:A,"Composição",'ANALÍTICA AUXILIARES'!B:B,$B85) -> 26.91 | J85: =TRUNC(H85*I85,2) -> 14.92 | L85: =IF(AND(A86<>"",A85=""),L84+1,L84) -> 8 | M85: =IF(OR(A85="Insumo",A85="Composição Auxiliar"),J85,"") -> 14.92 | N85: =IF(ISNUMBER(SEARCH("COM ENCARGOS COMPLEMENTARES",D85)),J85,"") -> 14.92 | O85: =IF(N85<>"","",M85) | P85: =IF(A85="Composição",A84,"") | Q85: =IF(P85<>"",SUMIF(L85:L185,L85,N85:N185),"") | R85: =IF(P85<>"",SUMIF(L85:L185,L85,O85:O185),"")
A86: Composição Auxiliar | B86: 100251 | C86: SINAPI | D86: TRANSPORTE HORIZONTAL MANUAL, DE TUBO DE AÇO CARBONO LEVE OU MÉDIO, PRETO OU GALVANIZADO, COM DIÂMETRO MAIOR QUE 32 MM E MENOR OU IGUAL A 65 MM (UNIDADE: MXKM). AF_07/2019 | E86: Transporte de Materiais dentro do Canteiro de Obras | G86: MXKM | H86: 0.1673 | I86: =SUMIFS('ANALÍTICA AUXILIARES'!J:J,'ANALÍTICA AUXILIARES'!A:A,"Composição",'ANALÍTICA AUXILIARES'!B:B,$B86) -> 15.36 | J86: =TRUNC(H86*I86,2) -> 2.56 | L86: =IF(AND(A87<>"",A86=""),L85+1,L85) -> 8 | M86: =IF(OR(A86="Insumo",A86="Composição Auxiliar"),J86,"") -> 2.56 | N86: =IF(ISNUMBER(SEARCH("COM ENCARGOS COMPLEMENTARES",D86)),J86,"") | O86: =IF(N86<>"","",M86) -> 2.56 | P86: =IF(A86="Composição",A85,"") | Q86: =IF(P86<>"",SUMIF(L86:L186,L86,N86:N186),"") | R86: =IF(P86<>"",SUMIF(L86:L186,L86,O86:O186),"")
L87: =IF(AND(A88<>"",A87=""),L86+1,L86) -> 8 | M87: =IF(OR(A87="Insumo",A87="Composição Auxiliar"),J87,"") | N87: =IF(ISNUMBER(SEARCH("COM ENCARGOS COMPLEMENTARES",D87)),J87,"") | O87: =IF(N87<>"","",M87) | P87: =IF(A87="Composição",A86,"") | Q87: =IF(P87<>"",SUMIF(L87:L187,L87,N87:N187),"") | R87: =IF(P87<>"",SUMIF(L87:L187,L87,O87:O187),"")
H88: Valor com BDI => | J88: =TRUNC(SUMIF(L:L,$L88,M:M)*(1+$J$9),2) -> 24.34 | L88: =IF(AND(A89<>"",A88=""),L87+1,L87) -> 8 | M88: =IF(OR(A88="Insumo",A88="Composição Auxiliar"),J88,"") | N88: =IF(ISNUMBER(SEARCH("COM ENCARGOS COMPLEMENTARES",D88)),J88,"") | O88: =IF(N88<>"","",M88) | P88: =IF(A88="Composição",A87,"") | Q88: =IF(P88<>"",SUMIF(L88:L188,L88,N88:N188),"") | R88: =IF(P88<>"",SUMIF(L88:L188,L88,O88:O188),"")
G89: Quant. => | H89: 90,00 | I89: Preço Total => | J89: =TRUNC(J88*H89,2) -> 2190.6 | L89: =IF(AND(A90<>"",A89=""),L88+1,L88) -> 8 | M89: =IF(OR(A89="Insumo",A89="Composição Auxiliar"),J89,"") | N89: =IF(ISNUMBER(SEARCH("COM ENCARGOS COMPLEMENTARES",D89)),J89,"") | O89: =IF(N89<>"","",M89) | P89: =IF(A89="Composição",A88,"") | Q89: =IF(P89<>"",SUMIF(L89:L189,L89,N89:N189),"") | R89: =IF(P89<>"",SUMIF(L89:L189,L89,O89:O189),"")
L90: =IF(AND(A91<>"",A90=""),L89+1,L89) -> 9 | M90: =IF(OR(A90="Insumo",A90="Composição Auxiliar"),J90,"") | N90: =IF(ISNUMBER(SEARCH("COM ENCARGOS COMPLEMENTARES",D90)),J90,"") | O90: =IF(N90<>"","",M90) | P90: =IF(A90="Composição",A89,"") | Q90: =IF(P90<>"",SUMIF(L90:L190,L90,N90:N190),"") | R90: =IF(P90<>"",SUMIF(L90:L190,L90,O90:O190),"")
A91: 1.3.2.1.3 | B91: Código | C91: Banco | D91: Descrição | E91: Tipo | G91: Und | H91: Quant. | I91: Valor Unit | J91: Total | L91: =IF(AND(A92<>"",A91=""),L90+1,L90) -> 9 | M91: =IF(OR(A91="Insumo",A91="Composição Auxiliar"),J91,"") | N91: =IF(ISNUMBER(SEARCH("COM ENCARGOS COMPLEMENTARES",D91)),J91,"") | O91: =IF(N91<>"","",M91) | P91: =IF(A91="Composição",A90,"") | Q91: =IF(P91<>"",SUMIF(L91:L191,L91,N91:N191),"") | R91: =IF(P91<>"",SUMIF(L91:L191,L91,O91:O191),"")
A92: Composição | B92: IG-ECM01 | C92: Próprio | D92: UTILIZAÇÃO DE EQUIPE DE APOIO COM CAMINHÃO MUNK. REF CAE 508015 | E92: 5080 | G92: H | H92: 1 | I92: =SUMIF(L:L,$L92,M:M) -> 27.38 | J92: =TRUNC(H92*I92,2) -> 27.38 | L92: =IF(AND(A93<>"",A92=""),L91+1,L91) -> 9 | M92: =IF(OR(A92="Insumo",A92="Composição Auxiliar"),J92,"") | N92: =IF(ISNUMBER(SEARCH("COM ENCARGOS COMPLEMENTARES",D92)),J92,"") | O92: =IF(N92<>"","",M92) | P92: =IF(A92="Composição",A91,"") -> 1.3.2.1.3 | Q92: =IF(P92<>"",SUMIF(L92:L192,L92,N92:N192),"") -> 0 | R92: =IF(P92<>"",SUMIF(L92:L192,L92,O92:O192),"") -> 27.38
A93: Insumo | B93: B010000097 | C93: =VLOOKUP(B93,INSUMOS!$A:$I,2,FALSE) -> CAEMA | D93: =VLOOKUP(B93,INSUMOS!$A:$I,3,FALSE) -> SERVENTE | E93: =VLOOKUP(B93,INSUMOS!$A:$I,4,FALSE) -> Mão de Obra | G93: =VLOOKUP(B93,INSUMOS!$A:$I,5,FALSE) -> H | H93: 1 | I93: =VLOOKUP(B93,INSUMOS!$A:$I,8,FALSE) -> 10.48 | J93: =TRUNC(H93*I93,2) -> 10.48 | L93: =IF(AND(A94<>"",A93=""),L92+1,L92) -> 9 | M93: =IF(OR(A93="Insumo",A93="Composição Auxiliar"),J93,"") -> 10.48 | N93: =IF(ISNUMBER(SEARCH("COM ENCARGOS COMPLEMENTARES",D93)),J93,"") | O93: =IF(N93<>"","",M93) -> 10.48 | P93: =IF(A93="Composição",A92,"") | Q93: =IF(P93<>"",SUMIF(L93:L193,L93,N93:N193),"") | R93: =IF(P93<>"",SUMIF(L93:L193,L93,O93:O193),"")
A94: Insumo | B94: B010000083 | C94: =VLOOKUP(B94,INSUMOS!$A:$I,2,FALSE) -> CAEMA | D94: =VLOOKUP(B94,INSUMOS!$A:$I,3,FALSE) -> MOTORISTA OPERADOR DE MUNCK COM ENCARGOS SOCIAIS | E94: =VLOOKUP(B94,INSUMOS!$A:$I,4,FALSE) -> Mão de Obra | G94: =VLOOKUP(B94,INSUMOS!$A:$I,5,FALSE) -> H | H94: 1 | I94: =VLOOKUP(B94,INSUMOS!$A:$I,8,FALSE) -> 16.9 | J94: =TRUNC(H94*I94,2) -> 16.9 | L94: =IF(AND(A95<>"",A94=""),L93+1,L93) -> 9 | M94: =IF(OR(A94="Insumo",A94="Composição Auxiliar"),J94,"") -> 16.9 | N94: =IF(ISNUMBER(SEARCH("COM ENCARGOS COMPLEMENTARES",D94)),J94,"") | O94: =IF(N94<>"","",M94) -> 16.9 | P94: =IF(A94="Composição",A93,"") | Q94: =IF(P94<>"",SUMIF(L94:L194,L94,N94:N194),"") | R94: =IF(P94<>"",SUMIF(L94:L194,L94,O94:O194),"")
L95: =IF(AND(A96<>"",A95=""),L94+1,L94) -> 9 | M95: =IF(OR(A95="Insumo",A95="Composição Auxiliar"),J95,"") | N95: =IF(ISNUMBER(SEARCH("COM ENCARGOS COMPLEMENTARES",D95)),J95,"") | O95: =IF(N95<>"","",M95) | P95: =IF(A95="Composição",A94,"") | Q95: =IF(P95<>"",SUMIF(L95:L195,L95,N95:N195),"") | R95: =IF(P95<>"",SUMIF(L95:L195,L95,O95:O195),"")
H96: Valor com BDI => | J96: =TRUNC(SUMIF(L:L,$L96,M:M)*(1+$J$9),2) -> 33.11 | L96: =IF(AND(A97<>"",A96=""),L95+1,L95) -> 9 | M96: =IF(OR(A96="Insumo",A96="Composição Auxiliar"),J96,"") | N96: =IF(ISNUMBER(SEARCH("COM ENCARGOS COMPLEMENTARES",D96)),J96,"") | O96: =IF(N96<>"","",M96) | P96: =IF(A96="Composição",A95,"") | Q96: =IF(P96<>"",SUMIF(L96:L196,L96,N96:N196),"") | R96: =IF(P96<>"",SUMIF(L96:L196,L96,O96:O196),"")
G97: Quant. => | H97: 15,00 | I97: Preço Total => | J97: =TRUNC(J96*H97,2) -> 496.65 | L97: =IF(AND(A98<>"",A97=""),L96+1,L96) -> 9 | M97: =IF(OR(A97="Insumo",A97="Composição Auxiliar"),J97,"") | N97: =IF(ISNUMBER(SEARCH("COM ENCARGOS COMPLEMENTARES",D97)),J97,"") | O97: =IF(N97<>"","",M97) | P97: =IF(A97="Composição",A96,"") | Q97: =IF(P97<>"",SUMIF(L97:L197,L97,N97:N197),"") | R97: =IF(P97<>"",SUMIF(L97:L197,L97,O97:O197),"")
L98: =IF(AND(A99<>"",A98=""),L97+1,L97) -> 10 | M98: =IF(OR(A98="Insumo",A98="Composição Auxiliar"),J98,"") | N98: =IF(ISNUMBER(SEARCH("COM ENCARGOS COMPLEMENTARES",D98)),J98,"") | O98: =IF(N98<>"","",M98) | P98: =IF(A98="Composição",A97,"") | Q98: =IF(P98<>"",SUMIF(L98:L198,L98,N98:N198),"") | R98: =IF(P98<>"",SUMIF(L98:L198,L98,O98:O198),"")
A99: 2 | D99: GRUPO 02 - IMPLANTAÇÃO | L99: =IF(AND(A100<>"",A99=""),L98+1,L98) -> 10 | M99: =IF(OR(A99="Insumo",A99="Composição Auxiliar"),J99,"") | N99: =IF(ISNUMBER(SEARCH("COM ENCARGOS COMPLEMENTARES",D99)),J99,"") | O99: =IF(N99<>"","",M99) | P99: =IF(A99="Composição",A98,"") | Q99: =IF(P99<>"",SUMIF(L99:L199,L99,N99:N199),"") | R99: =IF(P99<>"",SUMIF(L99:L199,L99,O99:O199),"")
A100: 2.1 | D100: SERVIÇOS PRELIMINARES | L100: =IF(AND(A101<>"",A100=""),L99+1,L99) -> 10 | M100: =IF(OR(A100="Insumo",A100="Composição Auxiliar"),J100,"") | N100: =IF(ISNUMBER(SEARCH("COM ENCARGOS COMPLEMENTARES",D100)),J100,"") | O100: =IF(N100<>"","",M100) | P100: =IF(A100="Composição",A99,"") | Q100: =IF(P100<>"",SUMIF(L100:L200,L100,N100:N200),"") | R100: =IF(P100<>"",SUMIF(L100:L200,L100,O100:O200),"")
A101: 2.1.1 | D101: MOBILIZAÇÃO | L101: =IF(AND(A102<>"",A101=""),L100+1,L100) -> 10 | M101: =IF(OR(A101="Insumo",A101="Composição Auxiliar"),J101,"") | N101: =IF(ISNUMBER(SEARCH("COM ENCARGOS COMPLEMENTARES",D101)),J101,"") | O101: =IF(N101<>"","",M101) | P101: =IF(A101="Composição",A100,"") | Q101: =IF(P101<>"",SUMIF(L101:L201,L101,N101:N201),"") | R101: =IF(P101<>"",SUMIF(L101:L201,L101,O101:O201),"")
A102: 2.1.1.1 | D102: CONSTRUÇÕES PROVISÓRIAS | L102: =IF(AND(A103<>"",A102=""),L101+1,L101) -> 10 | M102: =IF(OR(A102="Insumo",A102="Composição Auxiliar"),J102,"") | N102: =IF(ISNUMBER(SEARCH("COM ENCARGOS COMPLEMENTARES",D102)),J102,"") | O102: =IF(N102<>"","",M102) | P102: =IF(A102="Composição",A101,"") | Q102: =IF(P102<>"",SUMIF(L102:L202,L102,N102:N202),"") | R102: =IF(P102<>"",SUMIF(L102:L202,L102,O102:O202),"")
A103: 2.1.1.1.1 | B103: Código | C103: Banco | D103: Descrição | E103: Tipo | G103: Und | H103: Quant. | I103: Valor Unit | J103: Total | L103: =IF(AND(A104<>"",A103=""),L102+1,L102) -> 10 | M103: =IF(OR(A103="Insumo",A103="Composição Auxiliar"),J103,"") | N103: =IF(ISNUMBER(SEARCH("COM ENCARGOS COMPLEMENTARES",D103)),J103,"") | O103: =IF(N103<>"","",M103) | P103: =IF(A103="Composição",A102,"") | Q103: =IF(P103<>"",SUMIF(L103:L203,L103,N103:N203),"") | R103: =IF(P103<>"",SUMIF(L103:L203,L103,O103:O203),"")
...

Sheet ANALÍTICA AUXILIARES
A2: =INSTRUÇÕES!A2 -> INSTITUTO DE GESTÃO ESTRATÉGICA DE SAÚDE
A3: =INSTRUÇÕES!A3 -> IGES-DF
A5: =INSTRUÇÕES!A6 -> OBRA: REFORMA - GAMA CÂMARA MEDICINA NUCLEAR HBDF - NÃO DESONERADO - R00
A6: PLANILHA ANALÍTICA - COMPOSIÇÕES AUXILIARES (SEM BDI)
E8: =SINTÉTICA!$E$8 -> LEIS SOCIAIS NÃO DESONERADAS - REFERÊNCIA HORISTA SINAPI: LS | J8: =SINTÉTICA!$J$8 -> 1.1014
E9: =SINTÉTICA!$E$9 -> BENEFÍCIOS E DESPESAS INDIRETAS: BDI | J9: =BDI!D23 -> 0.2094
E10: =SINTÉTICA!$E$11 -> REFERÊNCIA: SINAPI - DF - 01/22 (NÃO DESONERADA)
T11: 20 | U11: 21 | V11: 22 | W11: 23 | X11: 24 | Y11: 25 | Z11: 26 | AA11: 27 | AB11: 28 | AC11: 29
A12: TIPO | B12: CÓDIGO | C12: BANCO | D12: DESCRIÇÃO | E12: TIPO | G12: UND | H12: QUANT. | I12: VALOR UNIT SEM BDI | J12: TOTAL SEM BDI | L12: CONT | M12: TOT | N12: MO | O12: MAT | P12: COD | Q12: MO T | R12: MAT T | U12: Código | V12: Banco | W12: Descrição | X12: Tipo | Z12: Und | AA12: Quant.
T13: Composição | U13: 88239 | V13: SINAPI | W13: AJUDANTE DE CARPINTEIRO COM ENCARGOS COMPLEMENTARES | X13: SEDI - SERVIÇOS DIVERSOS | Z13: H | AA13: 1 | AB13: =SUMIF(AE:AE,$L13,AF:AF) -> 0 | AC13: =TRUNC(AA13*AB13,2) -> 0
A14: Composições Principais | L14: 1 | M14: =IF(OR(A14="Insumo",A14="Composição Auxiliar"),J14,"") | N14: =IF(E14="Mão de Obra",J14,"") | O14: =IF(N14<>"","",M14) | P14: =IF(A14="Composição",B14,"") | Q14: =IF(P14<>"",SUMIF(L14:L114,L14,N14:N114),"") | R14: =IF(P14<>"",SUMIF(L14:L114,L14,O14:O114),"") | T14: Composição Auxiliar | U14: 95309 | V14: SINAPI | W14: CURSO DE CAPACITAÇÃO PARA AJUDANTE DE CARPINTEIRO (ENCARGOS COMPLEMENTARES) - HORISTA | X14: SEDI - SERVIÇOS DIVERSOS | Z14: H | AA14: 1 | AB14: =SUMIFS(AC:AC,T:T,"Composição",U:U,$B14) -> 0 | AC14: =TRUNC(AA14*AB14,2) -> 0
A15: 1.1.1.1.1 | B15: Código | C15: Banco | D15: Descrição | E15: Tipo | G15: Und | H15: Quant. | I15: Valor Unit | J15: Total | L15: =IF(AND(A16<>"",A15=""),L14+1,L14) -> 1 | M15: =IF(OR(A15="Insumo",A15="Composição Auxiliar"),J15,"") | N15: =IF(E15="Mão de Obra",J15,"") | O15: =IF(N15<>"","",M15) | P15: =IF(A15="Composição",B15,"") | Q15: =IF(P15<>"",SUMIF(L15:L115,L15,N15:N115),"") | R15: =IF(P15<>"",SUMIF(L15:L115,L15,O15:O115),"") | T15: Insumo | U15: 00037370 | V15: =VLOOKUP(U15,INSUMOS!$A:$I,2,FALSE) -> SINAPI | W15: =VLOOKUP(U15,INSUMOS!$A:$I,3,FALSE) -> ALIMENTACAO - HORISTA (COLETADO CAIXA - ENCARGOS COMPLEMENTARES) | X15: =VLOOKUP(U15,INSUMOS!$A:$I,4,FALSE) -> Encargos Complementares | Z15: =VLOOKUP(U15,INSUMOS!$A:$I,5,FALSE) -> H | AA15: 1 | AB15: =VLOOKUP(U15,INSUMOS!$A:$I,8,FALSE) -> 4.29 | AC15: =TRUNC(AA15*AB15,2) -> 4.29
A16: Composição | B16: IG-ART01 | C16: Próprio | D16: ART CREA DF 2025. REF UPACOMP347 | E16: SEOP - SERVIÇOS OPERACIONAIS | G16: UN | H16: 1 | I16: =SUMIF(L:L,$L16,M:M) -> 262.55 | J16: =TRUNC(H16*I16,2) -> 262.55 | L16: =IF(AND(A17<>"",A16=""),L15+1,L15) -> 1 | M16: =IF(OR(A16="Insumo",A16="Composição Auxiliar"),J16,"") | N16: =IF(E16="Mão de Obra",J16,"") | O16: =IF(N16<>"","",M16) | P16: =IF(A16="Composição",B16,"") -> IG-ART01 | Q16: =IF(P16<>"",SUMIF(L16:L116,L16,N16:N116),"") -> 0 | R16: =IF(P16<>"",SUMIF(L16:L116,L16,O16:O116),"") -> 262.55
A17: Insumo | B17: UPAINS214 | C17: =VLOOKUP(B17,INSUMOS!$A:$I,2,FALSE) -> Próprio | D17: =VLOOKUP(B17,INSUMOS!$A:$I,3,FALSE) -> ART CREA DF 2024 | E17: =VLOOKUP(B17,INSUMOS!$A:$I,4,FALSE) -> Taxas | G17: =VLOOKUP(B17,INSUMOS!$A:$I,5,FALSE) -> UN | H17: 1 | I17: =VLOOKUP(B17,INSUMOS!$A:$I,8,FALSE) -> 262.55 | J17: =TRUNC(H17*I17,2) -> 262.55 | L17: =IF(AND(A18<>"",A17=""),L16+1,L16) -> 1 | M17: =IF(OR(A17="Insumo",A17="Composição Auxiliar"),J17,"") -> 262.55 | N17: =IF(E17="Mão de Obra",J17,"") | O17: =IF(N17<>"","",M17) -> 262.55 | P17: =IF(A17="Composição",B17,"") | Q17: =IF(P17<>"",SUMIF(L17:L117,L17,N17:N117),"") | R17: =IF(P17<>"",SUMIF(L17:L117,L17,O17:O117),"")
L18: =IF(AND(A19<>"",A18=""),L17+1,L17) -> 1 | M18: =IF(OR(A18="Insumo",A18="Composição Auxiliar"),J18,"") | N18: =IF(E18="Mão de Obra",J18,"") | O18: =IF(N18<>"","",M18) | P18: =IF(A18="Composição",B18,"") | Q18: =IF(P18<>"",SUMIF(L18:L118,L18,N18:N118),"") | R18: =IF(P18<>"",SUMIF(L18:L118,L18,O18:O118),"")
L19: =IF(AND(A20<>"",A19=""),L18+1,L18) -> 1 | M19: =IF(OR(A19="Insumo",A19="Composição Auxiliar"),J19,"") | N19: =IF(E19="Mão de Obra",J19,"") | O19: =IF(N19<>"","",M19) | P19: =IF(A19="Composição",B19,"") | Q19: =IF(P19<>"",SUMIF(L19:L119,L19,N19:N119),"") | R19: =IF(P19<>"",SUMIF(L19:L119,L19,O19:O119),"")
L20: =IF(AND(A21<>"",A20=""),L19+1,L19) -> 2 | M20: =IF(OR(A20="Insumo",A20="Composição Auxiliar"),J20,"") | N20: =IF(E20="Mão de Obra",J20,"") | O20: =IF(N20<>"","",M20) | P20: =IF(A20="Composição",B20,"") | Q20: =IF(P20<>"",SUMIF(L20:L120,L20,N20:N120),"") | R20: =IF(P20<>"",SUMIF(L20:L120,L20,O20:O120),"")
A21: 1.2.1.1.1 | B21: Código | C21: Banco | D21: Descrição | E21: Tipo | G21: Und | H21: Quant. | I21: Valor Unit | J21: Total | L21: =IF(AND(A22<>"",A21=""),L20+1,L20) -> 2 | M21: =IF(OR(A21="Insumo",A21="Composição Auxiliar"),J21,"") | N21: =IF(E21="Mão de Obra",J21,"") | O21: =IF(N21<>"","",M21) | P21: =IF(A21="Composição",B21,"") | Q21: =IF(P21<>"",SUMIF(L21:L121,L21,N21:N121),"") | R21: =IF(P21<>"",SUMIF(L21:L121,L21,O21:O121),"")
A22: Composição | B22: IG-LFO01 | C22: Próprio | D22: LIMPEZA FINAL DA OBRA. REF UPACOMP478 | E22: SEDI - SERVIÇOS DIVERSOS | G22: m² | H22: 1 | I22: =SUMIF(L:L,$L22,M:M) -> 4.2 | J22: =TRUNC(H22*I22,2) -> 4.2 | L22: =IF(AND(A23<>"",A22=""),L21+1,L21) -> 2 | M22: =IF(OR(A22="Insumo",A22="Composição Auxiliar"),J22,"") | N22: =IF(E22="Mão de Obra",J22,"") | O22: =IF(N22<>"","",M22) | P22: =IF(A22="Composição",B22,"") -> IG-LFO01 | Q22: =IF(P22<>"",SUMIF(L22:L122,L22,N22:N122),"") -> 0 | R22: =IF(P22<>"",SUMIF(L22:L122,L22,O22:O122),"") -> 4.2
A23: Composição Auxiliar | B23: 88316 | C23: SINAPI | D23: SERVENTE COM ENCARGOS COMPLEMENTARES | E23: Livro SINAPI: Cálculos e Parâmetros | G23: H | H23: 0.14 | I23: =SUMIFS(J:J,A:A,"Composição",B:B,$B23) -> 25.11 | J23: =TRUNC(H23*I23,2) -> 3.51 | L23: =IF(AND(A24<>"",A23=""),L22+1,L22) -> 2 | M23: =IF(OR(A23="Insumo",A23="Composição Auxiliar"),J23,"") -> 3.51 | N23: =IF(E23="Mão de Obra",J23,"") | O23: =IF(N23<>"","",M23) -> 3.51 | P23: =IF(A23="Composição",B23,"") | Q23: =IF(P23<>"",SUMIF(L23:L123,L23,N23:N123),"") | R23: =IF(P23<>"",SUMIF(L23:L123,L23,O23:O123),"")
A24: Insumo | B24: 00000003 | C24: =VLOOKUP(B24,INSUMOS!$A:$I,2,FALSE) -> SINAPI | D24: =VLOOKUP(B24,INSUMOS!$A:$I,3,FALSE) -> ACIDO CLORIDRICO / ACIDO MURIATICO, DILUICAO 10% A 12% PARA USO EM LIMPEZA | E24: =VLOOKUP(B24,INSUMOS!$A:$I,4,FALSE) -> Material | G24: =VLOOKUP(B24,INSUMOS!$A:$I,5,FALSE) -> L | H24: 0.05 | I24: =VLOOKUP(B24,INSUMOS!$A:$I,8,FALSE) -> 13.98 | J24: =TRUNC(H24*I24,2) -> 0.69 | L24: =IF(AND(A25<>"",A24=""),L23+1,L23) -> 2 | M24: =IF(OR(A24="Insumo",A24="Composição Auxiliar"),J24,"") -> 0.69 | N24: =IF(E24="Mão de Obra",J24,"") | O24: =IF(N24<>"","",M24) -> 0.69 | P24: =IF(A24="Composição",B24,"") | Q24: =IF(P24<>"",SUMIF(L24:L124,L24,N24:N124),"") | R24: =IF(P24<>"",SUMIF(L24:L124,L24,O24:O124),"")
L25: =IF(AND(A26<>"",A25=""),L24+1,L24) -> 2 | M25: =IF(OR(A25="Insumo",A25="Composição Auxiliar"),J25,"") | N25: =IF(E25="Mão de Obra",J25,"") | O25: =IF(N25<>"","",M25) | P25: =IF(A25="Composição",B25,"") | Q25: =IF(P25<>"",SUMIF(L25:L125,L25,N25:N125),"") | R25: =IF(P25<>"",SUMIF(L25:L125,L25,O25:O125),"")
L26: =IF(AND(A27<>"",A26=""),L25+1,L25) -> 2 | M26: =IF(OR(A26="Insumo",A26="Composição Auxiliar"),J26,"") | N26: =IF(E26="Mão de Obra",J26,"") | O26: =IF(N26<>"","",M26) | P26: =IF(A26="Composição",B26,"") | Q26: =IF(P26<>"",SUMIF(L26:L126,L26,N26:N126),"") | R26: =IF(P26<>"",SUMIF(L26:L126,L26,O26:O126),"")
L27: =IF(AND(A28<>"",A27=""),L26+1,L26) -> 3 | M27: =IF(OR(A27="Insumo",A27="Composição Auxiliar"),J27,"") | N27: =IF(E27="Mão de Obra",J27,"") | O27: =IF(N27<>"","",M27) | P27: =IF(A27="Composição",B27,"") | Q27: =IF(P27<>"",SUMIF(L27:L127,L27,N27:N127),"") | R27: =IF(P27<>"",SUMIF(L27:L127,L27,O27:O127),"")
A28: 1.2.1.1.2 | B28: Código | C28: Banco | D28: Descrição | E28: Tipo | G28: Und | H28: Quant. | I28: Valor Unit | J28: Total | L28: =IF(AND(A29<>"",A28=""),L27+1,L27) -> 3 | M28: =IF(OR(A28="Insumo",A28="Composição Auxiliar"),J28,"") | N28: =IF(E28="Mão de Obra",J28,"") | O28: =IF(N28<>"","",M28) | P28: =IF(A28="Composição",B28,"") | Q28: =IF(P28<>"",SUMIF(L28:L128,L28,N28:N128),"") | R28: =IF(P28<>"",SUMIF(L28:L128,L28,O28:O128),"")
A29: Composição | B29: IG-LPO01 | C29: Próprio | D29: LIMPEZA PERMANENTE DA OBRA. REF UPACOMP479 | E29: SEDI - SERVIÇOS DIVERSOS | G29: MÊS | H29: 1 | I29: =SUMIF(L:L,$L29,M:M) -> 552.42 | J29: =TRUNC(H29*I29,2) -> 552.42 | L29: =IF(AND(A30<>"",A29=""),L28+1,L28) -> 3 | M29: =IF(OR(A29="Insumo",A29="Composição Auxiliar"),J29,"") | N29: =IF(E29="Mão de Obra",J29,"") | O29: =IF(N29<>"","",M29) | P29: =IF(A29="Composição",B29,"") -> IG-LPO01 | Q29: =IF(P29<>"",SUMIF(L29:L129,L29,N29:N129),"") -> 0 | R29: =IF(P29<>"",SUMIF(L29:L129,L29,O29:O129),"") -> 552.42
A30: Composição Auxiliar | B30: 88316 | C30: SINAPI | D30: SERVENTE COM ENCARGOS COMPLEMENTARES | E30: Livro SINAPI: Cálculos e Parâmetros | G30: H | H30: 22 | I30: =SUMIFS(J:J,A:A,"Composição",B:B,$B30) -> 25.11 | J30: =TRUNC(H30*I30,2) -> 552.42 | L30: =IF(AND(A31<>"",A30=""),L29+1,L29) -> 3 | M30: =IF(OR(A30="Insumo",A30="Composição Auxiliar"),J30,"") -> 552.42 | N30: =IF(E30="Mão de Obra",J30,"") | O30: =IF(N30<>"","",M30) -> 552.42 | P30: =IF(A30="Composição",B30,"") | Q30: =IF(P30<>"",SUMIF(L30:L130,L30,N30:N130),"") | R30: =IF(P30<>"",SUMIF(L30:L130,L30,O30:O130),"")
L31: =IF(AND(A32<>"",A31=""),L30+1,L30) -> 3 | M31: =IF(OR(A31="Insumo",A31="Composição Auxiliar"),J31,"") | N31: =IF(E31="Mão de Obra",J31,"") | O31: =IF(N31<>"","",M31) | P31: =IF(A31="Composição",B31,"") | Q31: =IF(P31<>"",SUMIF(L31:L131,L31,N31:N131),"") | R31: =IF(P31<>"",SUMIF(L31:L131,L31,O31:O131),"")
L32: =IF(AND(A33<>"",A32=""),L31+1,L31) -> 3 | M32: =IF(OR(A32="Insumo",A32="Composição Auxiliar"),J32,"") | N32: =IF(E32="Mão de Obra",J32,"") | O32: =IF(N32<>"","",M32) | P32: =IF(A32="Composição",B32,"") | Q32: =IF(P32<>"",SUMIF(L32:L132,L32,N32:N132),"") | R32: =IF(P32<>"",SUMIF(L32:L132,L32,O32:O132),"")
L33: =IF(AND(A34<>"",A33=""),L32+1,L32) -> 4 | M33: =IF(OR(A33="Insumo",A33="Composição Auxiliar"),J33,"") | N33: =IF(E33="Mão de Obra",J33,"") | O33: =IF(N33<>"","",M33) | P33: =IF(A33="Composição",B33,"") | Q33: =IF(P33<>"",SUMIF(L33:L133,L33,N33:N133),"") | R33: =IF(P33<>"",SUMIF(L33:L133,L33,O33:O133),"")
A34: 1.2.1.1.3 | B34: Código | C34: Banco | D34: Descrição | E34: Tipo | G34: Und | H34: Quant. | I34: Valor Unit | J34: Total | L34: =IF(AND(A35<>"",A34=""),L33+1,L33) -> 4 | M34: =IF(OR(A34="Insumo",A34="Composição Auxiliar"),J34,"") | N34: =IF(E34="Mão de Obra",J34,"") | O34: =IF(N34<>"","",M34) | P34: =IF(A34="Composição",B34,"") | Q34: =IF(P34<>"",SUMIF(L34:L134,L34,N34:N134),"") | R34: =IF(P34<>"",SUMIF(L34:L134,L34,O34:O134),"")
A35: Composição | B35: IG-CE01 | C35: Próprio | D35: CONTAINER PARA ENTULHO INCLUINDO TAXA DE DEPOSIÇÃO FINAL. REF UPACOMP574 | E35: SEDI - SERVIÇOS DIVERSOS | G35: UN | H35: 1 | I35: =SUMIF(L:L,$L35,M:M) -> 350 | J35: =TRUNC(H35*I35,2) -> 350 | L35: =IF(AND(A36<>"",A35=""),L34+1,L34) -> 4 | M35: =IF(OR(A35="Insumo",A35="Composição Auxiliar"),J35,"") | N35: =IF(E35="Mão de Obra",J35,"") | O35: =IF(N35<>"","",M35) | P35: =IF(A35="Composição",B35,"") -> IG-CE01 | Q35: =IF(P35<>"",SUMIF(L35:L135,L35,N35:N135),"") -> 0 | R35: =IF(P35<>"",SUMIF(L35:L135,L35,O35:O135),"") -> 350
A36: Insumo | B36: UPAINS252 | C36: =VLOOKUP(B36,INSUMOS!$A:$I,2,FALSE) -> Próprio | D36: =VLOOKUP(B36,INSUMOS!$A:$I,3,FALSE) -> CONTAINER PARA ENTULHO INCLUINDO TAXA DE DEPOSIÇÃO FINAL | E36: =VLOOKUP(B36,INSUMOS!$A:$I,4,FALSE) -> Material | G36: =VLOOKUP(B36,INSUMOS!$A:$I,5,FALSE) -> UN | H36: 1 | I36: =VLOOKUP(B36,INSUMOS!$A:$I,8,FALSE) -> 350 | J36: =TRUNC(H36*I36,2) -> 350 | L36: =IF(AND(A37<>"",A36=""),L35+1,L35) -> 4 | M36: =IF(OR(A36="Insumo",A36="Composição Auxiliar"),J36,"") -> 350 | N36: =IF(E36="Mão de Obra",J36,"") | O36: =IF(N36<>"","",M36) -> 350 | P36: =IF(A36="Composição",B36,"") | Q36: =IF(P36<>"",SUMIF(L36:L136,L36,N36:N136),"") | R36: =IF(P36<>"",SUMIF(L36:L136,L36,O36:O136),"")
L37: =IF(AND(A38<>"",A37=""),L36+1,L36) -> 4 | M37: =IF(OR(A37="Insumo",A37="Composição Auxiliar"),J37,"") | N37: =IF(E37="Mão de Obra",J37,"") | O37: =IF(N37<>"","",M37) | P37: =IF(A37="Composição",B37,"") | Q37: =IF(P37<>"",SUMIF(L37:L137,L37,N37:N137),"") | R37: =IF(P37<>"",SUMIF(L37:L137,L37,O37:O137),"")
L38: =IF(AND(A39<>"",A38=""),L37+1,L37) -> 4 | M38: =IF(OR(A38="Insumo",A38="Composição Auxiliar"),J38,"") | N38: =IF(E38="Mão de Obra",J38,"") | O38: =IF(N38<>"","",M38) | P38: =IF(A38="Composição",B38,"") | Q38: =IF(P38<>"",SUMIF(L38:L138,L38,N38:N138),"") | R38: =IF(P38<>"",SUMIF(L38:L138,L38,O38:O138),"")
L39: =IF(AND(A40<>"",A39=""),L38+1,L38) -> 5 | M39: =IF(OR(A39="Insumo",A39="Composição Auxiliar"),J39,"") | N39: =IF(E39="Mão de Obra",J39,"") | O39: =IF(N39<>"","",M39) | P39: =IF(A39="Composição",B39,"") | Q39: =IF(P39<>"",SUMIF(L39:L139,L39,N39:N139),"") | R39: =IF(P39<>"",SUMIF(L39:L139,L39,O39:O139),"")
A40: 1.2.2.1 | B40: Código | C40: Banco | D40: Descrição | E40: Tipo | G40: Und | H40: Quant. | I40: Valor Unit | J40: Total | L40: =IF(AND(A41<>"",A40=""),L39+1,L39) -> 5 | M40: =IF(OR(A40="Insumo",A40="Composição Auxiliar"),J40,"") | N40: =IF(E40="Mão de Obra",J40,"") | O40: =IF(N40<>"","",M40) | P40: =IF(A40="Composição",B40,"") | Q40: =IF(P40<>"",SUMIF(L40:L140,L40,N40:N140),"") | R40: =IF(P40<>"",SUMIF(L40:L140,L40,O40:O140),"")
A41: Composição | B41: IG-ABP01 | C41: Próprio | D41: AS BUILT, DE TODOS OS PROJETOS, (ARQUITETURA E INSTALAÇÕES). REF UPACOMP480 | E41: SERT - SERVIÇOS TÉCNICOS | G41: m² | H41: 1 | I41: =SUMIF(L:L,$L41,M:M) -> 0.6 | J41: =TRUNC(H41*I41,2) -> 0.6 | L41: =IF(AND(A42<>"",A41=""),L40+1,L40) -> 5 | M41: =IF(OR(A41="Insumo",A41="Composição Auxiliar"),J41,"") | N41: =IF(E41="Mão de Obra",J41,"") | O41: =IF(N41<>"","",M41) | P41: =IF(A41="Composição",B41,"") -> IG-ABP01 | Q41: =IF(P41<>"",SUMIF(L41:L141,L41,N41:N141),"") -> 0 | R41: =IF(P41<>"",SUMIF(L41:L141,L41,O41:O141),"") -> 0.6
A42: Composição Auxiliar | B42: 90773 | C42: SINAPI | D42: DESENHISTA COPISTA COM ENCARGOS COMPLEMENTARES | E42: SEDI - SERVIÇOS DIVERSOS | G42: H | H42: 0.058 | I42: =SUMIFS(J:J,A:A,"Composição",B:B,$B42) -> 10.35 | J42: =TRUNC(H42*I42,2) -> 0.6 | L42: =IF(AND(A43<>"",A42=""),L41+1,L41) -> 5 | M42: =IF(OR(A42="Insumo",A42="Composição Auxiliar"),J42,"") -> 0.6 | N42: =IF(E42="Mão de Obra",J42,"") | O42: =IF(N42<>"","",M42) -> 0.6 | P42: =IF(A42="Composição",B42,"") | Q42: =IF(P42<>"",SUMIF(L42:L142,L42,N42:N142),"") | R42: =IF(P42<>"",SUMIF(L42:L142,L42,O42:O142),"")
L43: =IF(AND(A44<>"",A43=""),L42+1,L42) -> 5 | M43: =IF(OR(A43="Insumo",A43="Composição Auxiliar"),J43,"") | N43: =IF(E43="Mão de Obra",J43,"") | O43: =IF(N43<>"","",M43) | P43: =IF(A43="Composição",B43,"") | Q43: =IF(P43<>"",SUMIF(L43:L143,L43,N43:N143),"") | R43: =IF(P43<>"",SUMIF(L43:L143,L43,O43:O143),"")
L44: =IF(AND(A45<>"",A44=""),L43+1,L43) -> 5 | M44: =IF(OR(A44="Insumo",A44="Composição Auxiliar"),J44,"") | N44: =IF(E44="Mão de Obra",J44,"") | O44: =IF(N44<>"","",M44) | P44: =IF(A44="Composição",B44,"") | Q44: =IF(P44<>"",SUMIF(L44:L144,L44,N44:N144),"") | R44: =IF(P44<>"",SUMIF(L44:L144,L44,O44:O144),"")
L45: =IF(AND(A46<>"",A45=""),L44+1,L44) -> 6 | M45: =IF(OR(A45="Insumo",A45="Composição Auxiliar"),J45,"") | N45: =IF(E45="Mão de Obra",J45,"") | O45: =IF(N45<>"","",M45) | P45: =IF(A45="Composição",B45,"") | Q45: =IF(P45<>"",SUMIF(L45:L145,L45,N45:N145),"") | R45: =IF(P45<>"",SUMIF(L45:L145,L45,O45:O145),"")
A46: 1.3.1.1.1 | B46: Código | C46: Banco | D46: Descrição | E46: Tipo | G46: Und | H46: Quant. | I46: Valor Unit | J46: Total | L46: =IF(AND(A47<>"",A46=""),L45+1,L45) -> 6 | M46: =IF(OR(A46="Insumo",A46="Composição Auxiliar"),J46,"") | N46: =IF(E46="Mão de Obra",J46,"") | O46: =IF(N46<>"","",M46) | P46: =IF(A46="Composição",B46,"") | Q46: =IF(P46<>"",SUMIF(L46:L146,L46,N46:N146),"") | R46: =IF(P46<>"",SUMIF(L46:L146,L46,O46:O146),"")
A47: Composição | B47: IG-ADM-CG | C47: Próprio | D47: ADMINISTRAÇÃO LOCAL DA OBRA. | E47: SEDI - SERVIÇOS DIVERSOS | G47: MÊS | H47: 1 | I47: =SUMIF(L:L,$L47,M:M) -> 30302.2 | J47: =TRUNC(H47*I47,2) -> 30302.2 | L47: =IF(AND(A48<>"",A47=""),L46+1,L46) -> 6 | M47: =IF(OR(A47="Insumo",A47="Composição Auxiliar"),J47,"") | N47: =IF(E47="Mão de Obra",J47,"") | O47: =IF(N47<>"","",M47) | P47: =IF(A47="Composição",B47,"") -> IG-ADM-CG | Q47: =IF(P47<>"",SUMIF(L47:L147,L47,N47:N147),"") -> 0 | R47: =IF(P47<>"",SUMIF(L47:L147,L47,O47:O147),"") -> 30302.2
A48: Composição Auxiliar | B48: 93572 | C48: SINAPI | D48: ENCARREGADO GERAL DE OBRAS COM ENCARGOS COMPLEMENTARES | E48: Livro SINAPI: Cálculos e Parâmetros | G48: MES | H48: 1 | I48: =SUMIFS(J:J,A:A,"Composição",B:B,$B48) -> 5559.44 | J48: =TRUNC(H48*I48,2) -> 5559.44 | L48: =IF(AND(A49<>"",A48=""),L47+1,L47) -> 6 | M48: =IF(OR(A48="Insumo",A48="Composição Auxiliar"),J48,"") -> 5559.44 | N48: =IF(E48="Mão de Obra",J48,"") | O48: =IF(N48<>"","",M48) -> 5559.44 | P48: =IF(A48="Composição",B48,"") | Q48: =IF(P48<>"",SUMIF(L48:L148,L48,N48:N148),"") | R48: =IF(P48<>"",SUMIF(L48:L148,L48,O48:O148),"")
A49: Composição Auxiliar | B49: 93567-1 | C49: Próprio | D49: ENGENHEIRO ELETRICISTA DE OBRA PLENO COM ENCARGOS COMPLEMENTARES | E49: Livro SINAPI: Cálculos e Parâmetros | G49: MES | H49: 0.1 | I49: =SUMIFS(J:J,A:A,"Composição",B:B,$B49) -> 28822.3 | J49: =TRUNC(H49*I49,2) -> 2882.23 | L49: =IF(AND(A50<>"",A49=""),L48+1,L48) -> 6 | M49: =IF(OR(A49="Insumo",A49="Composição Auxiliar"),J49,"") -> 2882.23 | N49: =IF(E49="Mão de Obra",J49,"") | O49: =IF(N49<>"","",M49) -> 2882.23 | P49: =IF(A49="Composição",B49,"") | Q49: =IF(P49<>"",SUMIF(L49:L149,L49,N49:N149),"") | R49: =IF(P49<>"",SUMIF(L49:L149,L49,O49:O149),"")
A50: Composição Auxiliar | B50: 93567-2 | C50: Próprio | D50: ENGENHEIRO MECANICO DE OBRA PLENO COM ENCARGOS COMPLEMENTARES | E50: Livro SINAPI: Cálculos e Parâmetros | G50: MES | H50: 0.1 | I50: =SUMIFS(J:J,A:A,"Composição",B:B,$B50) -> 28822.3 | J50: =TRUNC(H50*I50,2) -> 2882.23 | L50: =IF(AND(A51<>"",A50=""),L49+1,L49) -> 6 | M50: =IF(OR(A50="Insumo",A50="Composição Auxiliar"),J50,"") -> 2882.23 | N50: =IF(E50="Mão de Obra",J50,"") | O50: =IF(N50<>"","",M50) -> 2882.23 | P50: =IF(A50="Composição",B50,"") | Q50: =IF(P50<>"",SUMIF(L50:L150,L50,N50:N150),"") | R50: =IF(P50<>"",SUMIF(L50:L150,L50,O50:O150),"")
A51: Composição Auxiliar | B51: 94295 | C51: SINAPI | D51: MESTRE DE OBRAS COM ENCARGOS COMPLEMENTARES | E51: Livro SINAPI: Cálculos e Parâmetros | G51: MES | H51: 1 | I51: =SUMIFS(J:J,A:A,"Composição",B:B,$B51) -> 10331.61 | J51: =TRUNC(H51*I51,2) -> 10331.61 | L51: =IF(AND(A52<>"",A51=""),L50+1,L50) -> 6 | M51: =IF(OR(A51="Insumo",A51="Composição Auxiliar"),J51,"") -> 10331.61 | N51: =IF(E51="Mão de Obra",J51,"") | O51: =IF(N51<>"","",M51) -> 10331.61 | P51: =IF(A51="Composição",B51,"") | Q51: =IF(P51<>"",SUMIF(L51:L151,L51,N51:N151),"") | R51: =IF(P51<>"",SUMIF(L51:L151,L51,O51:O151),"")
A52: Composição Auxiliar | B52: 93567-2 | C52: Próprio | D52: ENGENHEIRO MECANICO DE OBRA PLENO COM ENCARGOS COMPLEMENTARES | E52: Livro SINAPI: Cálculos e Parâmetros | G52: MES | H52: 0.1 | I52: =SUMIFS(J:J,A:A,"Composição",B:B,$B52) -> 28822.3 | J52: =TRUNC(H52*I52,2) -> 2882.23 | L52: =IF(AND(A53<>"",A52=""),L51+1,L51) -> 6 | M52: =IF(OR(A52="Insumo",A52="Composição Auxiliar"),J52,"") -> 2882.23 | N52: =IF(E52="Mão de Obra",J52,"") | O52: =IF(N52<>"","",M52) -> 2882.23 | P52: =IF(A52="Composição",B52,"") | Q52: =IF(P52<>"",SUMIF(L52:L152,L52,N52:N152),"") | R52: =IF(P52<>"",SUMIF(L52:L152,L52,O52:O152),"")
A53: Composição Auxiliar | B53: 93567 | C53: SINAPI | D53: ENGENHEIRO CIVIL DE OBRA PLENO COM ENCARGOS COMPLEMENTARES | E53: Livro SINAPI: Cálculos e Parâmetros | G53: MES | H53: 0.2 | I53: =SUMIFS(J:J,A:A,"Composição",B:B,$B53) -> 28822.3 | J53: =TRUNC(H53*I53,2) -> 5764.46 | L53: =IF(AND(A54<>"",A53=""),L52+1,L52) -> 6 | M53: =IF(OR(A53="Insumo",A53="Composição Auxiliar"),J53,"") -> 5764.46 | N53: =IF(E53="Mão de Obra",J53,"") | O53: =IF(N53<>"","",M53) -> 5764.46 | P53: =IF(A53="Composição",B53,"") | Q53: =IF(P53<>"",SUMIF(L53:L153,L53,N53:N153),"") | R53: =IF(P53<>"",SUMIF(L53:L153,L53,O53:O153),"")
L54: =IF(AND(A55<>"",A54=""),L53+1,L53) -> 6 | M54: =IF(OR(A54="Insumo",A54="Composição Auxiliar"),J54,"") | N54: =IF(E54="Mão de Obra",J54,"") | O54: =IF(N54<>"","",M54) | P54: =IF(A54="Composição",B54,"") | Q54: =IF(P54<>"",SUMIF(L54:L154,L54,N54:N154),"") | R54: =IF(P54<>"",SUMIF(L54:L154,L54,O54:O154),"")
L55: =IF(AND(A56<>"",A55=""),L54+1,L54) -> 6 | M55: =IF(OR(A55="Insumo",A55="Composição Auxiliar"),J55,"") | N55: =IF(E55="Mão de Obra",J55,"") | O55: =IF(N55<>"","",M55) | P55: =IF(A55="Composição",B55,"") | Q55: =IF(P55<>"",SUMIF(L55:L155,L55,N55:N155),"") | R55: =IF(P55<>"",SUMIF(L55:L155,L55,O55:O155),"")
L56: =IF(AND(A57<>"",A56=""),L55+1,L55) -> 7 | M56: =IF(OR(A56="Insumo",A56="Composição Auxiliar"),J56,"") | N56: =IF(E56="Mão de Obra",J56,"") | O56: =IF(N56<>"","",M56) | P56: =IF(A56="Composição",B56,"") | Q56: =IF(P56<>"",SUMIF(L56:L156,L56,N56:N156),"") | R56: =IF(P56<>"",SUMIF(L56:L156,L56,O56:O156),"")
A57: 1.3.2.1.1 | B57: Código | C57: Banco | D57: Descrição | E57: Tipo | G57: Und | H57: Quant. | I57: Valor Unit | J57: Total | L57: =IF(AND(A58<>"",A57=""),L56+1,L56) -> 7 | M57: =IF(OR(A57="Insumo",A57="Composição Auxiliar"),J57,"") | N57: =IF(E57="Mão de Obra",J57,"") | O57: =IF(N57<>"","",M57) | P57: =IF(A57="Composição",B57,"") | Q57: =IF(P57<>"",SUMIF(L57:L157,L57,N57:N157),"") | R57: =IF(P57<>"",SUMIF(L57:L157,L57,O57:O157),"")
A58: Composição | B58: IG-LAM | C58: Próprio | D58: LOCACAO DE ANDAIME METALICO TIPO FACHADEIRO, PECAS COM APROXIMADAMENTE 1,20 M DE LARGURA E 2,0 M DE ALTURA, INCLUINDO DIAGONAIS EM X, BARRAS DE LIGACAO, SAPATAS E DEMAIS ITENS NECESSARIOS A MONTAGEM (NAO INCLUI INSTALACAO). REF UPACOMP573 | E58: SEDI - SERVIÇOS DIVERSOS | G58: m² | H58: 1 | I58: =SUMIF(L:L,$L58,M:M) -> 22.5 | J58: =TRUNC(H58*I58,2) -> 22.5 | L58: =IF(AND(A59<>"",A58=""),L57+1,L57) -> 7 | M58: =IF(OR(A58="Insumo",A58="Composição Auxiliar"),J58,"") | N58: =IF(E58="Mão de Obra",J58,"") | O58: =IF(N58<>"","",M58) | P58: =IF(A58="Composição",B58,"") -> IG-LAM | Q58: =IF(P58<>"",SUMIF(L58:L158,L58,N58:N158),"") -> 0 | R58: =IF(P58<>"",SUMIF(L58:L158,L58,O58:O158),"") -> 22.5
A59: Insumo | B59: 00020193 | C59: =VLOOKUP(B59,INSUMOS!$A:$I,2,FALSE) -> SINAPI | D59: =VLOOKUP(B59,INSUMOS!$A:$I,3,FALSE) -> LOCACAO DE ANDAIME METALICO TIPO FACHADEIRO, PECAS COM APROXIMADAMENTE 1,20 M DE LARGURA E 2,0 M DE ALTURA, INCLUINDO DIAGONAIS EM X, BARRAS DE LIGACAO, SAPATAS E DEMAIS ITENS NECESSARIOS A MONTAGEM (NAO INCLUI INSTALACAO) | E59: =VLOOKUP(B59,INSUMOS!$A:$I,4,FALSE) -> Equipamento | G59: =VLOOKUP(B59,INSUMOS!$A:$I,5,FALSE) -> M2XMES | H59: 1 | I59: =VLOOKUP(B59,INSUMOS!$A:$I,8,FALSE) -> 22.5 | J59: =TRUNC(H59*I59,2) -> 22.5 | L59: =IF(AND(A60<>"",A59=""),L58+1,L58) -> 7 | M59: =IF(OR(A59="Insumo",A59="Composição Auxiliar"),J59,"") -> 22.5 | N59: =IF(E59="Mão de Obra",J59,"") | O59: =IF(N59<>"","",M59) -> 22.5 | P59: =IF(A59="Composição",B59,"") | Q59: =IF(P59<>"",SUMIF(L59:L159,L59,N59:N159),"") | R59: =IF(P59<>"",SUMIF(L59:L159,L59,O59:O159),"")
L60: =IF(AND(A61<>"",A60=""),L59+1,L59) -> 7 | M60: =IF(OR(A60="Insumo",A60="Composição Auxiliar"),J60,"") | N60: =IF(E60="Mão de Obra",J60,"") | O60: =IF(N60<>"","",M60) | P60: =IF(A60="Composição",B60,"") | Q60: =IF(P60<>"",SUMIF(L60:L160,L60,N60:N160),"") | R60: =IF(P60<>"",SUMIF(L60:L160,L60,O60:O160),"")
L61: =IF(AND(A62<>"",A61=""),L60+1,L60) -> 7 | M61: =IF(OR(A61="Insumo",A61="Composição Auxiliar"),J61,"") | N61: =IF(E61="Mão de Obra",J61,"") | O61: =IF(N61<>"","",M61) | P61: =IF(A61="Composição",B61,"") | Q61: =IF(P61<>"",SUMIF(L61:L161,L61,N61:N161),"") | R61: =IF(P61<>"",SUMIF(L61:L161,L61,O61:O161),"")
L62: =IF(AND(A63<>"",A62=""),L61+1,L61) -> 8 | M62: =IF(OR(A62="Insumo",A62="Composição Auxiliar"),J62,"") | N62: =IF(E62="Mão de Obra",J62,"") | O62: =IF(N62<>"","",M62) | P62: =IF(A62="Composição",B62,"") | Q62: =IF(P62<>"",SUMIF(L62:L162,L62,N62:N162),"") | R62: =IF(P62<>"",SUMIF(L62:L162,L62,O62:O162),"")
A63: 1.3.2.1.2 | B63: Código | C63: Banco | D63: Descrição | E63: Tipo | G63: Und | H63: Quant. | I63: Valor Unit | J63: Total | L63: =IF(AND(A64<>"",A63=""),L62+1,L62) -> 8 | M63: =IF(OR(A63="Insumo",A63="Composição Auxiliar"),J63,"") | N63: =IF(E63="Mão de Obra",J63,"") | O63: =IF(N63<>"","",M63) | P63: =IF(A63="Composição",B63,"") | Q63: =IF(P63<>"",SUMIF(L63:L163,L63,N63:N163),"") | R63: =IF(P63<>"",SUMIF(L63:L163,L63,O63:O163),"")
A64: Composição | B64: 97063 | C64: SINAPI | D64: MONTAGEM E DESMONTAGEM DE ANDAIME MODULAR FACHADEIRO, COM PISO METÁLICO, PARA EDIFÍCIOS COM MULTIPLOS PAVIMENTOS (EXCLUSIVE ANDAIME E LIMPEZA). AF_03/2024 | E64: Equipamentos de Proteção Coletiva | G64: m² | H64: 1 | I64: =SUMIF(L:L,$L64,M:M) -> 20.13 | J64: =TRUNC(H64*I64,2) -> 20.13 | L64: =IF(AND(A65<>"",A64=""),L63+1,L63) -> 8 | M64: =IF(OR(A64="Insumo",A64="Composição Auxiliar"),J64,"") | N64: =IF(E64="Mão de Obra",J64,"") | O64: =IF(N64<>"","",M64) | P64: =IF(A64="Composição",B64,"") -> 97063 | Q64: =IF(P64<>"",SUMIF(L64:L164,L64,N64:N164),"") -> 0 | R64: =IF(P64<>"",SUMIF(L64:L164,L64,O64:O164),"") -> 20.13
A65: Composição Auxiliar | B65: 88316 | C65: SINAPI | D65: SERVENTE COM ENCARGOS COMPLEMENTARES | E65: Livro SINAPI: Cálculos e Parâmetros | G65: H | H65: 0.1058 | I65: =SUMIFS(J:J,A:A,"Composição",B:B,$B65) -> 25.11 | J65: =TRUNC(H65*I65,2) -> 2.65 | L65: =IF(AND(A66<>"",A65=""),L64+1,L64) -> 8 | M65: =IF(OR(A65="Insumo",A65="Composição Auxiliar"),J65,"") -> 2.65 | N65: =IF(E65="Mão de Obra",J65,"") | O65: =IF(N65<>"","",M65) -> 2.65 | P65: =IF(A65="Composição",B65,"") | Q65: =IF(P65<>"",SUMIF(L65:L165,L65,N65:N165),"") | R65: =IF(P65<>"",SUMIF(L65:L165,L65,O65:O165),"")
A66: Composição Auxiliar | B66: 88278 | C66: SINAPI | D66: MONTADOR DE ESTRUTURAS METÁLICAS COM ENCARGOS COMPLEMENTARES | E66: Livro SINAPI: Cálculos e Parâmetros | G66: H | H66: 0.5546 | I66: =SUMIFS(J:J,A:A,"Composição",B:B,$B66) -> 26.91 | J66: =TRUNC(H66*I66,2) -> 14.92 | L66: =IF(AND(A67<>"",A66=""),L65+1,L65) -> 8 | M66: =IF(OR(A66="Insumo",A66="Composição Auxiliar"),J66,"") -> 14.92 | N66: =IF(E66="Mão de Obra",J66,"") | O66: =IF(N66<>"","",M66) -> 14.92 | P66: =IF(A66="Composição",B66,"") | Q66: =IF(P66<>"",SUMIF(L66:L166,L66,N66:N166),"") | R66: =IF(P66<>"",SUMIF(L66:L166,L66,O66:O166),"")
A67: Composição Auxiliar | B67: 100251 | C67: SINAPI | D67: TRANSPORTE HORIZONTAL MANUAL, DE TUBO DE AÇO CARBONO LEVE OU MÉDIO, PRETO OU GALVANIZADO, COM DIÂMETRO MAIOR QUE 32 MM E MENOR OU IGUAL A 65 MM (UNIDADE: MXKM). AF_07/2019 | E67: Transporte de Materiais dentro do Canteiro de Obras | G67: MXKM | H67: 0.1673 | I67: =SUMIFS(J:J,A:A,"Composição",B:B,$B67) -> 15.36 | J67: =TRUNC(H67*I67,2) -> 2.56 | L67: =IF(AND(A68<>"",A67=""),L66+1,L66) -> 8 | M67: =IF(OR(A67="Insumo",A67="Composição Auxiliar"),J67,"") -> 2.56 | N67: =IF(E67="Mão de Obra",J67,"") | O67: =IF(N67<>"","",M67) -> 2.56 | P67: =IF(A67="Composição",B67,"") | Q67: =IF(P67<>"",SUMIF(L67:L167,L67,N67:N167),"") | R67: =IF(P67<>"",SUMIF(L67:L167,L67,O67:O167),"")
L68: =IF(AND(A69<>"",A68=""),L67+1,L67) -> 8 | M68: =IF(OR(A68="Insumo",A68="Composição Auxiliar"),J68,"") | N68: =IF(E68="Mão de Obra",J68,"") | O68: =IF(N68<>"","",M68) | P68: =IF(A68="Composição",B68,"") | Q68: =IF(P68<>"",SUMIF(L68:L168,L68,N68:N168),"") | R68: =IF(P68<>"",SUMIF(L68:L168,L68,O68:O168),"")
L69: =IF(AND(A70<>"",A69=""),L68+1,L68) -> 8 | M69: =IF(OR(A69="Insumo",A69="Composição Auxiliar"),J69,"") | N69: =IF(E69="Mão de Obra",J69,"") | O69: =IF(N69<>"","",M69) | P69: =IF(A69="Composição",B69,"") | Q69: =IF(P69<>"",SUMIF(L69:L169,L69,N69:N169),"") | R69: =IF(P69<>"",SUMIF(L69:L169,L69,O69:O169),"")
L70: =IF(AND(A71<>"",A70=""),L69+1,L69) -> 9 | M70: =IF(OR(A70="Insumo",A70="Composição Auxiliar"),J70,"") | N70: =IF(E70="Mão de Obra",J70,"") | O70: =IF(N70<>"","",M70) | P70: =IF(A70="Composição",B70,"") | Q70: =IF(P70<>"",SUMIF(L70:L170,L70,N70:N170),"") | R70: =IF(P70<>"",SUMIF(L70:L170,L70,O70:O170),"")
A71: 1.3.2.1.3 | B71: Código | C71: Banco | D71: Descrição | E71: Tipo | G71: Und | H71: Quant. | I71: Valor Unit | J71: Total | L71: =IF(AND(A72<>"",A71=""),L70+1,L70) -> 9 | M71: =IF(OR(A71="Insumo",A71="Composição Auxiliar"),J71,"") | N71: =IF(E71="Mão de Obra",J71,"") | O71: =IF(N71<>"","",M71) | P71: =IF(A71="Composição",B71,"") | Q71: =IF(P71<>"",SUMIF(L71:L171,L71,N71:N171),"") | R71: =IF(P71<>"",SUMIF(L71:L171,L71,O71:O171),"")
A72: Composição | B72: IG-ECM01 | C72: Próprio | D72: UTILIZAÇÃO DE EQUIPE DE APOIO COM CAMINHÃO MUNK. REF CAE 508015 | E72: 5080 | G72: H | H72: 1 | I72: =SUMIF(L:L,$L72,M:M) -> 27.38 | J72: =TRUNC(H72*I72,2) -> 27.38 | L72: =IF(AND(A73<>"",A72=""),L71+1,L71) -> 9 | M72: =IF(OR(A72="Insumo",A72="Composição Auxiliar"),J72,"") | N72: =IF(E72="Mão de Obra",J72,"") | O72: =IF(N72<>"","",M72) | P72: =IF(A72="Composição",B72,"") -> IG-ECM01 | Q72: =IF(P72<>"",SUMIF(L72:L172,L72,N72:N172),"") -> 27.38 | R72: =IF(P72<>"",SUMIF(L72:L172,L72,O72:O172),"") -> 0
A73: Insumo | B73: B010000097 | C73: =VLOOKUP(B73,INSUMOS!$A:$I,2,FALSE) -> CAEMA | D73: =VLOOKUP(B73,INSUMOS!$A:$I,3,FALSE) -> SERVENTE | E73: =VLOOKUP(B73,INSUMOS!$A:$I,4,FALSE) -> Mão de Obra | G73: =VLOOKUP(B73,INSUMOS!$A:$I,5,FALSE) -> H | H73: 1 | I73: =VLOOKUP(B73,INSUMOS!$A:$I,8,FALSE) -> 10.48 | J73: =TRUNC(H73*I73,2) -> 10.48 | L73: =IF(AND(A74<>"",A73=""),L72+1,L72) -> 9 | M73: =IF(OR(A73="Insumo",A73="Composição Auxiliar"),J73,"") -> 10.48 | N73: =IF(E73="Mão de Obra",J73,"") -> 10.48 | O73: =IF(N73<>"","",M73) | P73: =IF(A73="Composição",B73,"") | Q73: =IF(P73<>"",SUMIF(L73:L173,L73,N73:N173),"") | R73: =IF(P73<>"",SUMIF(L73:L173,L73,O73:O173),"")
A74: Insumo | B74: B010000083 | C74: =VLOOKUP(B74,INSUMOS!$A:$I,2,FALSE) -> CAEMA | D74: =VLOOKUP(B74,INSUMOS!$A:$I,3,FALSE) -> MOTORISTA OPERADOR DE MUNCK COM ENCARGOS SOCIAIS | E74: =VLOOKUP(B74,INSUMOS!$A:$I,4,FALSE) -> Mão de Obra | G74: =VLOOKUP(B74,INSUMOS!$A:$I,5,FALSE) -> H | H74: 1 | I74: =VLOOKUP(B74,INSUMOS!$A:$I,8,FALSE) -> 16.9 | J74: =TRUNC(H74*I74,2) -> 16.9 | L74: =IF(AND(A75<>"",A74=""),L73+1,L73) -> 9 | M74: =IF(OR(A74="Insumo",A74="Composição Auxiliar"),J74,"") -> 16.9 | N74: =IF(E74="Mão de Obra",J74,"") -> 16.9 | O74: =IF(N74<>"","",M74) | P74: =IF(A74="Composição",B74,"") | Q74: =IF(P74<>"",SUMIF(L74:L174,L74,N74:N174),"") | R74: =IF(P74<>"",SUMIF(L74:L174,L74,O74:O174),"")
L75: =IF(AND(A76<>"",A75=""),L74+1,L74) -> 9 | M75: =IF(OR(A75="Insumo",A75="Composição Auxiliar"),J75,"") | N75: =IF(E75="Mão de Obra",J75,"") | O75: =IF(N75<>"","",M75) | P75: =IF(A75="Composição",B75,"") | Q75: =IF(P75<>"",SUMIF(L75:L175,L75,N75:N175),"") | R75: =IF(P75<>"",SUMIF(L75:L175,L75,O75:O175),"")
L76: =IF(AND(A77<>"",A76=""),L75+1,L75) -> 9 | M76: =IF(OR(A76="Insumo",A76="Composição Auxiliar"),J76,"") | N76: =IF(E76="Mão de Obra",J76,"") | O76: =IF(N76<>"","",M76) | P76: =IF(A76="Composição",B76,"") | Q76: =IF(P76<>"",SUMIF(L76:L176,L76,N76:N176),"") | R76: =IF(P76<>"",SUMIF(L76:L176,L76,O76:O176),"")
L77: =IF(AND(A78<>"",A77=""),L76+1,L76) -> 10 | M77: =IF(OR(A77="Insumo",A77="Composição Auxiliar"),J77,"") | N77: =IF(E77="Mão de Obra",J77,"") | O77: =IF(N77<>"","",M77) | P77: =IF(A77="Composição",B77,"") | Q77: =IF(P77<>"",SUMIF(L77:L177,L77,N77:N177),"") | R77: =IF(P77<>"",SUMIF(L77:L177,L77,O77:O177),"")
A78: 2.1.1.1.1 | B78: Código | C78: Banco | D78: Descrição | E78: Tipo | G78: Und | H78: Quant. | I78: Valor Unit | J78: Total | L78: =IF(AND(A79<>"",A78=""),L77+1,L77) -> 10 | M78: =IF(OR(A78="Insumo",A78="Composição Auxiliar"),J78,"") | N78: =IF(E78="Mão de Obra",J78,"") | O78: =IF(N78<>"","",M78) | P78: =IF(A78="Composição",B78,"") | Q78: =IF(P78<>"",SUMIF(L78:L178,L78,N78:N178),"") | R78: =IF(P78<>"",SUMIF(L78:L178,L78,O78:O178),"")
A79: Composição | B79: 93207 | C79: SINAPI | D79: EXECUÇÃO DE ESCRITÓRIO EM CANTEIRO DE OBRA EM CHAPA DE MADEIRA COMPENSADA, NÃO INCLUSO MOBILIÁRIO E EQUIPAMENTOS. AF_02/2016 | E79: CANT - CANTEIRO DE OBRAS | G79: m² | H79: 1 | I79: =SUMIF(L:L,$L79,M:M) -> 1072.28 | J79: =TRUNC(H79*I79,2) -> 1072.28 | L79: =IF(AND(A80<>"",A79=""),L78+1,L78) -> 10 | M79: =IF(OR(A79="Insumo",A79="Composição Auxiliar"),J79,"") | N79: =IF(E79="Mão de Obra",J79,"") | O79: =IF(N79<>"","",M79) | P79: =IF(A79="Composição",B79,"") -> 93207 | Q79: =IF(P79<>"",SUMIF(L79:L179,L79,N79:N179),"") -> 0 | R79: =IF(P79<>"",SUMIF(L79:L179,L79,O79:O179),"") -> 1072.28
A80: Composição Auxiliar | B80: 90443 | C80: SINAPI | D80: RASGO LINEAR MANUAL EM ALVENARIA, PARA RAMAIS/ DISTRIBUIÇÃO DE INSTALAÇÕES HIDRÁULICAS, DIÂMETROS MENORES OU IGUAIS A 40 MM. AF_09/2023 | E80: Rasgos e Fixações | G80: M | H80: 0.1002 | I80: =SUMIFS(J:J,A:A,"Composição",B:B,$B80) -> 9.25 | J80: =TRUNC(H80*I80,2) -> 0.92 | L80: =IF(AND(A81<>"",A80=""),L79+1,L79) -> 10 | M80: =IF(OR(A80="Insumo",A80="Composição Auxiliar"),J80,"") -> 0.92 | N80: =IF(E80="Mão de Obra",J80,"") | O80: =IF(N80<>"","",M80) -> 0.92 | P80: =IF(A80="Composição",B80,"") | Q80: =IF(P80<>"",SUMIF(L80:L180,L80,N80:N180),"") | R80: =IF(P80<>"",SUMIF(L80:L180,L80,O80:O180),"")
A81: Composição Auxiliar | B81: 92543 | C81: SINAPI | D81: TRAMA DE MADEIRA COMPOSTA POR TERÇAS PARA TELHADOS DE ATÉ 2 ÁGUAS PARA TELHA ONDULADA DE FIBROCIMENTO, METÁLICA, PLÁSTICA OU TERMOACÚSTICA, INCLUSO TRANSPORTE VERTICAL. AF_10/2025 | E81: Estrutura e Trama para Cobertura | G81: m² | H81: 1.3621 | I81: =SUMIFS(J:J,A:A,"Composição",B:B,$B81) -> 28.03 | J81: =TRUNC(H81*I81,2) -> 38.17 | L81: =IF(AND(A82<>"",A81=""),L80+1,L80) -> 10 | M81: =IF(OR(A81="Insumo",A81="Composição Auxiliar"),J81,"") -> 38.17 | N81: =IF(E81="Mão de Obra",J81,"") | O81: =IF(N81<>"","",M81) -> 38.17 | P81: =IF(A81="Composição",B81,"") | Q81: =IF(P81<>"",SUMIF(L81:L181,L81,N81:N181),"") | R81: =IF(P81<>"",SUMIF(L81:L181,L81,O81:O181),"")
A82: Composição Auxiliar | B82: 91862 | C82: SINAPI | D82: ELETRODUTO RÍGIDO ROSCÁVEL, PVC, DN 20 MM (1/2"), PARA CIRCUITOS TERMINAIS, INSTALADO EM FORRO - FORNECIMENTO E INSTALAÇÃO. AF_03/2023 | E82: Instalações Elétricas - Eletrodutos Embutidos, Cabos, Caixas, Tomadas e Interruptores | G82: M | H82: 0.53 | I82: =SUMIFS(J:J,A:A,"Composição",B:B,$B82) -> 11.31 | J82: =TRUNC(H82*I82,2) -> 5.99 | L82: =IF(AND(A83<>"",A82=""),L81+1,L81) -> 10 | M82: =IF(OR(A82="Insumo",A82="Composição Auxiliar"),J82,"") -> 5.99 | N82: =IF(E82="Mão de Obra",J82,"") | O82: =IF(N82<>"","",M82) -> 5.99 | P82: =IF(A82="Composição",B82,"") | Q82: =IF(P82<>"",SUMIF(L82:L182,L82,N82:N182),"") | R82: =IF(P82<>"",SUMIF(L82:L182,L82,O82:O182),"")
A83: Composição Auxiliar | B83: 93358 | C83: SINAPI | D83: ESCAVAÇÃO MANUAL DE VALA. AF_09/2024 | E83: Escavação de Valas | G83: m³ | H83: 0.0233 | I83: =SUMIFS(J:J,A:A,"Composição",B:B,$B83) -> 99.32 | J83: =TRUNC(H83*I83,2) -> 2.31 | L83: =IF(AND(A84<>"",A83=""),L82+1,L82) -> 10 | M83: =IF(OR(A83="Insumo",A83="Composição Auxiliar"),J83,"") -> 2.31 | N83: =IF(E83="Mão de Obra",J83,"") | O83: =IF(N83<>"","",M83) -> 2.31 | P83: =IF(A83="Composição",B83,"") | Q83: =IF(P83<>"",SUMIF(L83:L183,L83,N83:N183),"") | R83: =IF(P83<>"",SUMIF(L83:L183,L83,O83:O183),"")
A84: Composição Auxiliar | B84: 101891 | C84: SINAPI | D84: DISJUNTOR MONOPOLAR TIPO NEMA, CORRENTE NOMINAL DE 35 ATÉ 50A - FORNECIMENTO E INSTALAÇÃO. AF_07/2025 | E84: Instalações Elétricas - Quadros, Cabos, Disjuntores, Contatores e Barramentos Blindados | G84: UN | H84: 0.1734 | I84: =SUMIFS(J:J,A:A,"Composição",B:B,$B84) -> 40.08 | J84: =TRUNC(H84*I84,2) -> 6.94 | L84: =IF(AND(A85<>"",A84=""),L83+1,L83) -> 10 | M84: =IF(OR(A84="Insumo",A84="Composição Auxiliar"),J84,"") -> 6.94 | N84: =IF(E84="Mão de Obra",J84,"") | O84: =IF(N84<>"","",M84) -> 6.94 | P84: =IF(A84="Composição",B84,"") | Q84: =IF(P84<>"",SUMIF(L84:L184,L84,N84:N184),"") | R84: =IF(P84<>"",SUMIF(L84:L184,L84,O84:O184),"")
A85: Composição Auxiliar | B85: 98283 | C85: SINAPI | D85: CABO TELEFÔNICO CCI-50 4 PARES, SEM BLINDAGEM, INSTALADO EM DISTRIBUIÇÃO DE EDIFICAÇÃO RESIDENCIAL - FORNECIMENTO E INSTALAÇÃO. AF_08/2025 | E85: Redes de Lógica, Telefonia e Imagem | G85: M | H85: 0.6167 | I85: =SUMIFS(J:J,A:A,"Composição",B:B,$B85) -> 9.55 | J85: =TRUNC(H85*I85,2) -> 5.88 | L85: =IF(AND(A86<>"",A85=""),L84+1,L84) -> 10 | M85: =IF(OR(A85="Insumo",A85="Composição Auxiliar"),J85,"") -> 5.88 | N85: =IF(E85="Mão de Obra",J85,"") | O85: =IF(N85<>"","",M85) -> 5.88 | P85: =IF(A85="Composição",B85,"") | Q85: =IF(P85<>"",SUMIF(L85:L185,L85,N85:N185),"") | R85: =IF(P85<>"",SUMIF(L85:L185,L85,O85:O185),"")
A86: Composição Auxiliar | B86: 90822 | C86: SINAPI | D86: PORTA DE MADEIRA PARA PINTURA, SEMI-OCA (LEVE OU MÉDIA), 80X210CM, ESPESSURA DE 3,5CM, INCLUSO DOBRADIÇAS - FORNECIMENTO E INSTALAÇÃO. AF_10/2025 | E86: Esquadrias - Portas | G86: UN | H86: 0.0578 | I86: =SUMIFS(J:J,A:A,"Composição",B:B,$B86) -> 432.24 | J86: =TRUNC(H86*I86,2) -> 24.98 | L86: =IF(AND(A87<>"",A86=""),L85+1,L85) -> 10 | M86: =IF(OR(A86="Insumo",A86="Composição Auxiliar"),J86,"") -> 24.98 | N86: =IF(E86="Mão de Obra",J86,"") | O86: =IF(N86<>"","",M86) -> 24.98 | P86: =IF(A86="Composição",B86,"") | Q86: =IF(P86<>"",SUMIF(L86:L186,L86,N86:N186),"") | R86: =IF(P86<>"",SUMIF(L86:L186,L86,O86:O186),"")
A87: Composição Auxiliar | B87: 87548 | C87: SINAPI | D87: MASSA ÚNICA, EM ARGAMASSA TRAÇO 1:2:8, PREPARO MANUAL, APLICADA MANUALMENTE EM PAREDES INTERNAS DE AMBIENTES COM ÁREA ENTRE 5M² E 10M², E = 10MM, COM TALISCAS. AF_03/2024 | E87: Massa Única Interna | G87: m² | H87: 0.0385 | I87: =SUMIFS(J:J,A:A,"Composição",B:B,$B87) -> 35.09 | J87: =TRUNC(H87*I87,2) -> 1.35 | L87: =IF(AND(A88<>"",A87=""),L86+1,L86) -> 10 | M87: =IF(OR(A87="Insumo",A87="Composição Auxiliar"),J87,"") -> 1.35 | N87: =IF(E87="Mão de Obra",J87,"") | O87: =IF(N87<>"","",M87) -> 1.35 | P87: =IF(A87="Composição",B87,"") | Q87: =IF(P87<>"",SUMIF(L87:L187,L87,N87:N187),"") | R87: =IF(P87<>"",SUMIF(L87:L187,L87,O87:O187),"")
A88: Composição Auxiliar | B88: 89726 | C88: SINAPI | D88: JOELHO 45 GRAUS, PVC, SERIE NORMAL, ESGOTO PREDIAL, DN 40 MM, JUNTA SOLDÁVEL, FORNECIDO E INSTALADO EM RAMAL DE DESCARGA OU RAMAL DE ESGOTO SANITÁRIO. AF_08/2022 | E88: Instalações Prediais de Esgoto - Tubos e Conexões | G88: UN | H88: 0.0578 | I88: =SUMIFS(J:J,A:A,"Composição",B:B,$B88) -> 12.04 | J88: =TRUNC(H88*I88,2) -> 0.69 | L88: =IF(AND(A89<>"",A88=""),L87+1,L87) -> 10 | M88: =IF(OR(A88="Insumo",A88="Composição Auxiliar"),J88,"") -> 0.69 | N88: =IF(E88="Mão de Obra",J88,"") | O88: =IF(N88<>"","",M88) -> 0.69 | P88: =IF(A88="Composição",B88,"") | Q88: =IF(P88<>"",SUMIF(L88:L188,L88,N88:N188),"") | R88: =IF(P88<>"",SUMIF(L88:L188,L88,O88:O188),"")
A89: Composição Auxiliar | B89: 100556 | C89: SINAPI | D89: CAIXA DE PASSAGEM PARA TELEFONE 15X15X10CM (SOBREPOR) - FORNECIMENTO E INSTALAÇÃO. AF_08/2025 | E89: Redes de Lógica, Telefonia e Imagem | G89: UN | H89: 0.0193 | I89: =SUMIFS(J:J,A:A,"Composição",B:B,$B89) -> 32.66 | J89: =TRUNC(H89*I89,2) -> 0.63 | L89: =IF(AND(A90<>"",A89=""),L88+1,L88) -> 10 | M89: =IF(OR(A89="Insumo",A89="Composição Auxiliar"),J89,"") -> 0.63 | N89: =IF(E89="Mão de Obra",J89,"") | O89: =IF(N89<>"","",M89) -> 0.63 | P89: =IF(A89="Composição",B89,"") | Q89: =IF(P89<>"",SUMIF(L89:L189,L89,N89:N189),"") | R89: =IF(P89<>"",SUMIF(L89:L189,L89,O89:O189),"")
A90: Composição Auxiliar | B90: 91937 | C90: SINAPI | D90: CAIXA OCTOGONAL 3" X 3", PVC, INSTALADA EM LAJE - FORNECIMENTO E INSTALAÇÃO. AF_03/2023 | E90: Instalações Elétricas - Eletrodutos Embutidos, Cabos, Caixas, Tomadas e Interruptores | G90: UN | H90: 0.1734 | I90: =SUMIFS(J:J,A:A,"Composição",B:B,$B90) -> 18.79 | J90: =TRUNC(H90*I90,2) -> 3.25 | L90: =IF(AND(A91<>"",A90=""),L89+1,L89) -> 10 | M90: =IF(OR(A90="Insumo",A90="Composição Auxiliar"),J90,"") -> 3.25 | N90: =IF(E90="Mão de Obra",J90,"") | O90: =IF(N90<>"","",M90) -> 3.25 | P90: =IF(A90="Composição",B90,"") | Q90: =IF(P90<>"",SUMIF(L90:L190,L90,N90:N190),"") | R90: =IF(P90<>"",SUMIF(L90:L190,L90,O90:O190),"")
A91: Composição Auxiliar | B91: 89173 | C91: SINAPI | D91: (COMPOSIÇÃO REPRESENTATIVA) DO SERVIÇO DE EMBOÇO/MASSA ÚNICA, APLICADO MANUALMENTE, TRAÇO 1:2:8, EM BETONEIRA DE 400L, PAREDES INTERNAS, COM EXECUÇÃO DE TALISCAS, EDIFICAÇÃO HABITACIONAL UNIFAMILIAR (CASAS) E EDIFICAÇÃO PÚBLICA PADRÃO. AF_12/2014 | E91: REVE - REVESTIMENTO E TRATAMENTO DE SUPERFÍCIES | G91: m² | H91: 0.2047 | I91: =SUMIFS(J:J,A:A,"Composição",B:B,$B91) -> 45.35 | J91: =TRUNC(H91*I91,2) -> 9.28 | L91: =IF(AND(A92<>"",A91=""),L90+1,L90) -> 10 | M91: =IF(OR(A91="Insumo",A91="Composição Auxiliar"),J91,"") -> 9.28 | N91: =IF(E91="Mão de Obra",J91,"") | O91: =IF(N91<>"","",M91) -> 9.28 | P91: =IF(A91="Composição",B91,"") | Q91: =IF(P91<>"",SUMIF(L91:L191,L91,N91:N191),"") | R91: =IF(P91<>"",SUMIF(L91:L191,L91,O91:O191),"")
... A148: Composição Auxiliar | B148: 90466 | C148: SINAPI | D148: CHUMBAMENTO LINEAR EM ALVENARIA PARA RAMAIS/DISTRIBUIÇÃO DE INSTALAÇÕES HIDRÁULICAS COM DIÂMETROS MENORES OU IGUAIS A 40 MM. AF_09/2023 | E148: Rasgos e Fixações | G148: M | H148: 0.1002 | I148: =SUMIFS(J:J,A:A,"Composição",B:B,$B148) -> 17.8 | J148: =TRUNC(H148*I148,2) -> 1.78 | L148: =IF(AND(A149<>"",A148=""),L147+1,L147) -> 10 | M148: =IF(OR(A148="Insumo",A148="Composição Auxiliar"),J148,"") -> 1.78 | N148: =IF(E148="Mão de Obra",J148,"") | O148: =IF(N148<>"","",M148) -> 1.78 | P148: =IF(A148="Composição",B148,"") | Q148: =IF(P148<>"",SUMIF(L148:L248,L148,N148:N248),"") | R148: =IF(P148<>"",SUMIF(L148:L248,L148,O148:O248),"")
A149: Insumo | B149: 00010891 | C149: =VLOOKUP(B149,INSUMOS!$A:$I,2,FALSE) -> SINAPI | D149: =VLOOKUP(B149,INSUMOS!$A:$I,3,FALSE) -> EXTINTOR DE INCENDIO PORTATIL COM CARGA DE PO QUIMICO SECO (PQS) DE 4 KG, CLASSE BC | E149: =VLOOKUP(B149,INSUMOS!$A:$I,4,FALSE) -> Material | G149: =VLOOKUP(B149,INSUMOS!$A:$I,5,FALSE) -> UN | H149: 0.0193 | I149: =VLOOKUP(B149,INSUMOS!$A:$I,8,FALSE) -> 188.26 | J149: =TRUNC(H149*I149,2) -> 3.63 | L149: =IF(AND(A150<>"",A149=""),L148+1,L148) -> 10 | M149: =IF(OR(A149="Insumo",A149="Composição Auxiliar"),J149,"") -> 3.63 | N149: =IF(E149="Mão de Obra",J149,"") | O149: =IF(N149<>"","",M149) -> 3.63 | P149: =IF(A149="Composição",B149,"") | Q149: =IF(P149<>"",SUMIF(L149:L249,L149,N149:N249),"") | R149: =IF(P149<>"",SUMIF(L149:L249,L149,O149:O249),"")
A150: Insumo | B150: 00010886 | C150: =VLOOKUP(B150,INSUMOS!$A:$I,2,FALSE) -> SINAPI | D150: =VLOOKUP(B150,INSUMOS!$A:$I,3,FALSE) -> EXTINTOR DE INCENDIO PORTATIL COM CARGA DE AGUA PRESSURIZADA DE 10 L, CLASSE A | E150: =VLOOKUP(B150,INSUMOS!$A:$I,4,FALSE) -> Material | G150: =VLOOKUP(B150,INSUMOS!$A:$I,5,FALSE) -> UN | H150: 0.0193 | I150: =VLOOKUP(B150,INSUMOS!$A:$I,8,FALSE) -> 194.68 | J150: =TRUNC(H150*I150,2) -> 3.75 | L150: =IF(AND(A151<>"",A150=""),L149+1,L149) -> 10 | M150: =IF(OR(A150="Insumo",A150="Composição Auxiliar"),J150,"") -> 3.75 | N150: =IF(E150="Mão de Obra",J150,"") | O150: =IF(N150<>"","",M150) -> 3.75 | P150: =IF(A150="Composição",B150,"") | Q150: =IF(P150<>"",SUMIF(L150:L250,L150,N150:N250),"") | R150: =IF(P150<>"",SUMIF(L150:L250,L150,O150:O250),"")
A151: Insumo | B151: 00011587 | C151: =VLOOKUP(B151,INSUMOS!$A:$I,2,FALSE) -> SINAPI | D151: =VLOOKUP(B151,INSUMOS!$A:$I,3,FALSE) -> FORRO DE PVC LISO, BRANCO, REGUA DE 10 CM, ESPESSURA APROXIMADA DE 8 MM (COM COLOCACAO / SEM ESTRUTURA METALICA) | E151: =VLOOKUP(B151,INSUMOS!$A:$I,4,FALSE) -> Material | G151: =VLOOKUP(B151,INSUMOS!$A:$I,5,FALSE) -> m² | H151: 0.9938 | I151: =VLOOKUP(B151,INSUMOS!$A:$I,8,FALSE) -> 87.12 | J151: =TRUNC(H151*I151,2) -> 86.57 | L151: =IF(AND(A152<>"",A151=""),L150+1,L150) -> 10 | M151: =IF(OR(A151="Insumo",A151="Composição Auxiliar"),J151,"") -> 86.57 | N151: =IF(E151="Mão de Obra",J151,"") | O151: =IF(N151<>"","",M151) -> 86.57 | P151: =IF(A151="Composição",B151,"") | Q151: =IF(P151<>"",SUMIF(L151:L251,L151,N151:N251),"") | R151: =IF(P151<>"",SUMIF(L151:L251,L151,O151:O251),"")
A152: Insumo | B152: 00003097 | C152: =VLOOKUP(B152,INSUMOS!$A:$I,2,FALSE) -> SINAPI | D152: =VLOOKUP(B152,INSUMOS!$A:$I,3,FALSE) -> FECHADURA ROSETA REDONDA PARA PORTA DE BANHEIRO, EM ACO INOX (MAQUINA, TESTA E CONTRA-TESTA) E EM ZAMAC (MACANETA, LINGUETA E TRINCOS) COM ACABAMENTO CROMADO, MAQUINA DE 40 MM, INCLUINDO CHAVE TIPO TRANQUETA | E152: =VLOOKUP(B152,INSUMOS!$A:$I,4,FALSE) -> Material | G152: =VLOOKUP(B152,INSUMOS!$A:$I,5,FALSE) -> CJ | H152: 0.0385 | I152: =VLOOKUP(B152,INSUMOS!$A:$I,8,FALSE) -> 89.22 | J152: =TRUNC(H152*I152,2) -> 3.43 | L152: =IF(AND(A153<>"",A152=""),L151+1,L151) -> 10 | M152: =IF(OR(A152="Insumo",A152="Composição Auxiliar"),J152,"") -> 3.43 | N152: =IF(E152="Mão de Obra",J152,"") | O152: =IF(N152<>"","",M152) -> 3.43 | P152: =IF(A152="Composição",B152,"") | Q152: =IF(P152<>"",SUMIF(L152:L252,L152,N152:N252),"") | R152: =IF(P152<>"",SUMIF(L152:L252,L152,O152:O252),"")
A153: Insumo | B153: 00003080 | C153: =VLOOKUP(B153,INSUMOS!$A:$I,2,FALSE) -> SINAPI | D153: =VLOOKUP(B153,INSUMOS!$A:$I,3,FALSE) -> FECHADURA ESPELHO PARA PORTA EXTERNA, EM ACO INOX (MAQUINA, TESTA E CONTRA-TESTA) E EM ZAMAC (MACANETA, LINGUETA E TRINCOS) COM ACABAMENTO CROMADO, MAQUINA DE 40 MM, INCLUINDO CHAVE TIPO CILINDRO | E153: =VLOOKUP(B153,INSUMOS!$A:$I,4,FALSE) -> Material | G153: =VLOOKUP(B153,INSUMOS!$A:$I,5,FALSE) -> CJ | H153: 0.0578 | I153: =VLOOKUP(B153,INSUMOS!$A:$I,8,FALSE) -> 79.69 | J153: =TRUNC(H153*I153,2) -> 4.6 | L153: =IF(AND(A154<>"",A153=""),L152+1,L152) -> 10 | M153: =IF(OR(A153="Insumo",A153="Composição Auxiliar"),J153,"") -> 4.6 | N153: =IF(E153="Mão de Obra",J153,"") | O153: =IF(N153<>"","",M153) -> 4.6 | P153: =IF(A153="Composição",B153,"") | Q153: =IF(P153<>"",SUMIF(L153:L253,L153,N153:N253),"") | R153: =IF(P153<>"",SUMIF(L153:L253,L153,O153:O253),"")
L154: =IF(AND(A155<>"",A154=""),L153+1,L153) -> 10 | M154: =IF(OR(A154="Insumo",A154="Composição Auxiliar"),J154,"") | N154: =IF(E154="Mão de Obra",J154,"") | O154: =IF(N154<>"","",M154) | P154: =IF(A154="Composição",B154,"") | Q154: =IF(P154<>"",SUMIF(L154:L254,L154,N154:N254),"") | R154: =IF(P154<>"",SUMIF(L154:L254,L154,O154:O254),"")
L155: =IF(AND(A156<>"",A155=""),L154+1,L154) -> 10 | M155: =IF(OR(A155="Insumo",A155="Composição Auxiliar"),J155,"") | N155: =IF(E155="Mão de Obra",J155,"") | O155: =IF(N155<>"","",M155) | P155: =IF(A155="Composição",B155,"") | Q155: =IF(P155<>"",SUMIF(L155:L255,L155,N155:N255),"") | R155: =IF(P155<>"",SUMIF(L155:L255,L155,O155:O255),"")
L156: =IF(AND(A157<>"",A156=""),L155+1,L155) -> 11 | M156: =IF(OR(A156="Insumo",A156="Composição Auxiliar"),J156,"") | N156: =IF(E156="Mão de Obra",J156,"") | O156: =IF(N156<>"","",M156) | P156: =IF(A156="Composição",B156,"") | Q156: =IF(P156<>"",SUMIF(L156:L256,L156,N156:N256),"") | R156: =IF(P156<>"",SUMIF(L156:L256,L156,O156:O256),"")
A157: 2.1.1.1.2 | B157: Código | C157: Banco | D157: Descrição | E157: Tipo | G157: Und | H157: Quant. | I157: Valor Unit | J157: Total | L157: =IF(AND(A158<>"",A157=""),L156+1,L156) -> 11 | M157: =IF(OR(A157="Insumo",A157="Composição Auxiliar"),J157,"") | N157: =IF(E157="Mão de Obra",J157,"") | O157: =IF(N157<>"","",M157) | P157: =IF(A157="Composição",B157,"") | Q157: =IF(P157<>"",SUMIF(L157:L257,L157,N157:N257),"") | R157: =IF(P157<>"",SUMIF(L157:L257,L157,O157:O257),"")
A158: Composição | B158: 93212 | C158: SINAPI | D158: EXECUÇÃO DE SANITÁRIO E VESTIÁRIO EM CANTEIRO DE OBRA EM CHAPA DE MADEIRA COMPENSADA, NÃO INCLUSO MOBILIÁRIO. AF_02/2016 | E158: CANT - CANTEIRO DE OBRAS | G158: m² | H158: 1 | I158: =SUMIF(L:L,$L158,M:M) -> 1002.31 | J158: =TRUNC(H158*I158,2) -> 1002.31 | L158: =IF(AND(A159<>"",A158=""),L157+1,L157) -> 11 | M158: =IF(OR(A158="Insumo",A158="Composição Auxiliar"),J158,"") | N158: =IF(E158="Mão de Obra",J158,"") | O158: =IF(N158<>"","",M158) | P158: =IF(A158="Composição",B158,"") -> 93212 | Q158: =IF(P158<>"",SUMIF(L158:L258,L158,N158:N258),"") -> 0 | R158: =IF(P158<>"",SUMIF(L158:L258,L158,O158:O258),"") -> 1002.31
A159: Composição Auxiliar | B159: 91937 | C159: SINAPI | D159: CAIXA OCTOGONAL 3" X 3", PVC, INSTALADA EM LAJE - FORNECIMENTO E INSTALAÇÃO. AF_03/2023 | E159: Instalações Elétricas - Eletrodutos Embutidos, Cabos, Caixas, Tomadas e Interruptores | G159: UN | H159: 0.1392 | I159: =SUMIFS(J:J,A:A,"Composição",B:B,$B159) -> 18.79 | J159: =TRUNC(H159*I159,2) -> 2.61 | L159: =IF(AND(A160<>"",A159=""),L158+1,L158) -> 11 | M159: =IF(OR(A159="Insumo",A159="Composição Auxiliar"),J159,"") -> 2.61 | N159: =IF(E159="Mão de Obra",J159,"") | O159: =IF(N159<>"","",M159) -> 2.61 | P159: =IF(A159="Composição",B159,"") | Q159: =IF(P159<>"",SUMIF(L159:L259,L159,N159:N259),"") | R159: =IF(P159<>"",SUMIF(L159:L259,L159,O159:O259),"")
...

Sheet INSUMOS
A2: ='ANALÍTICA AUXILIARES'!A2:J2 -> INSTITUTO DE GESTÃO ESTRATÉGICA DE SAÚDE
A3: ='ANALÍTICA AUXILIARES'!A3:J3 -> IGES-DF
A5: ='ANALÍTICA AUXILIARES'!A5:J5 -> OBRA: REFORMA - GAMA CÂMARA MEDICINA NUCLEAR HBDF - NÃO DESONERADO - R00
A6: LISTAGEM DE INSUMOS (VALOR UNITÁRIO SEM BDI)
A7: =SINTÉTICA!E11 -> REFERÊNCIA: SINAPI - DF - 01/22 (NÃO DESONERADA)
A9: CÓDIGO | B9: BANCO | C9: DESCRIÇÃO | D9: TIPO | E9: UND | F9: QUANT. | G9: VALOR UNITÁRIO SEM BDI (ORIGINAL) | H9: VALOR UNITÁRIO SEM BDI (EMPRESA) | I9: PESO
A11: IG-CH-AQ-15TR-MI. | B11: Próprio | C11: 1 und Chiller Aquasmart 30EVA15386MAB, capacidade de 15 TR, unidade mestre, com inversor de frequência, kit de conexão e módulo de comunicação Modbus, ou equivalente e 2 und Chiller Aquasmart 30EXA15386MAB, capacidade de 15 TR, unidade escrava, operação fixa, com kit de conexão e módulo de comunicação Modbus, ou equivalente | D11: Equipamento para Aquisição Permanente | E11: UN | F11: 1 | G11: 191003.75 | H11: =TRUNC(G11*(1-(SINTÉTICA!$I$226)),2) -> 191003.75 | I11: =F11*H11/(SUM($K:$K)) -> 0.11201675 | K11: =F11*H11 -> 191003.75
A12: IG-FCL.30EVA | B12: Próprio | C12: Fancoil modelo 39D de capacidade 35TR posição de montagem horizontal descarga vertical (H5), Ventilador Limit Load Vazão de 23800 m³/h, Filtro G4+F8, Pintado ou equivalente | D12: Equipamento para Aquisição Permanente | E12: UN | F12: 2 | G12: 94109.88 | H12: =TRUNC(G12*(1-(SINTÉTICA!$I$226)),2) -> 94109.88 | I12: =F12*H12/(SUM($K:$K)) -> 0.11038404 | K12: =F12*H12 -> 188219.76
A13: IG-I-PFRV-ALNOG/MR | B13: Próprio | C13: PAINEL FIXO RIPADO VERTICAL ESTRUTURADO EM ALUMÍNIO AMADEIRADO NOGUEIRA OU EM PINTURA MARROM SIMILAR | D13: Material | E13: m² | F13: 184.8 | G13: 453.95 | H13: =TRUNC(G13*(1-(SINTÉTICA!$I$226)),2) -> 453.95 | I13: =F13*H13/(SUM($K:$K)) -> 0.049198411 | K13: =F13*H13 -> 83889.96
A14: 00037370 | B14: SINAPI | C14: ALIMENTACAO - HORISTA (COLETADO CAIXA - ENCARGOS COMPLEMENTARES) | D14: Encargos Complementares | E14: H | F14: 16628.201 | G14: 4.29 | H14: =TRUNC(G14*(1-(SINTÉTICA!$I$226)),2) -> 4.29 | I14: =F14*H14/(SUM($K:$K)) -> 0.041835374 | K14: =F14*H14 -> 71334.984
A15: 00040813 | B15: SINAPI | C15: ENGENHEIRO CIVIL DE OBRA PLENO (MENSALISTA) | D15: Mão de Obra | E15: MES | F15: 2.5 | G15: 27711.53 | H15: =TRUNC(G15*(1-(SINTÉTICA!$I$226)),2) -> 27711.53 | I15: =F15*H15/(SUM($K:$K)) -> 0.040629512 | K15: =F15*H15 -> 69278.825
A16: 00006111 | B16: SINAPI | C16: SERVENTE DE OBRAS (HORISTA) | D16: Mão de Obra | E16: H | F16: 4057.8861 | G16: 15.65 | H16: =TRUNC(G16*(1-(SINTÉTICA!$I$226)),2) -> 15.65 | I16: =F16*H16/(SUM($K:$K)) -> 0.037243911 | K16: =F16*H16 -> 63505.917
A17: 016113 | B17: SBC | C17: TELHA METALICA SANDUICHE TRAPEZOIDAL 2 FACES NUCEO EM PIR 50mm TR40 1,00m | D17: Material | E17: m² | F17: 250.239 | G17: 215.21 | H17: =TRUNC(G17*(1-(SINTÉTICA!$I$226)),2) -> 215.21 | I17: =F17*H17/(SUM($K:$K)) -> 0.031583375 | K17: =F17*H17 -> 53853.935
A18: 00040819 | B18: SINAPI | C18: MESTRE DE OBRAS (MENSALISTA) | D18: Mão de Obra | E18: MES | F18: 5 | G18: 8892.19 | H18: =TRUNC(G18*(1-(SINTÉTICA!$I$226)),2) -> 8892.19 | I18: =F18*H18/(SUM($K:$K)) -> 0.02607473 | K18: =F18*H18 -> 44460.95
A19: 00006160 | B19: SINAPI | C19: SOLDADOR (HORISTA) | D19: Mão de Obra | E19: H | F19: 1807.3031 | G19: 23.15 | H19: =TRUNC(G19*(1-(SINTÉTICA!$I$226)),2) -> 23.15 | I19: =F19*H19/(SUM($K:$K)) -> 0.024537092 | K19: =F19*H19 -> 41839.068
A20: 00044497 | B20: SINAPI | C20: MONTADOR DE ESTRUTURAS METALICAS HORISTA | D20: Mão de Obra | E20: H | F20: 2061.1188 | G20: 18.65 | H20: =TRUNC(G20*(1-(SINTÉTICA!$I$226)),2) -> 18.65 | I20: =F20*H20/(SUM($K:$K)) -> 0.022543583 | K20: =F20*H20 -> 38439.865
A21: 00004783 | B21: SINAPI | C21: PINTOR (HORISTA) | D21: Mão de Obra | E21: H | F21: 1405.8182 | G21: 23.15 | H21: =TRUNC(G21*(1-(SINTÉTICA!$I$226)),2) -> 23.15 | I21: =F21*H21/(SUM($K:$K)) -> 0.019086278 | K21: =F21*H21 -> 32544.692
A22: 00034492 | B22: SINAPI | C22: CONCRETO USINADO BOMBEAVEL, CLASSE DE RESISTENCIA C20, COM BRITA 0 E 1, SLUMP = 100 +/- 20 MM, EXCLUI SERVICO DE BOMBEAMENTO (NBR 8953) | D22: Material | E22: m³ | F22: 59.445804 | G22: 530 | H22: =TRUNC(G22*(1-(SINTÉTICA!$I$226)),2) -> 530 | I22: =F22*H22/(SUM($K:$K)) -> 0.018477285 | K22: =F22*H22 -> 31506.276
... A89: 00006117 | B89: SINAPI | C89: CARPINTEIRO AUXILIAR (HORISTA) | D89: Mão de Obra | E89: H | F89: 216.72633 | G89: 16.57 | H89: =TRUNC(G89*(1-(SINTÉTICA!$I$226)),2) -> 16.57 | I89: =F89*H89/(SUM($K:$K)) -> 0.002106082 | K89: =F89*H89 -> 3591.1552
A90: 00000135 | B90: SINAPI | C90: ARGAMASSA POLIMERICA IMPERMEABILIZANTE SEMIFLEXIVEL, BICOMPONENTE, A BASE DE CIMENTO E ADITIVOS | D90: Material | E90: KG | F90: 899.99 | G90: 3.85 | H90: =TRUNC(G90*(1-(SINTÉTICA!$I$226)),2) -> 3.85 | I90: =F90*H90/(SUM($K:$K)) -> 0.0020320739
A91: 00043492 | B91: SINAPI | C91: EPI - FAMILIA SOLDADOR - HORISTA (ENCARGOS COMPLEMENTARES - COLETADO CAIXA) | D91: Encargos Complementares | E91: H | F91: 1786.6848 | G91: 1.92 | H91: =TRUNC(G91*(1-(SINTÉTICA!$I$226)),2) -> 1.92 | I91: =F91*H91/(SUM($K:$K)) -> 0.0020118253 | K91: =F91*H91 -> 3430.4348
A92: IG-VEN-277-2400-051 | B92: Próprio | C92: Ventilador centrífugo Sicflux Titan SGSD 277 mm, 0,5 CV, trifásico 220/380 V, c/ coxins, vazão 2.400 m³/h, 5,11 mmca | D92: Equipamento para Aquisição Permanente | E92: UN | F92: 1 | G92: 3234 | H92: =TRUNC(G92*(1-(SINTÉTICA!$I$226)),2) -> 3234 | I92: =F92*H92/(SUM($K:$K)) -> 0.0018966234 | K92: =F92*H92 -> 3234
A93: 00042403 | B93: SINAPI | C93: ACO CA-25, 20,0 MM, BARRA DE TRANSFERENCIA | D93: Material | E93: KG | F93: 307.428 | G93: 10.22 | H93: =TRUNC(G93*(1-(SINTÉTICA!$I$226)),2) -> 10.22 | I93: =F93*H93/(SUM($K:$K)) -> 0.0018426184 | K93: =F93*H93 -> 3141.9142
A94: 00043467 | B94: SINAPI | C94: FERRAMENTAS - FAMILIA SERVENTE - HORISTA (ENCARGOS COMPLEMENTARES - COLETADO CAIXA) | D94: Encargos Complementares | E94: H | F94: 5393.0463 | G94: 0.58 | H94: =TRUNC(G94*(1-(SINTÉTICA!$I$226)),2) -> 0.58 | I94: =F94*H94/(SUM($K:$K)) -> 0.0018344388 | K94: =F94*H94 -> 3127.9668
A95: 00004491 | B95: SINAPI | C95: PONTALETE *7,5 X 7,5* CM EM PINUS, MISTA OU EQUIVALENTE DA REGIAO - BRUTA | D95: Material | E95: M | F95: 377.50744 | G95: 7.6 | H95: =TRUNC(G95*(1-(SINTÉTICA!$I$226)),2) -> 7.6 | I95: =F95*H95/(SUM($K:$K)) -> 0.0016825973 | K95: =F95*H95 -> 2869.0565
A96: 00011190 | B96: SINAPI | C96: JANELA BASCULANTE, ACO, COM BATENTE/REQUADRO, 60 X 60 CM (SEM VIDROS) | D96: Material | E96: UN | F96: 16.475762 | G96: 171.7 | H96: =TRUNC(G96*(1-(SINTÉTICA!$I$226)),2) -> 171.7 | I96: =F96*H96/(SUM($K:$K)) -> 0.0016590402 | K96: =F96*H96 -> 2828.8884
A97: 00042407 | B97: SINAPI | C97: TRELICA NERVURADA (ESPACADOR), ALTURA = 120,0 MM, DIAMETRO DOS BANZOS INFERIORES E SUPERIOR = 6,0 MM, DIAMETRO DA DIAGONAL = 4,2 MM | D97: Material | E97: M | F97: 524.13169 | G97: 5.35 | H97: =TRUNC(G97*(1-(SINTÉTICA!$I$226)),2) -> 5.35 | I97: =F97*H97/(SUM($K:$K)) -> 0.0016445054 | K97: =F97*H97 -> 2804.1046
A98: UPAINS252 | B98: Próprio | C98: CONTAINER PARA ENTULHO INCLUINDO TAXA DE DEPOSIÇÃO FINAL | D98: Material | E98: UN | F98: 8 | G98: 350 | H98: =TRUNC(G98*(1-(SINTÉTICA!$I$226)),2) -> 350 | I98: =F98*H98/(SUM($K:$K)) -> 0.0016420982 | K98: =F98*H98 -> 2800
A99: 00040863 | B99: SINAPI | C99: EXAMES - MENSALISTA (COLETADO CAIXA - ENCARGOS COMPLEMENTARES) | D99: Encargos Complementares | E99: MES | F99: 12.5 | G99: 222.54 | H99: =TRUNC(G99*(1-(SINTÉTICA!$I$226)),2) -> 222.54 | I99: =F99*H99/(SUM($K:$K)) -> 0.0016313952 | K99: =F99*H99 -> 2781.75
A100: 00043466 | B100: SINAPI | C100: FERRAMENTAS - FAMILIA PINTOR - HORISTA (ENCARGOS COMPLEMENTARES - COLETADO CAIXA) | D100: Encargos Complementares | E100: H | F100: 1385.3702 | G100: 1.99 | H100: =TRUNC(G100*(1-(SINTÉTICA!$I$226)),2) -> 1.99 | I100: =F100*H100/(SUM($K:$K)) -> 0.0016168137 | K100: =F100*H100 -> 2756.8866
A101: 00002696 | B101: SINAPI | C101: ENCANADOR OU BOMBEIRO HIDRAULICO (HORISTA) | D101: Mão de Obra | E101: H | F101: 115.75341 | G101: 23.15 | H101: =TRUNC(G101*(1-(SINTÉTICA!$I$226)),2) -> 23.15 | I101: =F101*H101/(SUM($K:$K)) -> 0.0015715416 | K101: =F101*H101 -> 2679.6915
A102: 00004425 | B102: SINAPI | C102: VIGA NAO APARELHADA *6 X 12* CM, EM MACARANDUBA/MASSARANDUBA, ANGELIM OU EQUIVALENTE DA REGIAO - BRUTA | D102: Material | E102: M | F102: 90.619957 | G102: 28.89 | H102: =TRUNC(G102*(1-(SINTÉTICA!$I$226)),2) -> 28.89 | I102: =F102*H102/(SUM($K:$K)) -> 0.001535368 | K102: =F102*H102 -> 2618.0106
... A127: 00000246 | B127: SINAPI | C127: AUXILIAR DE ENCANADOR OU BOMBEIRO HIDRAULICO (HORISTA) | D127: Mão de Obra | E127: H | F127: 109.71122 | G127: 16.57 | H127: =TRUNC(G127*(1-(SINTÉTICA!$I$226)),2) -> 16.57 | I127: =F127*H127/(SUM($K:$K)) -> 0.001066141 | K127: =F127*H127 -> 1817.915
A128: 00013348 | B128: SINAPI | C128: ARRUELA EM ACO GALVANIZADO, DIAMETRO EXTERNO = 35MM, ESPESSURA = 3MM, DIAMETRO DO FURO= 18MM | D128: Material | E128: UN | F128: 1111.0478 | G128: 1.63 | H128: =TRUNC(G128*(1-(SINTÉTICA!$I$226)),2) -> 1.63 | I128: =F128*H128/(SUM($K:$K)) -> 0.0010620903
A129: 000232 | B129: SBC | C129: ENERGIA ELETRICA ATE 2000 KWH | D129: Material | E129: KWH | F129: 1675.017 | G129: 0.96 | H129: =TRUNC(G129*(1-(SINTÉTICA!$I$226)),2) -> 0.96 | I129: =F129*H129/(SUM($K:$K)) -> 0.0009430431
A130: 3930 | B130: AGETOP CIVIL | C130: CABO FLEXÍVEL EPR/XLPE (90°C), 0,6/1 KV, 16 MM2 | D130: Material | E130: m | F130: 112.812 | G130: 14.02 | H130: =TRUNC(G130*(1-(SINTÉTICA!$I$226)),2) -> 14.02 | I130: =F130*H130/(SUM($K:$K)) -> 0.0009275651
A131: 00004433 | B131: SINAPI | C131: CAIBRO NAO APARELHADO *6 X 6* CM, EM MACARANDUBA/MASSARANDUBA, ANGELIM OU EQUIVALENTE DA REGIAO - BRUTA | D131: Material | E131: M | F131: 58.420837 | G131: 26.71 | H131: =TRUNC(G131*(1-(SINTÉTICA!$I$226)),2) -> 26.71 | I131: =F131*H131/(SUM($K:$K)) -> 0.00091512991
A132: 00006194 | B132: SINAPI | C132: TABUA *2,5 X 15 CM EM PINUS, MISTA OU EQUIVALENTE DA REGIAO - BRUTA | D132: Material | E132: M | F132: 286.75025 | G132: 5.42 | H132: =TRUNC(G132*(1-(SINTÉTICA!$I$226)),2) -> 5.42 | I132: =F132*H132/(SUM($K:$K)) -> 0.00091147377
A133: 00034794 | B133: SINAPI | C133: MECANICO DE REFRIGERACAO (HORISTA) | D133: Mão de Obra | E133: H | F133: 60.552221 | G133: 24.74 | H133: =TRUNC(G133*(1-(SINTÉTICA!$I$226)),2) -> 24.74 | I133: =F133*H133/(SUM($K:$K)) -> 0.00087855886
A134: 7229 | B134: ORSE | C134: Tubo de borracha elastomérica Armaflex M-60 ø2" | D134: Material | E134: m | F134: 39.3294 | G134: 37.99 | H134: =TRUNC(G134*(1-(SINTÉTICA!$I$226)),2) -> 37.99 | I134: =F134*H134/(SUM($K:$K)) -> 0.00087624934
A135: 00005318 | B135: SINAPI | C135: DILUENTE AGUARRAS | D135: Material | E135: L | F135: 80.246248 | G135: 18.41 | H135: =TRUNC(G135*(1-(SINTÉTICA!$I$226)),2) -> 18.41 | I135: =F135*H135/(SUM($K:$K)) -> 0.00086640233
A136: 036408 | B136: SBC | C136: ELETRODUTO GALVANIZADO (SEMI PESADO) NBR 5598 50mm 2" | D136: Material | E136: M | F136: 22.44 | G136: 64.33 | H136: =TRUNC(G136*(1-(SINTÉTICA!$I$226)),2) -> 64.33 | I136: =F136*H136/(SUM($K:$K)) -> 0.0008465985
A137: 00043483 | B137: SINAPI | C137: EPI - FAMILIA CARPINTEIRO DE FORMAS - HORISTA (ENCARGOS COMPLEMENTARES - COLETADO CAIXA) | D137: Encargos Complementares | E137: H | F137: 1150.007 | G137: 1.24 | H137: =TRUNC(G137*(1-(SINTÉTICA!$I$226)),2) -> 1.24 | I137: =F137*H137/(SUM($K:$K)) -> 0.00083630226
A138: 2968 | B138: AGETOP CIVIL | C138: MASSA DE REJUNTE EM PÓ PARA DRYWALL (C/ ADIÇÃO DE ÁGUA) | D138: Material | E138: Kg | F138: 275.52393 | G138: 4.95 | H138: =TRUNC(G138*(1-(SINTÉTICA!$I$226)),2) -> 4.95 | I138: =F138*H138/(SUM($K:$K)) -> 0.00079984459
A139: 00000511 | B139: SINAPI | C139: PRIMER PARA MANTA ASFALTICA A BASE DE ASFALTO MODIFICADO DILUIDO EM SOLVENTE, APLICACAO A FRIO | D139: Material | E139: L | F139: 70.464 | G139: 19.28 | H139: =TRUNC(G139*(1-(SINTÉTICA!$I$226)),2) -> 19.28 | I139: =F139*H139/(SUM($K:$K)) -> 0.00079673778
... A403: 00041496 | B403: SINAPI | C403: ELETRODUTO RIGIDO, EM ACO GALVANIZADO OU ZINCADO, TIPO PESADO, COM ROSCA, DN 40 MM (1 1/2"), ESPESSURA DE 2,00 MM | D403: Material | E403: M | F403: 14.91 | G403: 0 | H403: =TRUNC(G403*(1-(SINTÉTICA!$I$226)),2) -> 0 | I403: =F403*H403/(SUM($K:$K)) -> 0

Sheet BDI
A5: =INSTRUÇÕES!A6 -> OBRA: REFORMA - GAMA CÂMARA MEDICINA NUCLEAR HBDF - NÃO DESONERADO - R00
A6: TAXAS: LEIS SOCIAIS E BDI
A8: Item | B8: LEIS SOCIAIS (LS) - SINAPI
A9: 1 | B9: HORISTA (taxa já inclusa nos valores unitários de mão-de-obra) | C9: LS | D9: 1.1014
A10: 2 | B10: MENSALISTA (taxa já inclusa nos valores unitários de mão-de-obra) | D10: 0.6919
A12: Item | B12: BONIFICAÇÃO DE DESPESAS INDIRETAS - BDI
A13: 1 | B13: RISCOS | C13: R | D13: 0.0127
A14: 2 | B14: SEGUROS | C14: S | D14: 0.005
A15: 3 | B15: GARANTIAS | C15: G | D15: 0.003
A16: 4 | B16: DESPESAS FINANCEIRAS | C16: DF | D16: 0.0123
A17: 5 | B17: ADMINISTRAÇÃO CENTRAL | C17: AC | D17: 0.04
A18: 6 | B18: LUCRO | C18: L | D18: 0.074
A19: 7 | B19: COFINS | C19: I | D19: 0.03
A20: 8 | B20: PIS | D20: 0.0065
A21: 9 | B21: CPRB | D21: 0
A22: 10 | B22: ISS | D22: 0.01
A23: Fórmula: | B23: BDI = { [ (1+(R+S+G+AC)).(1+DF).(1+L) ] -1 } x 100 1 - ( I ) | C23: BDI | D23: =TRUNC((((((1+(D13+D14+D15+D17))*(1+D16)*(1+D18))/(1-(SUM(D19:D22))))-1)),4) -> 0.2094
A25: Item | B25: BONIFICAÇÃO DE DESPESAS INDIRETAS - BDI (EQUIPAMENTOS)
A26: 1 | B26: RISCOS | C26: R | D26: 0.0056
A27: 2 | B27: SEGUROS | C27: S | D27: 0
A28: 3 | B28: GARANTIAS | C28: G | D28: 0.003
A29: 4 | B29: DESPESAS FINANCEIRAS | C29: DF | D29: 0.0085
A30: 5 | B30: ADMINISTRAÇÃO CENTRAL | C30: AC | D30: 0.015
A31: 6 | B31: LUCRO | C31: L | D31: 0.035
A32: 7 | B32: COFINS | C32: I | D32: 0.03
A33: 8 | B33: PIS | D33: 0.0065
A34: 9 | B34: CPRB | D34: 0
A35: 10 | B35: ISS | D35: 0
A36: Fórmula: | B36: BDI = { [ (1+(R+S+G+AC)).(1+DF).(1+L) ] -1 } x 100 1 - ( I ) | C36: BDI | D36: =TRUNC((((((1+(D26+D27+D28+D30))*(1+D29)*(1+D31))/(1-(SUM(D32:D35))))-1)),4) -> 0.1089

Sheet CRONOGRAMA
B2: =INSTRUÇÕES!A2 -> INSTITUTO DE GESTÃO ESTRATÉGICA DE SAÚDE
B3: =INSTRUÇÕES!A3 -> IGES-DF
B5: =INSTRUÇÕES!A6 -> OBRA: REFORMA - GAMA CÂMARA MEDICINA NUCLEAR HBDF - NÃO DESONERADO - R00
B6: CRONOGRAMA FISICO-FINANCEIRO
A8: ITEM | B8: DESCRIÇÃO | C8: VALOR | D8: DIAS 1 A 30 | E8: DIAS 31 A 60 | F8: DIAS 61 A 90 | G8: DIAS 91 A 120 | H8: DIAS 121 A 150 | I8: DIAS 151 A 180 | J8: DIAS 181 A 210 | K8: DIAS 211 A 240 | M8: TOTAL
A9: 01.00.000 | B9: SERVIÇOS TÉCNICOS PROFISSIONAIS | C9: =SINTÉTICA!I15 -> 952.56 | D9: =$C$9*D10 -> 952.56 | E9: =$C$9*E10 -> 0 | F9: =$C$9*F10 -> 0 | G9: =$C$9*G10 -> 0 | H9: =$C$9*H10 -> 0 | M9: =SUM(D9:L9) -> 952.56
D10: 1 | M10: =SUM(D10:L10) -> 1
A11: 02.00.000 | B11: SERVIÇOS PRELIMINARES | C11: =SINTÉTICA!I36+SINTÉTICA!I54 -> 144512.63 | D11: =$C$11*D12 -> 28902.526 | E11: =$C$11*E12 -> 28902.526 | F11: =$C$11*F12 -> 28902.526 | G11: =$C$11*G12 -> 28902.526 | H11: =$C$11*H12 -> 28902.526 | M11: =SUM(D11:L11) -> 144512.63
D12: 0.2 | E12: 0.2 | F12: 0.2 | G12: 0.2 | H12: 0.2 | M12: =SUM(D12:L12) -> 1
A13: 03.00.000 | B13: FUNDAÇÕES E ESTRUTURA | C13: =SINTÉTICA!I67 -> 437671.21 | D13: =$C$13*D14 -> 218835.6 | E13: =$C$13*E14 -> 218835.6 | F13: =$C$13*F14 -> 0 | G13: =$C$13*G14 -> 0 | H13: =$C$13*H14 -> 0 | M13: =SUM(D13:L13) -> 437671.21
D14: 0.5 | E14: 0.5 | M14: =SUM(D14:L14) -> 1
A15: 04.00.000 | B15: ARQUITETURA E ELEMENTOS DE URBANISMO | C15: =SINTÉTICA!I72 -> 665277.27 | D15: =$C$15*D16 -> 0 | E15: =$C$15*E16 -> 332638.64 | F15: =$C$15*F16 -> 166319.32 | G15: =$C$15*G16 -> 166319.32 | H15: =$C$15*H16 -> 0 | M15: =SUM(D15:L15) -> 665277.27
D16: 0 | E16: 0.5 | F16: 0.25 | G16: 0.25 | H16: 0 | M16: =SUM(D16:L16) -> 1
A17: 05.00.000 | B17: INSTALAÇÕES HIDRÁULICAS E SANITÁRIAS | C17: =SINTÉTICA!I114 -> 12300.69 | D17: =$C$17*D18 -> 0 | E17: =$C$17*E18 -> 0 | F17: =$C$17*F18 -> 3075.1725 | G17: =$C$17*G18 -> 3075.1725 | H17: =$C$17*H18 -> 6150.345 | M17: =SUM(D17:L17) -> 12300.69
E18: 0 | F18: 0.25 | G18: 0.25 | H18: 0.5 | M18: =SUM(D18:L18) -> 1
A19: 06.00.000 | B19: INSTALAÇÕES ELÉTRICAS E ELETRÔNICAS | C19: =SINTÉTICA!I133 -> 76946.62 | D19: =$C$19*D20 -> 0 | E19: =$C$19*E20 -> 0 | F19: =$C$19*F20 -> 19236.655 | G19: =$C$19*G20 -> 19236.655 | H19: =$C$19*H20 -> 38473.31 | M19: =SUM(D19:L19) -> 76946.62
D20: 0 | E20: 0 | F20: 0.25 | G20: 0.25 | H20: 0.5 | M20: =SUM(D20:L20) -> 1
A21: 07.00.000 | B21: INSTALAÇÕES MECÂNICAS E DE UTILIDADES | C21: =SINTÉTICA!I180 -> 584626.18 | D21: =$C$21*D22 -> 0 | E21: =$C$21*E22 -> 0 | F21: =$C$21*F22 -> 146156.55 | G21: =$C$21*G22 -> 146156.55 | H21: =$C$21*H22 -> 292313.09 | M21: =SUM(D21:L21) -> 584626.18
F22: 0.25 | G22: 0.25 | H22: 0.5 | M22: =SUM(D22:L22) -> 1
A23: 08.00.000 | B23: INSTALAÇÕES DE PREVENÇÃO E COMBATE À INCÊNDIO
A25: 09.00.000 | B25: SERVIÇOS COMPLEMENTARES | C25: =SINTÉTICA!I19 -> 9614.35 | D25: =$C$25*D26 -> 0 | E25: =$C$25*E26 -> 0 | F25: =$C$25*F26 -> 2403.5875 | G25: =$C$25*G26 -> 2403.5875 | H25: =$C$25*H26 -> 4807.175 | M25: =SUM(D25:L25) -> 9614.35
F26: 0.25 | G26: 0.25 | H26: 0.5 | M26: =SUM(D26:L26) -> 1
A27: 10.00.000 | B27: SERVIÇOS AUXILIARES E ADMINISTRATIVOS | C27: =SINTÉTICA!I27 -> 188373.55 | D27: =$C$27*D28 -> 24249.036 | E27: =$C$27*E28 -> 56590.686 | F27: =$C$27*F28 -> 35696.638 | G27: =$C$27*G28 -> 35696.638 | H27: =$C$27*H28 -> 36140.552 | M27: =SUM(D27:L27) -> 188373.55
D28: =(D9+D11+D13+D15+D17+D19+D21+D23+D25)/($C$9+$C$11+$C$13+$C$15+$C$17+$C$19+$C$21+$C$23+$C$25) -> 0.12872845 | E28: =(E9+E11+E13+E15+E17+E19+E21+E23+E25)/($C$9+$C$11+$C$13+$C$15+$C$17+$C$19+$C$21+$C$23+$C$25) -> 0.30041737 | F28: =(F9+F11+F13+F15+F17+F19+F21+F23+F25)/($C$9+$C$11+$C$13+$C$15+$C$17+$C$19+$C$21+$C$23+$C$25) -> 0.18949921 | G28: =(G9+G11+G13+G15+G17+G19+G21+G23+G25)/($C$9+$C$11+$C$13+$C$15+$C$17+$C$19+$C$21+$C$23+$C$25) -> 0.18949921 | H28: =(H9+H11+H13+H15+H17+H19+H21+H23+H25)/($C$9+$C$11+$C$13+$C$15+$C$17+$C$19+$C$21+$C$23+$C$25) -> 0.19185577 | M28: =SUM(D28:L28) -> 1
B30: PARCIAL | D30: =SUM(D9,D11,D13,D15,D17,D19,D21,D23,D25,D27) -> 272939.73 | E30: =SUM(E9,E11,E13,E15,E17,E19,E21,E23,E25,E27) -> 636967.45 | F30: =SUM(F9,F11,F13,F15,F17,F19,F21,F23,F25,F27) -> 401790.44 | G30: =SUM(G9,G11,G13,G15,G17,G19,G21,G23,G25,G27) -> 401790.44 | H30: =SUM(H9,H11,H13,H15,H17,H19,H21,H23,H25,H27) -> 406787 | I30: =SUM(I9,I11,I13,I15,I17,I19,I21,I23,I25,I27) -> 0 | J30: =SUM(J9,J11,J13,J15,J17,J19,J21,J23,J25,J27) -> 0 | K30: =SUM(K9,K11,K13,K15,K17,K19,K21,K23,K25,K27) -> 0 | ... M30: =SUM(M9,M11,M13,M15,M17,M19,M21,M23,M25,M27) -> 2120275.1
D31: =D30/$C32 -> 0.12872845 | E31: =E30/$C32 -> 0.30041737 | F31: =F30/$C32 -> 0.18949921 | G31: =G30/$C32 -> 0.18949921 | H31: =H30/$C32 -> 0.19185577 | I31: =I30/$C32 -> 0 | J31: =J30/$C32 -> 0 | K31: =K30/$C32 -> 0 | L31: =L30/$C32 -> 0 | M31: =M30/C32 -> 1
B32: ACUMULADO | C32: =SUM(C9:C28) -> 2120275.1 | D32: =D30 -> 272939.73 | E32: =D32+E30 -> 909907.18 | F32: =E32+F30 -> 1311697.6 | G32: =F32+G30 -> 1713488.1 | H32: =G32+H30 -> 2120275.1 | I32: =H32+I30 -> 2120275.1 | J32: =I32+J30 -> 2120275.1 | K32: =J32+K30 -> 2120275.1 | L32: =K32+L30 -> 2120275.1 | M32: =M30 -> 2120275.1
D33: =(D32/$C$32) -> 0.12872845 | E33: =(E32)/$C32 -> 0.42914582 | F33: =(F32)/$C32 -> 0.61864503 | G33: =(G32)/$C32 -> 0.80814423 | H33: =(H32)/$C32 -> 1 | I33: =(I32)/$C32 -> 1 | J33: =(J32)/$C32 -> 1 | K33: =(K32)/$C32 -> 1 | L33: =(L32)/$C32 -> 1 | M33: =L33 -> 1
